Workbook
Name C_01: ComboValue!$AB$2
Name C_01b: ComboValue!$AC$2
Name C_02: ComboValue!$AD$2
Name C_03: ComboValue!$AE$2
Name C_04: ComboValue!$AF$2
Name C_05: ComboValue!$AG$2
Name C_06: ComboValue!$AH$2:$AH$4
Name C_07: ComboValue!$AI$2:$AI$4
Name C_08: ComboValue!$AJ$2
Name C_09: ComboValue!$AK$2
Name C_10: ComboValue!$AL$2
Name C_11: ComboValue!$AM$2
Name C_12: ComboValue!$AN$2
Name C_13: ComboValue!$AO$2
Name C_14: ComboValue!$AP$2
Name C_15: ComboValue!$AQ$2
Name C_16: ComboValue!$AR$2
Name C_17: ComboValue!$AS$2
Name CMR: #REF!
Name Critère: #REF!
Name D_01: ComboValue!$AB$8
Name D_01b: ComboValue!$AC$8
Name D_02: ComboValue!$AD$8
Name D_03: ComboValue!$AE$8
Name D_04: ComboValue!$AF$8
Name D_05: ComboValue!$AG$8
Name D_06: ComboValue!$AH$8:$AH$10
Name D_07: ComboValue!$AI$8:$AI$10
Name D_08: ComboValue!$AJ$8
Name D_09: ComboValue!$AK$8
Name D_10: ComboValue!$AL$8
Name D_11: ComboValue!$AM$8
Name D_12: ComboValue!$AN$8
Name D_13: ComboValue!$AO$8
Name D_14: ComboValue!$AP$8
Name Gaz_Fr: ComboValue!$D$2:$D$5
Name Gaz_Nl: ComboValue!$E$2:$E$5
Name Inventaire: #REF!
Name Prods: #REF!
Name Produit: #REF!
Name Tous_Fr: ComboValue!$D$2:$D$18
Name Tous_Nl: ComboValue!$E$2:$E$18

Sheet 0. Mode d'emploi
A1: v2026.2.0 - juin2026
A2: 0. MODE D'EMPLOI
A4: 1. Lieux et Conditionnements
A5: Connaître où (lieux) et comment (conditionnements) vos produits dangereux sont stockés nous permet de mieux préparer les visites potentielles de votre exploitation par l'administration, tout en établissant de manière préliminaire si une étude de sol devra être rélalisée ou non. Pour plus de facilité pour le demandeur, ces informations ne doivent pas être associées directement aux produits dangereux. --> Cet onglet doit être rempli par vos soins.
A7: 2. Inventaire
A8: Cet onglet est le plus important ! Il reprend, ligne par ligne, l'ensemble des produits dangereux présents dans votre exploitation. Les déchets dangereux ne doivent pas y être recensés. Un guide pour compléter l'inventaire est également disponible via un lien hypertexte situé en haut de la page 2. Inventaire. Voici quelques principes à suivre lorsque vous remplissez cet onglet: 1. Un seul produit doit être renseigné par ligne 2. Les colonnes "A. Nom (ou "famille") de produits dangereux", "B. Pictogramme de danger", "C. Type de produit dangereux", "D. Point d'éclair (en °C)" et "E. Quantité maximale stockée" doivent toujours être remplies, pour chaque produit dangereux. 3. Vous devez remplir autant de colonnes "B. Pictogramme de danger" que de pictogrammes associés au produit dangereux concerné (ex: si votre produit présente 3 pictogrammes sur la bouteille, il convient de remplir 3 colonnes différentes avec les pictogrammes associés). Remarque : La mention "Pas de pictogramme de danger" ne concerne que des produits dont l'étiquette/la fiche de données de sécurité ne présente pas de pictogrammes de danger mais présente bien des codes de mention de danger. Elle ne doit pas être sélectionnée pour un produit non classé comme dangereux. En effet, l’inventaire ne doit recenser que les produits dangereux. 4. La colonne R. "Devez-vous remplir les codes de mentions danger associés à ce produit ?" vous indique si les colonnes suivantes ("F. Code de mention de danger du produit (H suivi de chiffres)") doivent être remplies pour ce produit. 5. Les codes H peuvent être trouvés dans la fiche de données de sécurité du produit (rubrique 2). Il convient (comme pour les pictogrammes) de remplir autant de colonnes que de codes H associés au produit. 6. Merci de ne pas laisser de lignes vides entre les différents produits renseignés. --> Cet onglet doit être rempli par vos soins.
A10: 3. Produits Particulièrement Préoccupants
A11: La présence de certains Codes H qui indique la présence de propriétés particulèrement dangereuses pour les personnes ou pour l'environnement. (ex: H350 - peut provoquer le cancer). Ces produits-là nécessitent une attention particulière et plus d'informations doivent nous être envoyées afin d'assurer une sécurité suffisante dans votre exploitation et sur le long terme. /!\ Seuls les produits effectivements utilisés sont concernés par cet onglet (à l'inverse des produits qui ne sont que stockés). Les fiches de données de sécurité associées à ces produits doivent nous être envoyées en même temps que cet inventaire. --> Cet onglet doit être rempli par vos soins.
A13: 4. Erreurs
A14: Pointe vers les erreurs les plus classiques dans le remplissage de l'inventaire. Permet d'éviter des aller-retours entre vous et l'administration. Référez-vous aux numéros de produits indiqués dans cet onglet et vérifiez les informations que vous avez encodées. --> Vous devez consulter cet onglet mais ne devez pas y encoder d'informations.
A16: 5. Résultats
A17: Le but premier de cet inventaire est de détecter la présence de certains types de dépôt de produits dangereux qui, selon les quantités stockées, peuvent être assimilés à des installations classées. Dans ce cas, il sera nécessaire d'ajouter à votre demande de permis les rubriques indiquées dans cet onglet. La classe (1B-2-3) de permis demandé peut elle aussi évoluer en fonction de la classe des installations détectées. En parallèle, cet onglet résume les produits particulèrement préoccupants présents dans votre exploitation (et vous rappelle votre obligation de nous fournir la fiche de données de sécurité associée) ainsi que les quantités totales de produits, classées par pictogramme de danger, information qui sera utile à l'élaboration des conditions d'exploitation de votre permis, ainsi qu'aux services de pompiers en cas d'intervention dans votre exploitation. --> Vous devez consulter cet onglet mais ne devez pas y encoder d'informations.

Sheet Conditionnement
A1: Inventaire produits dangereux : FEUILLE A REMPLIR - Conditionnement(s)
A4: Conditionnement (choix 1)
A5: Conditionnement (choix 2)
A6: Conditionnement (choix 3)
A7: Conditionnement (choix 4)
A8: Conditionnement (choix 5)
A9: Conditionnement (choix 6)
A10: Conditionnement (choix 7)
A11: Conditionnement (choix 8)
A12: Id_C | B12: =IF(ISBLANK(B4),"",VLOOKUP(B4,ComboValue!$U$2:$W$9,3,FALSE) & ",") & IF(ISBLANK(B5),"",VLOOKUP(B5,ComboValue!$U$2:$W$9,3,FALSE) & ",") & IF(ISBLANK(B6),"",VLOOKUP(B6,ComboValue!$U$2:$W$9,3,FALSE) & ",") & IF(ISBLANK(B7),"",VLOOKUP(B7,ComboValue!$U$2:$W$9,3,FALSE) & ",") & IF(ISBLANK(B8),"",VLOOKUP(B8,ComboValue!$U$2:$W$9,3,FALSE) & ",") & IF(ISBLANK(B9),"",VLOOKUP(B9,ComboValue!$U$2:$W$9,3,FALSE) & ",") & IF(ISBLANK(B10),"",VLOOKUP(B10,ComboValue!$U$2:$W$9,3,FALSE) & ",") & IF(ISBLANK(B11),"",VLOOKUP(B11,ComboValue!$U$2:$W$9,3,FALSE) & ",")
A15: Note :

Sheet 1. Lieux et conditionnements
B2: 1a. Lieu(x) de stockage
A3: Lieu (choix 1)
A4: Lieu (choix 2)
A5: Lieu (choix 3)
A6: Lieu (choix 4)
A7: Lieu (choix 5)
A8: Lieu (choix 6)
A9: Lieu (choix 7)
A10: Lieu (choix 8)
A11: Lieu (choix 9)
A12: Id_L | B12: =IF(ISBLANK(B3),"",VLOOKUP(B3,ComboValue!$X$2:$Z$10,3,FALSE) & ",") & IF(ISBLANK(B4),"",VLOOKUP(B4,ComboValue!$X$2:$Z$10,3,FALSE) & ",") & IF(ISBLANK(B5),"",VLOOKUP(B5,ComboValue!$X$2:$Z$10,3,FALSE) & ",") & IF(ISBLANK(B6),"",VLOOKUP(B6,ComboValue!$X$2:$Z$10,3,FALSE) & ",") & IF(ISBLANK(B7),"",VLOOKUP(B7,ComboValue!$X$2:$Z$10,3,FALSE) & ",") & IF(ISBLANK(B9),"",VLOOKUP(B9,ComboValue!$X$2:$Z$10,3,FALSE) & ",") & IF(ISBLANK(#REF!),"",VLOOKUP(#REF!,ComboValue!$X$2:$Z$10,3,FALSE) & ",") & IF(ISBLANK(B10),"",VLOOKUP(B10,ComboValue!$X$2:$Z$10,3,FALSE) & ",") & IF(ISBLANK(B11),"",VLOOKUP(B11,ComboValue!$X$2:$Z$10,3,FALSE) & ",") -> #REF!
A14: Note : Bruxelles Environnement a besoin de connaître les différents lieux où seront stockés vos produits dangereux, et ce afin de pouvoir visiter ces lieux lors d'une potentielle visite. De plus, selon les quantités entreposées dans certains lieux, certaines conditions d'exploitation supplémentaires devront être rédigées.
B18: 1b. Conditionnement(s)
A19: Conditionnement (choix 1)
A20: Conditionnement (choix 2)
A21: Conditionnement (choix 3)
A22: Conditionnement (choix 4)
A23: Conditionnement (choix 5)
A24: Conditionnement (choix 6)
A25: Conditionnement (choix 7)
A26: Conditionnement (choix 8)
A27: Id_C | B27: =IF(ISBLANK(B19),"",VLOOKUP(B19,ComboValue!$U$2:$W$9,3,FALSE) & ",") & IF(ISBLANK(B20),"",VLOOKUP(B20,ComboValue!$U$2:$W$9,3,FALSE) & ",") & IF(ISBLANK(B21),"",VLOOKUP(B21,ComboValue!$U$2:$W$9,3,FALSE) & ",") & IF(ISBLANK(B22),"",VLOOKUP(B22,ComboValue!$U$2:$W$9,3,FALSE) & ",") & IF(ISBLANK(B23),"",VLOOKUP(B23,ComboValue!$U$2:$W$9,3,FALSE) & ",") & IF(ISBLANK(B24),"",VLOOKUP(B24,ComboValue!$U$2:$W$9,3,FALSE) & ",") & IF(ISBLANK(B25),"",VLOOKUP(B25,ComboValue!$U$2:$W$9,3,FALSE) & ",") & IF(ISBLANK(B26),"",VLOOKUP(B26,ComboValue!$U$2:$W$9,3,FALSE) & ",")
A29: Note : Le stockage de produits dangereux peut entraîner l'obligation de réaliser une étude de sol afin de s'assurer que vos produits dangereux n'en impactent pas la qualité. En choisissant un conditionnement approprié, vous pourrez potentiellement être exempté de cette obligation.

Sheet 2. Inventaire
C1: 2. INVENTAIRE | G1: Si plus de 4 pictogrammes des danger sont associés à un produit, utilisez le [+] ci-dessus pour afficher plus de colonnes | V1: Si plus de 6 code de mention de danger sont associés à un produit, utiliser le [+] ci-dessus pour afficher plus de colonnes
B2: Pour vous aider à remplir cet inventaire, un guide est disponible via le lien suivant. Il comporte notamment des spécificités importantes pour les magasins de vente de produits de bricolage, d’entretien ou de nettoyage - les supermarchés et les hypermarchés.
B3: (Numéro du produit) | C3: A. Nom ou "famille" de produits dangereux | D3: B. Pictogramme de danger (choix 1) | E3: B. Pictogramme de danger (choix 2) | F3: B. Pictogramme de danger (choix 3) | G3: B. Pictogramme de danger (choix 4) | H3: B. Pictogramme de danger (choix 5) | I3: B. Pictogramme de danger (choix 6) | J3: B. Pictogramme de danger (choix 7) | K3: B. Pictogramme de danger (choix 8) | L3: B. Pictogramme de danger (choix 9) | M3: C. Type de produit dangereux | N3: D. Point d'éclair (en °C) | O3: E. Quantité maximale stockée | P3: (Unité) | Q3: Commentaires | R3: Devez-vous remplir les codes de mentions danger associés à ce produit ? | S3: F. Code de mention de danger du produit (H suivi de chiffres) (choix 1) | T3: F. Code de mention de danger du produit (H suivi de chiffres) (choix 2) | U3: F. Code de mention de danger du produit (H suivi de chiffres) (choix 3) | V3: F. Code de mention de danger du produit (H suivi de chiffres) (choix 4) | W3: F. Code de mention de danger du produit (H suivi de chiffres) (choix 5) | X3: F. Code de mention de danger du produit (H suivi de chiffres) (choix 6) | Y3: F. Code de mention de danger du produit (H suivi de chiffres) (choix 7) | Z3: F. Code de mention de danger du produit (H suivi de chiffres) (choix 8) | AA3: F. Code de mention de danger du produit (H suivi de chiffres) (choix 9) | AB3: F. Code de mention de danger du produit (H suivi de chiffres) (choix 10) | AC3: F. Code de mention de danger du produit (H suivi de chiffres) (choix 11) | AD3: F. Code de mention de danger du produit (H suivi de chiffres) (choix 12) | AE3: F. Code de mention de danger du produit (H suivi de chiffres) (choix 13) | AF3: F. Code de mention de danger du produit (H suivi de chiffres) (choix 14) | AG3: F. Code de mention de danger du produit (H suivi de chiffres) (choix 15) | AH3: F. Code de mention de danger du produit (H suivi de chiffres) (choix 16) | AI3: F. Code de mention de danger du produit (H suivi de chiffres) (choix 17) | AJ3: F. Code de mention de danger du produit (H suivi de chiffres) (choix 18) | AK3: F. Code de mention de danger du produit (H suivi de chiffres) (choix 19) | AL3: F. Code de mention de danger du produit (H suivi de chiffres) (choix 20) | AM3: F. Code de mention de danger du produit (H suivi de chiffres) (choix 21) | AN3: F. Code de mention de danger du produit (H suivi de chiffres) (choix 22) | AO3: F. Code de mention de danger du produit (H suivi de chiffres) (choix 23) | AP3: F. Code de mention de danger du produit (H suivi de chiffres) (choix 24) | AQ3: F. Code de mention de danger du produit (H suivi de chiffres) (choix 25) | AR3: F. Code de mention de danger du produit (H suivi de chiffres) (choix 26) | AS3: F. Code de mention de danger du produit (H suivi de chiffres) (choix 27) | AT3: F. Code de mention de danger du produit (H suivi de chiffres) (choix 28) | AU3: F. Code de mention de danger du produit (H suivi de chiffres) (choix 29) | AV3: F. Code de mention de danger du produit (H suivi de chiffres) (choix 30) | AX3: Id_Picto | AY3: Liste déroulante TPD | AZ3: Id_TPD | BA3: Id_PE | BB3: Id_H | BC3: Id_Err | BE3: SGH01 (bombe explosant) | BF3: SGH02 (flamme) | BG3: SGH03 ( flamme au-dessus d'un cercle) | BH3: SGH04 (bouteille à gaz) | BI3: SGH05 (corrosion) | BJ3: SGH06 (tête de mort sur 2 tibias) | BK3: SGH07 (point d'exclamation) | BL3: SGH08 (danger pour la santé) | BM3: SGH09 (environnement) | BN3: pas de pictogramme | BO3: Résid. SGH02 (= SGH02) | BP3: Résid SGH05 (SGH05 - rédid SGH06) | BQ3: Résid SGH06 (SGH06 - résid SGH02) | BR3: Résid SGH07 (SGH07 - résid SGH08) | BS3: Résid SGH08 (SGH08 - résid SGH05) | BT3: Résid SGH09 (SGH09 - résid SGH07) | BU3: Gaz : dépôts fixes (rub. 72 1°) | BV3: Gaz : gaz d'extinction (rub. 72 2°) | BW3: Gaz : dépôts mobiles (rub. 74 1°) | BX3: Gaz : aérosols (rub. 74 2°) | BY3: "Liquides inflammables : autres (dépôt enfoui) (<21°C)" + "Liquides inflammables : essence (dépôt enfoui) (<21°C)" (rub. 88 1°(enfoui)) | BZ3: "Liquides inflammables : autres (dépôt non enfoui) (<21°C)" + "Liquides inflammables : essence (dépôt non enfoui) (<21°C)" (rub. 88 1°(non enfoui)) | CA3: Liquides inflammables : autres (dépôt enfoui) (>21°C <55°C) (rub. 88 2°(enfoui)) | CB3: Liquides inflammables : autres (dépôt non enfoui) (>21°C <55°C) (rub. 88 2°(non enfoui)) | CC3: "Liquides inflammables : autres (dépôt enfoui) (>55°C <100°C)" + "Produits spécifiques : diesel, mazout, fioul, gazole (dépôt enfoui et/ou approvisionnement véhicules) (>55°C <100°C)" (rub. 88 3°(enfoui/véhicules)) | CD3: "Liquides inflammables : autres (dépôt non enfoui) (>55°C <100°C)" + "Produits spécifiques : diesel, mazout, fioul, gazole (dépôt non enfoui) (>55°C <100°C)" (rub. 88 3° (non enfoui)) | CE3: Produits spécifiques : fuel lourd, huiles minérales ou synthétiques et liquides analogue (dépôt enfoui et/ou approvisionnement véhicules) (rub. 88 4°(enfoui/véhicules)) | CF3: Produits spécifiques : fuel lourd, huiles minérales ou synthétiques et liquides analogue (dépôt non enfoui) (rub.88 4°(non enfoui)) | CG3: Produits spécifiques : produits phytopharmaceutiques (à usage professionnel) (rub. 112 pro) | CH3: Produits spécifiques : produits phytopharmaceutiques (à usage non professionnel destiné à la vente) (rub. 112 non-pro) | CI3: Produits spécifiques : produits phytopharmaceutiques (à usage non professionnel destiné au stockage) (rub. 112 non-pro) | CJ3: Substances annexes 14 REACH | CK3: Substances ou mélanges dangereux non repris sous une autre rubrique (H302, H304, ….) (uniquement infl/noc/irr) (rub. 121 1°) | CL3: Substances ou mélanges dangereux non repris sous une autre rubrique (H200, H201, ….) (autre que infl/noc/irr) (rub. 121 2°) | CM3: Danger pour la santé (CMR, mortels, sensibilisants) | CN3: Danger pour l'environnement | CO3: Perturbateurs endocriniens | CP3: Produits chimiques persistants | CQ3: Substances Annexe XIV de REACH | CR3: Produits Préoccupants | CS3: SGH01 (bombe explosant) | CT3: SGH02 (flamme) | CU3: SGH03 ( flamme au-dessus d'un cercle) | CV3: SGH04 (bouteille à gaz) | CW3: SGH05 (corrosion) | CX3: SGH06 (tête de mort sur 2 tibias) | CY3: SGH07 (point d'exclamation) | CZ3: SGH08 (danger pour la santé) | DA3: SGH09 (environnement) | DB3: pas de pictogramme | DC3: Erreur 01 | DD3: Erreur 02 | DE3: Erreur 03 | DF3: Erreur 04
B4: choix automatique | C4: champ libre à encoder | D4: liste déroulante | E4: liste déroulante | F4: liste déroulante | G4: liste déroulante | H4: liste déroulante | I4: liste déroulante | J4: liste déroulante | K4: liste déroulante | L4: liste déroulante | M4: liste déroulante (14 options) | N4: liste déroulante | O4: champ libre à encoder | P4: choix automatique | Q4: Colonne libre | R4: Automatique | S4: liste déroulante | T4: liste déroulante | U4: liste déroulante | V4: liste déroulante | W4: liste déroulante | X4: liste déroulante | Y4: liste déroulante | Z4: liste déroulante | AA4: liste déroulante | AB4: liste déroulante | AC4: liste déroulante | AD4: liste déroulante | AE4: liste déroulante | AF4: liste déroulante | AG4: liste déroulante | AH4: liste déroulante | AI4: liste déroulante | AJ4: liste déroulant | AK4: liste déroulante | AL4: liste déroulant | AM4: liste déroulante | AN4: liste déroulante | AO4: liste déroulante | AP4: liste déroulante | AQ4: liste déroulante | AR4: liste déroulante | AS4: liste déroulante | AT4: liste déroulante | AU4: liste déroulante | AV4: liste déroulante | AX4: choix automatique | AY4: choix automatique | AZ4: choix automatique | BA4: choix automatique | BB4: choix automatique | BC4: choix automatique
B5: Ex. | C5: Exemple: Butane | D5: SGH02 (flamme) | E5: SGH04 (bouteille à gaz) | M5: Gaz : dépôts fixes | N5: Pas d'application | O5: 3000 | P5: litres | R5: OUI --> remplir les codes H NON --> ne pas remplir les codes H | S5: H220 : Gaz extrêmement inflammable | T5: H280 : Contient un gaz sous pression ; peut exploser sous l’effet de la chaleur
B6: 1 | P6: =IF(ISBLANK(M6),"",VLOOKUP(M6,ComboValue!$D$2:$H$18,5,FALSE)) | R6: {=IF(OR(ISNUMBER(SEARCH("SGH05",$D6:$L6)),ISNUMBER(SEARCH("SGH06",$D6:$L6)),ISNUMBER(SEARCH("SGH07",$D6:$L6)),ISNUMBER(SEARCH("SGH08",$D6:$L6)),ISNUMBER(SEARCH("pas de pictogramme",$D6:$L6)),ISNUMBER(SEARCH("SGH09",$D6:$L6)),ISNUMBER(SEARCH("SGH03",$D6:$L6))),"OUI","NON")} -> NON | AX6: {=_xlfn.TEXTJOIN(",", TRUE, IF(D6:L6="","",VLOOKUP(D6:L6, ComboValue!$A$2:$C$11, 3, FALSE)))} | AY6: =IF(ISNUMBER(SEARCH("04",AX6)),"Gaz_Fr","Tous_Fr") -> Tous_Fr | AZ6: =IF(ISBLANK(M6),"",VLOOKUP(M6,ComboValue!$D$2:$F$18,3,FALSE)) | BA6: =IF(ISBLANK(N6),"",VLOOKUP(N6,ComboValue!$J$2:$L$5,3,FALSE)) | BB6: {=_xlfn.TEXTJOIN(",", TRUE, IF(S6:AV6="","",VLOOKUP(S6:AV6, ComboValue!$M$2:$O$100, 3, FALSE)))} | BC6: =IF(AND(ISNUMBER(SEARCH("04",AX6)),NOT(OR("C_01"=AZ6,"C_01b"=AZ6,"C_02"=AZ6,"C_03"=AZ6))),"01,","") & IF(OR(AND("C_01"=AZ6,NOT("04"=BA6)),AND("C_02"=AZ6,NOT("04"=BA6)),AND("C_03"=AZ6,NOT("04"=BA6)),AND("C_04"=AZ6,NOT("01"=BA6)),AND("C_05"=AZ6,NOT("01"=BA6)),AND("C_06"=AZ6,OR("04"=BA6,BA6="")),AND("C_07"=AZ6,OR("04"=BA6,BA6="")),AND("C_08"=AZ6,NOT("03"=BA6)),AND("C_09"=AZ6,NOT("03"=BA6)),AND("C_10"=AZ6,NOT("04"=BA6)),AND("C_11"=AZ6,NOT("04"=BA6)),AND("C_12"=AZ6,NOT("04"=BA6)),AND("C_13"=AZ6,NOT("04"=BA6)),AND("C_14"=AZ6,NOT("04"=BA6))),"02,","") & IF(AND(OR(ISNUMBER(SEARCH("11",BB6)),ISNUMBER(SEARCH("12",BB6))),NOT("01"=BA6)),"03,","") & IF(AND(ISNUMBER(SEARCH("13",BB6)),NOT("02"=BA6)),"04,","") | BE6: =IF(ISNUMBER(SEARCH("01",AX6)),O6,"") | BF6: =IF(ISNUMBER(SEARCH("02",AX6)),O6,"") | BG6: =IF(ISNUMBER(SEARCH("03",AX6)),O6,"") | BH6: =IF(ISNUMBER(SEARCH("04",AX6)),O6,"") | BI6: =IF(ISNUMBER(SEARCH("05",AX6)),O6,"") | BJ6: =IF(ISNUMBER(SEARCH("06",AX6)),O6,"") | BK6: =IF(ISNUMBER(SEARCH("07",AX6)),O6,"") | BL6: =IF(ISNUMBER(SEARCH("08",AX6)),O6,"") | BM6: =IF(ISNUMBER(SEARCH("09",AX6)),O6,"") | BN6: =IF(ISNUMBER(SEARCH("10",AX6)),O6,"") | BO6: =IF(BF6="",0,BF6) -> 0 | BP6: =IF(BI6="",0,BI6-BQ6-BO6) -> 0 | BQ6: =IF(BJ6="",0,BJ6-BO6) -> 0 | BR6: =IF(BK6="",0,BK6-BS6-BP6-BQ6-BO6) -> 0 | BS6: =IF(BK6="",0,BK6-BP6-BQ6-BO6) -> 0 | BT6: =IF(BL6="",0,BL6-BR6-BS6-BP6-BQ6-BO6) -> 0 | BU6: =IF(AZ6="C_01",O6,"") | BV6: =IF(AZ6="C_01b",O6,"") | BW6: =IF(AZ6="C_02",O6,"") | BX6: =IF(AZ6="C_03",O6,"") | BY6: =IF(AND(OR(AZ6="C_04",AZ6="C_06"),BA6="01"),O6,"") | BZ6: =IF(AND(OR(AZ6="C_05",AZ6="C_07"),BA6="01"),O6,"") | CA6: =IF(AND(AZ6="C_06",BA6="02"),O6,"") | CB6: =IF(AND(AZ6="C_07",BA6="02"),O6,"") | CC6: =IF(AND(OR(AZ6="C_06",AZ6="C_08"),BA6="03"),O6,"") | CD6: =IF(AND(OR(AZ6="C_07",AZ6="C_09"),BA6="03"),O6,"") | CE6: =IF(AZ6="C_10",O6,"") | CF6: =IF(AZ6="C_11",O6,"") | CG6: =IF(AZ6="C_12",O6,"") | CH6: =IF(AZ6="C_13",O6,"") | CI6: =IF(AZ6="C_14",O6,"") | CJ6: =IF(AZ6="C_15",O6,"") | CK6: {=IF(AND(AZ6="C_16", SUMPRODUCT(--ISNUMBER(SEARCH({"14","34","38","40","41","42","43","46","48","56","64","65"},BB6)))>0), O6-IF(ISNUMBER(CL6),CL6,0), "")} | CL6: {=IF(AND(AZ6="C_16", SUMPRODUCT(--ISNUMBER(SEARCH({"01";"02";"03";"04";"05";"06";"07";"08";"09";"10";"11";"12";"13";"15";"16";"17";"19";"20";"21";"22";"23";"24";"25";"26";"27";"28";"29";"30";"31";"32";"33";"35";"36";"37";"39";"44";"45";"47";"49";"50";"51";"52";"53";"54";"55";"57";"58";"59";"60";"61";"62";"63";"66";"67";"68";"69";"70";"71";"72";"73";"74";"75"}, BB6)))>0), O6, "")} | CM6: {=IF(SUMPRODUCT(--ISNUMBER(SEARCH({"32";"35";"36";"44";"45";"47";"50";"51";"52";"53";"54";"55";"57";"58";"59";"60"}, BB6)))>0, B6, "")} | CN6: {=IF(SUMPRODUCT(--ISNUMBER(SEARCH({"61";"62"}, BB6)))>0, B6, "")} | CO6: {=IF(SUMPRODUCT(--ISNUMBER(SEARCH({"68";"69";"70";"71"}, BB6)))>0, B6, "")} | CP6: {=IF(SUMPRODUCT(--ISNUMBER(SEARCH({"72";"73";"74";"75"}, BB6)))>0, B6, "")} | CQ6: =IF(ISNUMBER(SEARCH("REACH",M6)),B6,"") | CR6: =IF(OR(AZ6="C_15", CM6<>"",CN6<>"",CO6<>"",CP6<>""), "YES", "NO") -> NO | CS6: =IF(ISNUMBER(SEARCH("01",AX6)),B6,"") | CT6: =IF(ISNUMBER(SEARCH("02",AX6)),B6,"") | CU6: =IF(ISNUMBER(SEARCH("03",AX6)),B6,"") | CV6: =IF(ISNUMBER(SEARCH("04",AX6)),B6,"") | CW6: =IF(ISNUMBER(SEARCH("05",AX6)),B6,"") | CX6: =IF(ISNUMBER(SEARCH("06",AX6)),B6,"") | CY6: =IF(ISNUMBER(SEARCH("07",AX6)),B6,"") | CZ6: =IF(ISNUMBER(SEARCH("08",AX6)),B6,"") | DA6: =IF(ISNUMBER(SEARCH("09",AX6)),B6,"") | DB6: =IF(ISNUMBER(SEARCH("10",AX6)),B6,"") | DC6: =IF(ISNUMBER(SEARCH("01",BC6)),B6,"") | DD6: =IF(ISNUMBER(SEARCH("02",BC6)),B6,"") | DE6: =IF(ISNUMBER(SEARCH("03",BC6)),B6,"") | DF6: =IF(ISNUMBER(SEARCH("04",BC6)),B6,"")
B7: 2 | P7: =IF(ISBLANK(M7),"",VLOOKUP(M7,ComboValue!$D$2:$H$18,5,FALSE)) | R7: {=IF(OR(ISNUMBER(SEARCH("SGH05",$D7:$L7)),ISNUMBER(SEARCH("SGH06",$D7:$L7)),ISNUMBER(SEARCH("SGH07",$D7:$L7)),ISNUMBER(SEARCH("SGH08",$D7:$L7)),ISNUMBER(SEARCH("pas de pictogramme",$D7:$L7)),ISNUMBER(SEARCH("SGH09",$D7:$L7)),ISNUMBER(SEARCH("SGH03",$D7:$L7))),"OUI","NON")} -> NON | AX7: {=_xlfn.TEXTJOIN(",", TRUE, IF(D7:L7="","",VLOOKUP(D7:L7, ComboValue!$A$2:$C$11, 3, FALSE)))} | AY7: =IF(ISNUMBER(SEARCH("04",AX7)),"Gaz_Fr","Tous_Fr") -> Tous_Fr | AZ7: =IF(ISBLANK(M7),"",VLOOKUP(M7,ComboValue!$D$2:$F$18,3,FALSE)) | BA7: =IF(ISBLANK(N7),"",VLOOKUP(N7,ComboValue!$J$2:$L$5,3,FALSE)) | BB7: {=_xlfn.TEXTJOIN(",", TRUE, IF(S7:AV7="","",VLOOKUP(S7:AV7, ComboValue!$M$2:$O$100, 3, FALSE)))} | BC7: =IF(AND(ISNUMBER(SEARCH("04",AX7)),NOT(OR("C_01"=AZ7,"C_01b"=AZ7,"C_02"=AZ7,"C_03"=AZ7))),"01,","") & IF(OR(AND("C_01"=AZ7,NOT("04"=BA7)),AND("C_02"=AZ7,NOT("04"=BA7)),AND("C_03"=AZ7,NOT("04"=BA7)),AND("C_04"=AZ7,NOT("01"=BA7)),AND("C_05"=AZ7,NOT("01"=BA7)),AND("C_06"=AZ7,OR("04"=BA7,BA7="")),AND("C_07"=AZ7,OR("04"=BA7,BA7="")),AND("C_08"=AZ7,NOT("03"=BA7)),AND("C_09"=AZ7,NOT("03"=BA7)),AND("C_10"=AZ7,NOT("04"=BA7)),AND("C_11"=AZ7,NOT("04"=BA7)),AND("C_12"=AZ7,NOT("04"=BA7)),AND("C_13"=AZ7,NOT("04"=BA7)),AND("C_14"=AZ7,NOT("04"=BA7))),"02,","") & IF(AND(OR(ISNUMBER(SEARCH("11",BB7)),ISNUMBER(SEARCH("12",BB7))),NOT("01"=BA7)),"03,","") & IF(AND(ISNUMBER(SEARCH("13",BB7)),NOT("02"=BA7)),"04,","") | BE7: =IF(ISNUMBER(SEARCH("01",AX7)),O7,"") | BF7: =IF(ISNUMBER(SEARCH("02",AX7)),O7,"") | BG7: =IF(ISNUMBER(SEARCH("03",AX7)),O7,"") | BH7: =IF(ISNUMBER(SEARCH("04",AX7)),O7,"") | BI7: =IF(ISNUMBER(SEARCH("05",AX7)),O7,"") | BJ7: =IF(ISNUMBER(SEARCH("06",AX7)),O7,"") | BK7: =IF(ISNUMBER(SEARCH("07",AX7)),O7,"") | BL7: =IF(ISNUMBER(SEARCH("08",AX7)),O7,"") | BM7: =IF(ISNUMBER(SEARCH("09",AX7)),O7,"") | BN7: =IF(ISNUMBER(SEARCH("10",AX7)),O7,"") | BO7: =IF(BF7="",0,BF7) -> 0 | BP7: =IF(BI7="",0,BI7-BQ7-BO7) -> 0 | BQ7: =IF(BJ7="",0,BJ7-BO7) -> 0 | BR7: =IF(BK7="",0,BK7-BS7-BP7-BQ7-BO7) -> 0 | BS7: =IF(BK7="",0,BK7-BP7-BQ7-BO7) -> 0 | BT7: =IF(BL7="",0,BL7-BR7-BS7-BP7-BQ7-BO7) -> 0 | BU7: =IF(AZ7="C_01",O7,"") | BV7: =IF(AZ7="C_01b",O7,"") | BW7: =IF(AZ7="C_02",O7,"") | BX7: =IF(AZ7="C_03",O7,"") | BY7: =IF(AND(OR(AZ7="C_04",AZ7="C_06"),BA7="01"),O7,"") | BZ7: =IF(AND(OR(AZ7="C_05",AZ7="C_07"),BA7="01"),O7,"") | CA7: =IF(AND(AZ7="C_06",BA7="02"),O7,"") | CB7: =IF(AND(AZ7="C_07",BA7="02"),O7,"") | CC7: =IF(AND(OR(AZ7="C_06",AZ7="C_08"),BA7="03"),O7,"") | CD7: =IF(AND(OR(AZ7="C_07",AZ7="C_09"),BA7="03"),O7,"") | CE7: =IF(AZ7="C_10",O7,"") | CF7: =IF(AZ7="C_11",O7,"") | CG7: =IF(AZ7="C_12",O7,"") | CH7: =IF(AZ7="C_13",O7,"") | CI7: =IF(AZ7="C_14",O7,"") | CJ7: =IF(AZ7="C_15",O7,"") | CK7: {=IF(AND(AZ7="C_16", SUMPRODUCT(--ISNUMBER(SEARCH({"14","34","38","40","41","42","43","46","48","56","64","65"},BB7)))>0), O7-IF(ISNUMBER(CL7),CL7,0), "")} | CL7: {=IF(AND(AZ7="C_16", SUMPRODUCT(--ISNUMBER(SEARCH({"01";"02";"03";"04";"05";"06";"07";"08";"09";"10";"11";"12";"13";"15";"16";"17";"19";"20";"21";"22";"23";"24";"25";"26";"27";"28";"29";"30";"31";"32";"33";"35";"36";"37";"39";"44";"45";"47";"49";"50";"51";"52";"53";"54";"55";"57";"58";"59";"60";"61";"62";"63";"66";"67";"68";"69";"70";"71";"72";"73";"74";"75"}, BB7)))>0), O7, "")} | CM7: {=IF(SUMPRODUCT(--ISNUMBER(SEARCH({"32";"35";"36";"44";"45";"47";"50";"51";"52";"53";"54";"55";"57";"58";"59";"60"}, BB7)))>0, B7, "")} | CN7: {=IF(SUMPRODUCT(--ISNUMBER(SEARCH({"61";"62"}, BB7)))>0, B7, "")} | CO7: {=IF(SUMPRODUCT(--ISNUMBER(SEARCH({"68";"69";"70";"71"}, BB7)))>0, B7, "")} | CP7: {=IF(SUMPRODUCT(--ISNUMBER(SEARCH({"72";"73";"74";"75"}, BB7)))>0, B7, "")} | CQ7: =IF(ISNUMBER(SEARCH("REACH",M7)),B7,"") | CR7: =IF(OR(AZ7="C_15", CM7<>"",CN7<>"",CO7<>"",CP7<>""), "YES", "NO") -> NO | CS7: =IF(ISNUMBER(SEARCH("01",AX7)),B7,"") | CT7: =IF(ISNUMBER(SEARCH("02",AX7)),B7,"") | CU7: =IF(ISNUMBER(SEARCH("03",AX7)),B7,"") | CV7: =IF(ISNUMBER(SEARCH("04",AX7)),B7,"") | CW7: =IF(ISNUMBER(SEARCH("05",AX7)),B7,"") | CX7: =IF(ISNUMBER(SEARCH("06",AX7)),B7,"") | CY7: =IF(ISNUMBER(SEARCH("07",AX7)),B7,"") | CZ7: =IF(ISNUMBER(SEARCH("08",AX7)),B7,"") | DA7: =IF(ISNUMBER(SEARCH("09",AX7)),B7,"") | DB7: =IF(ISNUMBER(SEARCH("10",AX7)),B7,"") | DC7: =IF(ISNUMBER(SEARCH("01",BC7)),B7,"") | DD7: =IF(ISNUMBER(SEARCH("02",BC7)),B7,"") | DE7: =IF(ISNUMBER(SEARCH("03",BC7)),B7,"") | DF7: =IF(ISNUMBER(SEARCH("04",BC7)),B7,"")
B8: 3 | P8: =IF(ISBLANK(M8),"",VLOOKUP(M8,ComboValue!$D$2:$H$18,5,FALSE)) | R8: {=IF(OR(ISNUMBER(SEARCH("SGH05",$D8:$L8)),ISNUMBER(SEARCH("SGH06",$D8:$L8)),ISNUMBER(SEARCH("SGH07",$D8:$L8)),ISNUMBER(SEARCH("SGH08",$D8:$L8)),ISNUMBER(SEARCH("pas de pictogramme",$D8:$L8)),ISNUMBER(SEARCH("SGH09",$D8:$L8)),ISNUMBER(SEARCH("SGH03",$D8:$L8))),"OUI","NON")} -> NON | AX8: {=_xlfn.TEXTJOIN(",", TRUE, IF(D8:L8="","",VLOOKUP(D8:L8, ComboValue!$A$2:$C$11, 3, FALSE)))} | AY8: =IF(ISNUMBER(SEARCH("04",AX8)),"Gaz_Fr","Tous_Fr") -> Tous_Fr | AZ8: =IF(ISBLANK(M8),"",VLOOKUP(M8,ComboValue!$D$2:$F$18,3,FALSE)) | BA8: =IF(ISBLANK(N8),"",VLOOKUP(N8,ComboValue!$J$2:$L$5,3,FALSE)) | BB8: {=_xlfn.TEXTJOIN(",", TRUE, IF(S8:AV8="","",VLOOKUP(S8:AV8, ComboValue!$M$2:$O$100, 3, FALSE)))} | BC8: =IF(AND(ISNUMBER(SEARCH("04",AX8)),NOT(OR("C_01"=AZ8,"C_01b"=AZ8,"C_02"=AZ8,"C_03"=AZ8))),"01,","") & IF(OR(AND("C_01"=AZ8,NOT("04"=BA8)),AND("C_02"=AZ8,NOT("04"=BA8)),AND("C_03"=AZ8,NOT("04"=BA8)),AND("C_04"=AZ8,NOT("01"=BA8)),AND("C_05"=AZ8,NOT("01"=BA8)),AND("C_06"=AZ8,OR("04"=BA8,BA8="")),AND("C_07"=AZ8,OR("04"=BA8,BA8="")),AND("C_08"=AZ8,NOT("03"=BA8)),AND("C_09"=AZ8,NOT("03"=BA8)),AND("C_10"=AZ8,NOT("04"=BA8)),AND("C_11"=AZ8,NOT("04"=BA8)),AND("C_12"=AZ8,NOT("04"=BA8)),AND("C_13"=AZ8,NOT("04"=BA8)),AND("C_14"=AZ8,NOT("04"=BA8))),"02,","") & IF(AND(OR(ISNUMBER(SEARCH("11",BB8)),ISNUMBER(SEARCH("12",BB8))),NOT("01"=BA8)),"03,","") & IF(AND(ISNUMBER(SEARCH("13",BB8)),NOT("02"=BA8)),"04,","") | BE8: =IF(ISNUMBER(SEARCH("01",AX8)),O8,"") | BF8: =IF(ISNUMBER(SEARCH("02",AX8)),O8,"") | BG8: =IF(ISNUMBER(SEARCH("03",AX8)),O8,"") | BH8: =IF(ISNUMBER(SEARCH("04",AX8)),O8,"") | BI8: =IF(ISNUMBER(SEARCH("05",AX8)),O8,"") | BJ8: =IF(ISNUMBER(SEARCH("06",AX8)),O8,"") | BK8: =IF(ISNUMBER(SEARCH("07",AX8)),O8,"") | BL8: =IF(ISNUMBER(SEARCH("08",AX8)),O8,"") | BM8: =IF(ISNUMBER(SEARCH("09",AX8)),O8,"") | BN8: =IF(ISNUMBER(SEARCH("10",AX8)),O8,"") | BO8: =IF(BF8="",0,BF8) -> 0 | BP8: =IF(BI8="",0,BI8-BQ8-BO8) -> 0 | BQ8: =IF(BJ8="",0,BJ8-BO8) -> 0 | BR8: =IF(BK8="",0,BK8-BS8-BP8-BQ8-BO8) -> 0 | BS8: =IF(BK8="",0,BK8-BP8-BQ8-BO8) -> 0 | BT8: =IF(BL8="",0,BL8-BR8-BS8-BP8-BQ8-BO8) -> 0 | BU8: =IF(AZ8="C_01",O8,"") | BV8: =IF(AZ8="C_01b",O8,"") | BW8: =IF(AZ8="C_02",O8,"") | BX8: =IF(AZ8="C_03",O8,"") | BY8: =IF(AND(OR(AZ8="C_04",AZ8="C_06"),BA8="01"),O8,"") | BZ8: =IF(AND(OR(AZ8="C_05",AZ8="C_07"),BA8="01"),O8,"") | CA8: =IF(AND(AZ8="C_06",BA8="02"),O8,"") | CB8: =IF(AND(AZ8="C_07",BA8="02"),O8,"") | CC8: =IF(AND(OR(AZ8="C_06",AZ8="C_08"),BA8="03"),O8,"") | CD8: =IF(AND(OR(AZ8="C_07",AZ8="C_09"),BA8="03"),O8,"") | CE8: =IF(AZ8="C_10",O8,"") | CF8: =IF(AZ8="C_11",O8,"") | CG8: =IF(AZ8="C_12",O8,"") | CH8: =IF(AZ8="C_13",O8,"") | CI8: =IF(AZ8="C_14",O8,"") | CJ8: =IF(AZ8="C_15",O8,"") | CK8: {=IF(AND(AZ8="C_16", SUMPRODUCT(--ISNUMBER(SEARCH({"14","34","38","40","41","42","43","46","48","56","64","65"},BB8)))>0), O8-IF(ISNUMBER(CL8),CL8,0), "")} | CL8: {=IF(AND(AZ8="C_16", SUMPRODUCT(--ISNUMBER(SEARCH({"01";"02";"03";"04";"05";"06";"07";"08";"09";"10";"11";"12";"13";"15";"16";"17";"19";"20";"21";"22";"23";"24";"25";"26";"27";"28";"29";"30";"31";"32";"33";"35";"36";"37";"39";"44";"45";"47";"49";"50";"51";"52";"53";"54";"55";"57";"58";"59";"60";"61";"62";"63";"66";"67";"68";"69";"70";"71";"72";"73";"74";"75"}, BB8)))>0), O8, "")} | CM8: {=IF(SUMPRODUCT(--ISNUMBER(SEARCH({"32";"35";"36";"44";"45";"47";"50";"51";"52";"53";"54";"55";"57";"58";"59";"60"}, BB8)))>0, B8, "")} | CN8: {=IF(SUMPRODUCT(--ISNUMBER(SEARCH({"61";"62"}, BB8)))>0, B8, "")} | CO8: {=IF(SUMPRODUCT(--ISNUMBER(SEARCH({"68";"69";"70";"71"}, BB8)))>0, B8, "")} | CP8: {=IF(SUMPRODUCT(--ISNUMBER(SEARCH({"72";"73";"74";"75"}, BB8)))>0, B8, "")} | CQ8: =IF(ISNUMBER(SEARCH("REACH",M8)),B8,"") | CR8: =IF(OR(AZ8="C_15", CM8<>"",CN8<>"",CO8<>"",CP8<>""), "YES", "NO") -> NO | CS8: =IF(ISNUMBER(SEARCH("01",AX8)),B8,"") | CT8: =IF(ISNUMBER(SEARCH("02",AX8)),B8,"") | CU8: =IF(ISNUMBER(SEARCH("03",AX8)),B8,"") | CV8: =IF(ISNUMBER(SEARCH("04",AX8)),B8,"") | CW8: =IF(ISNUMBER(SEARCH("05",AX8)),B8,"") | CX8: =IF(ISNUMBER(SEARCH("06",AX8)),B8,"") | CY8: =IF(ISNUMBER(SEARCH("07",AX8)),B8,"") | CZ8: =IF(ISNUMBER(SEARCH("08",AX8)),B8,"") | DA8: =IF(ISNUMBER(SEARCH("09",AX8)),B8,"") | DB8: =IF(ISNUMBER(SEARCH("10",AX8)),B8,"") | DC8: =IF(ISNUMBER(SEARCH("01",BC8)),B8,"") | DD8: =IF(ISNUMBER(SEARCH("02",BC8)),B8,"") | DE8: =IF(ISNUMBER(SEARCH("03",BC8)),B8,"") | DF8: =IF(ISNUMBER(SEARCH("04",BC8)),B8,"")
B9: 4 | P9: =IF(ISBLANK(M9),"",VLOOKUP(M9,ComboValue!$D$2:$H$18,5,FALSE)) | R9: {=IF(OR(ISNUMBER(SEARCH("SGH05",$D9:$L9)),ISNUMBER(SEARCH("SGH06",$D9:$L9)),ISNUMBER(SEARCH("SGH07",$D9:$L9)),ISNUMBER(SEARCH("SGH08",$D9:$L9)),ISNUMBER(SEARCH("pas de pictogramme",$D9:$L9)),ISNUMBER(SEARCH("SGH09",$D9:$L9)),ISNUMBER(SEARCH("SGH03",$D9:$L9))),"OUI","NON")} -> NON | AX9: {=_xlfn.TEXTJOIN(",", TRUE, IF(D9:L9="","",VLOOKUP(D9:L9, ComboValue!$A$2:$C$11, 3, FALSE)))} | AY9: =IF(ISNUMBER(SEARCH("04",AX9)),"Gaz_Fr","Tous_Fr") -> Tous_Fr | AZ9: =IF(ISBLANK(M9),"",VLOOKUP(M9,ComboValue!$D$2:$F$18,3,FALSE)) | BA9: =IF(ISBLANK(N9),"",VLOOKUP(N9,ComboValue!$J$2:$L$5,3,FALSE)) | BB9: {=_xlfn.TEXTJOIN(",", TRUE, IF(S9:AV9="","",VLOOKUP(S9:AV9, ComboValue!$M$2:$O$100, 3, FALSE)))} | BC9: =IF(AND(ISNUMBER(SEARCH("04",AX9)),NOT(OR("C_01"=AZ9,"C_01b"=AZ9,"C_02"=AZ9,"C_03"=AZ9))),"01,","") & IF(OR(AND("C_01"=AZ9,NOT("04"=BA9)),AND("C_02"=AZ9,NOT("04"=BA9)),AND("C_03"=AZ9,NOT("04"=BA9)),AND("C_04"=AZ9,NOT("01"=BA9)),AND("C_05"=AZ9,NOT("01"=BA9)),AND("C_06"=AZ9,OR("04"=BA9,BA9="")),AND("C_07"=AZ9,OR("04"=BA9,BA9="")),AND("C_08"=AZ9,NOT("03"=BA9)),AND("C_09"=AZ9,NOT("03"=BA9)),AND("C_10"=AZ9,NOT("04"=BA9)),AND("C_11"=AZ9,NOT("04"=BA9)),AND("C_12"=AZ9,NOT("04"=BA9)),AND("C_13"=AZ9,NOT("04"=BA9)),AND("C_14"=AZ9,NOT("04"=BA9))),"02,","") & IF(AND(OR(ISNUMBER(SEARCH("11",BB9)),ISNUMBER(SEARCH("12",BB9))),NOT("01"=BA9)),"03,","") & IF(AND(ISNUMBER(SEARCH("13",BB9)),NOT("02"=BA9)),"04,","") | BE9: =IF(ISNUMBER(SEARCH("01",AX9)),O9,"") | BF9: =IF(ISNUMBER(SEARCH("02",AX9)),O9,"") | BG9: =IF(ISNUMBER(SEARCH("03",AX9)),O9,"") | BH9: =IF(ISNUMBER(SEARCH("04",AX9)),O9,"") | BI9: =IF(ISNUMBER(SEARCH("05",AX9)),O9,"") | BJ9: =IF(ISNUMBER(SEARCH("06",AX9)),O9,"") | BK9: =IF(ISNUMBER(SEARCH("07",AX9)),O9,"") | BL9: =IF(ISNUMBER(SEARCH("08",AX9)),O9,"") | BM9: =IF(ISNUMBER(SEARCH("09",AX9)),O9,"") | BN9: =IF(ISNUMBER(SEARCH("10",AX9)),O9,"") | BO9: =IF(BF9="",0,BF9) -> 0 | BP9: =IF(BI9="",0,BI9-BQ9-BO9) -> 0 | BQ9: =IF(BJ9="",0,BJ9-BO9) -> 0 | BR9: =IF(BK9="",0,BK9-BS9-BP9-BQ9-BO9) -> 0 | BS9: =IF(BK9="",0,BK9-BP9-BQ9-BO9) -> 0 | BT9: =IF(BL9="",0,BL9-BR9-BS9-BP9-BQ9-BO9) -> 0 | BU9: =IF(AZ9="C_01",O9,"") | BV9: =IF(AZ9="C_01b",O9,"") | BW9: =IF(AZ9="C_02",O9,"") | BX9: =IF(AZ9="C_03",O9,"") | BY9: =IF(AND(OR(AZ9="C_04",AZ9="C_06"),BA9="01"),O9,"") | BZ9: =IF(AND(OR(AZ9="C_05",AZ9="C_07"),BA9="01"),O9,"") | CA9: =IF(AND(AZ9="C_06",BA9="02"),O9,"") | CB9: =IF(AND(AZ9="C_07",BA9="02"),O9,"") | CC9: =IF(AND(OR(AZ9="C_06",AZ9="C_08"),BA9="03"),O9,"") | CD9: =IF(AND(OR(AZ9="C_07",AZ9="C_09"),BA9="03"),O9,"") | CE9: =IF(AZ9="C_10",O9,"") | CF9: =IF(AZ9="C_11",O9,"") | CG9: =IF(AZ9="C_12",O9,"") | CH9: =IF(AZ9="C_13",O9,"") | CI9: =IF(AZ9="C_14",O9,"") | CJ9: =IF(AZ9="C_15",O9,"") | CK9: {=IF(AND(AZ9="C_16", SUMPRODUCT(--ISNUMBER(SEARCH({"14","34","38","40","41","42","43","46","48","56","64","65"},BB9)))>0), O9-IF(ISNUMBER(CL9),CL9,0), "")} | CL9: {=IF(AND(AZ9="C_16", SUMPRODUCT(--ISNUMBER(SEARCH({"01";"02";"03";"04";"05";"06";"07";"08";"09";"10";"11";"12";"13";"15";"16";"17";"19";"20";"21";"22";"23";"24";"25";"26";"27";"28";"29";"30";"31";"32";"33";"35";"36";"37";"39";"44";"45";"47";"49";"50";"51";"52";"53";"54";"55";"57";"58";"59";"60";"61";"62";"63";"66";"67";"68";"69";"70";"71";"72";"73";"74";"75"}, BB9)))>0), O9, "")} | CM9: {=IF(SUMPRODUCT(--ISNUMBER(SEARCH({"32";"35";"36";"44";"45";"47";"50";"51";"52";"53";"54";"55";"57";"58";"59";"60"}, BB9)))>0, B9, "")} | CN9: {=IF(SUMPRODUCT(--ISNUMBER(SEARCH({"61";"62"}, BB9)))>0, B9, "")} | CO9: {=IF(SUMPRODUCT(--ISNUMBER(SEARCH({"68";"69";"70";"71"}, BB9)))>0, B9, "")} | CP9: {=IF(SUMPRODUCT(--ISNUMBER(SEARCH({"72";"73";"74";"75"}, BB9)))>0, B9, "")} | CQ9: =IF(ISNUMBER(SEARCH("REACH",M9)),B9,"") | CR9: =IF(OR(AZ9="C_15", CM9<>"",CN9<>"",CO9<>"",CP9<>""), "YES", "NO") -> NO | CS9: =IF(ISNUMBER(SEARCH("01",AX9)),B9,"") | CT9: =IF(ISNUMBER(SEARCH("02",AX9)),B9,"") | CU9: =IF(ISNUMBER(SEARCH("03",AX9)),B9,"") | CV9: =IF(ISNUMBER(SEARCH("04",AX9)),B9,"") | CW9: =IF(ISNUMBER(SEARCH("05",AX9)),B9,"") | CX9: =IF(ISNUMBER(SEARCH("06",AX9)),B9,"") | CY9: =IF(ISNUMBER(SEARCH("07",AX9)),B9,"") | CZ9: =IF(ISNUMBER(SEARCH("08",AX9)),B9,"") | DA9: =IF(ISNUMBER(SEARCH("09",AX9)),B9,"") | DB9: =IF(ISNUMBER(SEARCH("10",AX9)),B9,"") | DC9: =IF(ISNUMBER(SEARCH("01",BC9)),B9,"") | DD9: =IF(ISNUMBER(SEARCH("02",BC9)),B9,"") | DE9: =IF(ISNUMBER(SEARCH("03",BC9)),B9,"") | DF9: =IF(ISNUMBER(SEARCH("04",BC9)),B9,"")
B10: 5 | P10: =IF(ISBLANK(M10),"",VLOOKUP(M10,ComboValue!$D$2:$H$18,5,FALSE)) | R10: {=IF(OR(ISNUMBER(SEARCH("SGH05",$D10:$L10)),ISNUMBER(SEARCH("SGH06",$D10:$L10)),ISNUMBER(SEARCH("SGH07",$D10:$L10)),ISNUMBER(SEARCH("SGH08",$D10:$L10)),ISNUMBER(SEARCH("pas de pictogramme",$D10:$L10)),ISNUMBER(SEARCH("SGH09",$D10:$L10)),ISNUMBER(SEARCH("SGH03",$D10:$L10))),"OUI","NON")} -> NON | AX10: {=_xlfn.TEXTJOIN(",", TRUE, IF(D10:L10="","",VLOOKUP(D10:L10, ComboValue!$A$2:$C$11, 3, FALSE)))} | AY10: =IF(ISNUMBER(SEARCH("04",AX10)),"Gaz_Fr","Tous_Fr") -> Tous_Fr | AZ10: =IF(ISBLANK(M10),"",VLOOKUP(M10,ComboValue!$D$2:$F$18,3,FALSE)) | BA10: =IF(ISBLANK(N10),"",VLOOKUP(N10,ComboValue!$J$2:$L$5,3,FALSE)) | BB10: {=_xlfn.TEXTJOIN(",", TRUE, IF(S10:AV10="","",VLOOKUP(S10:AV10, ComboValue!$M$2:$O$100, 3, FALSE)))} | BC10: =IF(AND(ISNUMBER(SEARCH("04",AX10)),NOT(OR("C_01"=AZ10,"C_01b"=AZ10,"C_02"=AZ10,"C_03"=AZ10))),"01,","") & IF(OR(AND("C_01"=AZ10,NOT("04"=BA10)),AND("C_02"=AZ10,NOT("04"=BA10)),AND("C_03"=AZ10,NOT("04"=BA10)),AND("C_04"=AZ10,NOT("01"=BA10)),AND("C_05"=AZ10,NOT("01"=BA10)),AND("C_06"=AZ10,OR("04"=BA10,BA10="")),AND("C_07"=AZ10,OR("04"=BA10,BA10="")),AND("C_08"=AZ10,NOT("03"=BA10)),AND("C_09"=AZ10,NOT("03"=BA10)),AND("C_10"=AZ10,NOT("04"=BA10)),AND("C_11"=AZ10,NOT("04"=BA10)),AND("C_12"=AZ10,NOT("04"=BA10)),AND("C_13"=AZ10,NOT("04"=BA10)),AND("C_14"=AZ10,NOT("04"=BA10))),"02,","") & IF(AND(OR(ISNUMBER(SEARCH("11",BB10)),ISNUMBER(SEARCH("12",BB10))),NOT("01"=BA10)),"03,","") & IF(AND(ISNUMBER(SEARCH("13",BB10)),NOT("02"=BA10)),"04,","") | BE10: =IF(ISNUMBER(SEARCH("01",AX10)),O10,"") | BF10: =IF(ISNUMBER(SEARCH("02",AX10)),O10,"") | BG10: =IF(ISNUMBER(SEARCH("03",AX10)),O10,"") | BH10: =IF(ISNUMBER(SEARCH("04",AX10)),O10,"") | BI10: =IF(ISNUMBER(SEARCH("05",AX10)),O10,"") | BJ10: =IF(ISNUMBER(SEARCH("06",AX10)),O10,"") | BK10: =IF(ISNUMBER(SEARCH("07",AX10)),O10,"") | BL10: =IF(ISNUMBER(SEARCH("08",AX10)),O10,"") | BM10: =IF(ISNUMBER(SEARCH("09",AX10)),O10,"") | BN10: =IF(ISNUMBER(SEARCH("10",AX10)),O10,"") | BO10: =IF(BF10="",0,BF10) -> 0 | BP10: =IF(BI10="",0,BI10-BQ10-BO10) -> 0 | BQ10: =IF(BJ10="",0,BJ10-BO10) -> 0 | BR10: =IF(BK10="",0,BK10-BS10-BP10-BQ10-BO10) -> 0 | BS10: =IF(BK10="",0,BK10-BP10-BQ10-BO10) -> 0 | BT10: =IF(BL10="",0,BL10-BR10-BS10-BP10-BQ10-BO10) -> 0 | BU10: =IF(AZ10="C_01",O10,"") | BV10: =IF(AZ10="C_01b",O10,"") | BW10: =IF(AZ10="C_02",O10,"") | BX10: =IF(AZ10="C_03",O10,"") | BY10: =IF(AND(OR(AZ10="C_04",AZ10="C_06"),BA10="01"),O10,"") | BZ10: =IF(AND(OR(AZ10="C_05",AZ10="C_07"),BA10="01"),O10,"") | CA10: =IF(AND(AZ10="C_06",BA10="02"),O10,"") | CB10: =IF(AND(AZ10="C_07",BA10="02"),O10,"") | CC10: =IF(AND(OR(AZ10="C_06",AZ10="C_08"),BA10="03"),O10,"") | CD10: =IF(AND(OR(AZ10="C_07",AZ10="C_09"),BA10="03"),O10,"") | CE10: =IF(AZ10="C_10",O10,"") | CF10: =IF(AZ10="C_11",O10,"") | CG10: =IF(AZ10="C_12",O10,"") | CH10: =IF(AZ10="C_13",O10,"") | CI10: =IF(AZ10="C_14",O10,"") | CJ10: =IF(AZ10="C_15",O10,"") | CK10: {=IF(AND(AZ10="C_16", SUMPRODUCT(--ISNUMBER(SEARCH({"14","34","38","40","41","42","43","46","48","56","64","65"},BB10)))>0), O10-IF(ISNUMBER(CL10),CL10,0), "")} | CL10: {=IF(AND(AZ10="C_16", SUMPRODUCT(--ISNUMBER(SEARCH({"01";"02";"03";"04";"05";"06";"07";"08";"09";"10";"11";"12";"13";"15";"16";"17";"19";"20";"21";"22";"23";"24";"25";"26";"27";"28";"29";"30";"31";"32";"33";"35";"36";"37";"39";"44";"45";"47";"49";"50";"51";"52";"53";"54";"55";"57";"58";"59";"60";"61";"62";"63";"66";"67";"68";"69";"70";"71";"72";"73";"74";"75"}, BB10)))>0), O10, "")} | CM10: {=IF(SUMPRODUCT(--ISNUMBER(SEARCH({"32";"35";"36";"44";"45";"47";"50";"51";"52";"53";"54";"55";"57";"58";"59";"60"}, BB10)))>0, B10, "")} | CN10: {=IF(SUMPRODUCT(--ISNUMBER(SEARCH({"61";"62"}, BB10)))>0, B10, "")} | CO10: {=IF(SUMPRODUCT(--ISNUMBER(SEARCH({"68";"69";"70";"71"}, BB10)))>0, B10, "")} | CP10: {=IF(SUMPRODUCT(--ISNUMBER(SEARCH({"72";"73";"74";"75"}, BB10)))>0, B10, "")} | CQ10: =IF(ISNUMBER(SEARCH("REACH",M10)),B10,"") | CR10: =IF(OR(AZ10="C_15", CM10<>"",CN10<>"",CO10<>"",CP10<>""), "YES", "NO") -> NO | CS10: =IF(ISNUMBER(SEARCH("01",AX10)),B10,"") | CT10: =IF(ISNUMBER(SEARCH("02",AX10)),B10,"") | CU10: =IF(ISNUMBER(SEARCH("03",AX10)),B10,"") | CV10: =IF(ISNUMBER(SEARCH("04",AX10)),B10,"") | CW10: =IF(ISNUMBER(SEARCH("05",AX10)),B10,"") | CX10: =IF(ISNUMBER(SEARCH("06",AX10)),B10,"") | CY10: =IF(ISNUMBER(SEARCH("07",AX10)),B10,"") | CZ10: =IF(ISNUMBER(SEARCH("08",AX10)),B10,"") | DA10: =IF(ISNUMBER(SEARCH("09",AX10)),B10,"") | DB10: =IF(ISNUMBER(SEARCH("10",AX10)),B10,"") | DC10: =IF(ISNUMBER(SEARCH("01",BC10)),B10,"") | DD10: =IF(ISNUMBER(SEARCH("02",BC10)),B10,"") | DE10: =IF(ISNUMBER(SEARCH("03",BC10)),B10,"") | DF10: =IF(ISNUMBER(SEARCH("04",BC10)),B10,"")
B11: 6 | P11: =IF(ISBLANK(M11),"",VLOOKUP(M11,ComboValue!$D$2:$H$18,5,FALSE)) | R11: {=IF(OR(ISNUMBER(SEARCH("SGH05",$D11:$L11)),ISNUMBER(SEARCH("SGH06",$D11:$L11)),ISNUMBER(SEARCH("SGH07",$D11:$L11)),ISNUMBER(SEARCH("SGH08",$D11:$L11)),ISNUMBER(SEARCH("pas de pictogramme",$D11:$L11)),ISNUMBER(SEARCH("SGH09",$D11:$L11)),ISNUMBER(SEARCH("SGH03",$D11:$L11))),"OUI","NON")} -> NON | AX11: {=_xlfn.TEXTJOIN(",", TRUE, IF(D11:L11="","",VLOOKUP(D11:L11, ComboValue!$A$2:$C$11, 3, FALSE)))} | AY11: =IF(ISNUMBER(SEARCH("04",AX11)),"Gaz_Fr","Tous_Fr") -> Tous_Fr | AZ11: =IF(ISBLANK(M11),"",VLOOKUP(M11,ComboValue!$D$2:$F$18,3,FALSE)) | BA11: =IF(ISBLANK(N11),"",VLOOKUP(N11,ComboValue!$J$2:$L$5,3,FALSE)) | BB11: {=_xlfn.TEXTJOIN(",", TRUE, IF(S11:AV11="","",VLOOKUP(S11:AV11, ComboValue!$M$2:$O$100, 3, FALSE)))} | BC11: =IF(AND(ISNUMBER(SEARCH("04",AX11)),NOT(OR("C_01"=AZ11,"C_01b"=AZ11,"C_02"=AZ11,"C_03"=AZ11))),"01,","") & IF(OR(AND("C_01"=AZ11,NOT("04"=BA11)),AND("C_02"=AZ11,NOT("04"=BA11)),AND("C_03"=AZ11,NOT("04"=BA11)),AND("C_04"=AZ11,NOT("01"=BA11)),AND("C_05"=AZ11,NOT("01"=BA11)),AND("C_06"=AZ11,OR("04"=BA11,BA11="")),AND("C_07"=AZ11,OR("04"=BA11,BA11="")),AND("C_08"=AZ11,NOT("03"=BA11)),AND("C_09"=AZ11,NOT("03"=BA11)),AND("C_10"=AZ11,NOT("04"=BA11)),AND("C_11"=AZ11,NOT("04"=BA11)),AND("C_12"=AZ11,NOT("04"=BA11)),AND("C_13"=AZ11,NOT("04"=BA11)),AND("C_14"=AZ11,NOT("04"=BA11))),"02,","") & IF(AND(OR(ISNUMBER(SEARCH("11",BB11)),ISNUMBER(SEARCH("12",BB11))),NOT("01"=BA11)),"03,","") & IF(AND(ISNUMBER(SEARCH("13",BB11)),NOT("02"=BA11)),"04,","") | BE11: =IF(ISNUMBER(SEARCH("01",AX11)),O11,"") | BF11: =IF(ISNUMBER(SEARCH("02",AX11)),O11,"") | BG11: =IF(ISNUMBER(SEARCH("03",AX11)),O11,"") | BH11: =IF(ISNUMBER(SEARCH("04",AX11)),O11,"") | BI11: =IF(ISNUMBER(SEARCH("05",AX11)),O11,"") | BJ11: =IF(ISNUMBER(SEARCH("06",AX11)),O11,"") | BK11: =IF(ISNUMBER(SEARCH("07",AX11)),O11,"") | BL11: =IF(ISNUMBER(SEARCH("08",AX11)),O11,"") | BM11: =IF(ISNUMBER(SEARCH("09",AX11)),O11,"") | BN11: =IF(ISNUMBER(SEARCH("10",AX11)),O11,"") | BO11: =IF(BF11="",0,BF11) -> 0 | BP11: =IF(BI11="",0,BI11-BQ11-BO11) -> 0 | BQ11: =IF(BJ11="",0,BJ11-BO11) -> 0 | BR11: =IF(BK11="",0,BK11-BS11-BP11-BQ11-BO11) -> 0 | BS11: =IF(BK11="",0,BK11-BP11-BQ11-BO11) -> 0 | BT11: =IF(BL11="",0,BL11-BR11-BS11-BP11-BQ11-BO11) -> 0 | BU11: =IF(AZ11="C_01",O11,"") | BV11: =IF(AZ11="C_01b",O11,"") | BW11: =IF(AZ11="C_02",O11,"") | BX11: =IF(AZ11="C_03",O11,"") | BY11: =IF(AND(OR(AZ11="C_04",AZ11="C_06"),BA11="01"),O11,"") | BZ11: =IF(AND(OR(AZ11="C_05",AZ11="C_07"),BA11="01"),O11,"") | CA11: =IF(AND(AZ11="C_06",BA11="02"),O11,"") | CB11: =IF(AND(AZ11="C_07",BA11="02"),O11,"") | CC11: =IF(AND(OR(AZ11="C_06",AZ11="C_08"),BA11="03"),O11,"") | CD11: =IF(AND(OR(AZ11="C_07",AZ11="C_09"),BA11="03"),O11,"") | CE11: =IF(AZ11="C_10",O11,"") | CF11: =IF(AZ11="C_11",O11,"") | CG11: =IF(AZ11="C_12",O11,"") | CH11: =IF(AZ11="C_13",O11,"") | CI11: =IF(AZ11="C_14",O11,"") | CJ11: =IF(AZ11="C_15",O11,"") | CK11: {=IF(AND(AZ11="C_16", SUMPRODUCT(--ISNUMBER(SEARCH({"14","34","38","40","41","42","43","46","48","56","64","65"},BB11)))>0), O11-IF(ISNUMBER(CL11),CL11,0), "")} | CL11: {=IF(AND(AZ11="C_16", SUMPRODUCT(--ISNUMBER(SEARCH({"01";"02";"03";"04";"05";"06";"07";"08";"09";"10";"11";"12";"13";"15";"16";"17";"19";"20";"21";"22";"23";"24";"25";"26";"27";"28";"29";"30";"31";"32";"33";"35";"36";"37";"39";"44";"45";"47";"49";"50";"51";"52";"53";"54";"55";"57";"58";"59";"60";"61";"62";"63";"66";"67";"68";"69";"70";"71";"72";"73";"74";"75"}, BB11)))>0), O11, "")} | CM11: {=IF(SUMPRODUCT(--ISNUMBER(SEARCH({"32";"35";"36";"44";"45";"47";"50";"51";"52";"53";"54";"55";"57";"58";"59";"60"}, BB11)))>0, B11, "")} | CN11: {=IF(SUMPRODUCT(--ISNUMBER(SEARCH({"61";"62"}, BB11)))>0, B11, "")} | CO11: {=IF(SUMPRODUCT(--ISNUMBER(SEARCH({"68";"69";"70";"71"}, BB11)))>0, B11, "")} | CP11: {=IF(SUMPRODUCT(--ISNUMBER(SEARCH({"72";"73";"74";"75"}, BB11)))>0, B11, "")} | CQ11: =IF(ISNUMBER(SEARCH("REACH",M11)),B11,"") | CR11: =IF(OR(AZ11="C_15", CM11<>"",CN11<>"",CO11<>"",CP11<>""), "YES", "NO") -> NO | CS11: =IF(ISNUMBER(SEARCH("01",AX11)),B11,"") | CT11: =IF(ISNUMBER(SEARCH("02",AX11)),B11,"") | CU11: =IF(ISNUMBER(SEARCH("03",AX11)),B11,"") | CV11: =IF(ISNUMBER(SEARCH("04",AX11)),B11,"") | CW11: =IF(ISNUMBER(SEARCH("05",AX11)),B11,"") | CX11: =IF(ISNUMBER(SEARCH("06",AX11)),B11,"") | CY11: =IF(ISNUMBER(SEARCH("07",AX11)),B11,"") | CZ11: =IF(ISNUMBER(SEARCH("08",AX11)),B11,"") | DA11: =IF(ISNUMBER(SEARCH("09",AX11)),B11,"") | DB11: =IF(ISNUMBER(SEARCH("10",AX11)),B11,"") | DC11: =IF(ISNUMBER(SEARCH("01",BC11)),B11,"") | DD11: =IF(ISNUMBER(SEARCH("02",BC11)),B11,"") | DE11: =IF(ISNUMBER(SEARCH("03",BC11)),B11,"") | DF11: =IF(ISNUMBER(SEARCH("04",BC11)),B11,"")
B12: 7 | P12: =IF(ISBLANK(M12),"",VLOOKUP(M12,ComboValue!$D$2:$H$18,5,FALSE)) | R12: {=IF(OR(ISNUMBER(SEARCH("SGH05",$D12:$L12)),ISNUMBER(SEARCH("SGH06",$D12:$L12)),ISNUMBER(SEARCH("SGH07",$D12:$L12)),ISNUMBER(SEARCH("SGH08",$D12:$L12)),ISNUMBER(SEARCH("pas de pictogramme",$D12:$L12)),ISNUMBER(SEARCH("SGH09",$D12:$L12)),ISNUMBER(SEARCH("SGH03",$D12:$L12))),"OUI","NON")} -> NON | AX12: {=_xlfn.TEXTJOIN(",", TRUE, IF(D12:L12="","",VLOOKUP(D12:L12, ComboValue!$A$2:$C$11, 3, FALSE)))} | AY12: =IF(ISNUMBER(SEARCH("04",AX12)),"Gaz_Fr","Tous_Fr") -> Tous_Fr | AZ12: =IF(ISBLANK(M12),"",VLOOKUP(M12,ComboValue!$D$2:$F$18,3,FALSE)) | BA12: =IF(ISBLANK(N12),"",VLOOKUP(N12,ComboValue!$J$2:$L$5,3,FALSE)) | BB12: {=_xlfn.TEXTJOIN(",", TRUE, IF(S12:AV12="","",VLOOKUP(S12:AV12, ComboValue!$M$2:$O$100, 3, FALSE)))} | BC12: =IF(AND(ISNUMBER(SEARCH("04",AX12)),NOT(OR("C_01"=AZ12,"C_01b"=AZ12,"C_02"=AZ12,"C_03"=AZ12))),"01,","") & IF(OR(AND("C_01"=AZ12,NOT("04"=BA12)),AND("C_02"=AZ12,NOT("04"=BA12)),AND("C_03"=AZ12,NOT("04"=BA12)),AND("C_04"=AZ12,NOT("01"=BA12)),AND("C_05"=AZ12,NOT("01"=BA12)),AND("C_06"=AZ12,OR("04"=BA12,BA12="")),AND("C_07"=AZ12,OR("04"=BA12,BA12="")),AND("C_08"=AZ12,NOT("03"=BA12)),AND("C_09"=AZ12,NOT("03"=BA12)),AND("C_10"=AZ12,NOT("04"=BA12)),AND("C_11"=AZ12,NOT("04"=BA12)),AND("C_12"=AZ12,NOT("04"=BA12)),AND("C_13"=AZ12,NOT("04"=BA12)),AND("C_14"=AZ12,NOT("04"=BA12))),"02,","") & IF(AND(OR(ISNUMBER(SEARCH("11",BB12)),ISNUMBER(SEARCH("12",BB12))),NOT("01"=BA12)),"03,","") & IF(AND(ISNUMBER(SEARCH("13",BB12)),NOT("02"=BA12)),"04,","") | BE12: =IF(ISNUMBER(SEARCH("01",AX12)),O12,"") | BF12: =IF(ISNUMBER(SEARCH("02",AX12)),O12,"") | BG12: =IF(ISNUMBER(SEARCH("03",AX12)),O12,"") | BH12: =IF(ISNUMBER(SEARCH("04",AX12)),O12,"") | BI12: =IF(ISNUMBER(SEARCH("05",AX12)),O12,"") | BJ12: =IF(ISNUMBER(SEARCH("06",AX12)),O12,"") | BK12: =IF(ISNUMBER(SEARCH("07",AX12)),O12,"") | BL12: =IF(ISNUMBER(SEARCH("08",AX12)),O12,"") | BM12: =IF(ISNUMBER(SEARCH("09",AX12)),O12,"") | BN12: =IF(ISNUMBER(SEARCH("10",AX12)),O12,"") | BO12: =IF(BF12="",0,BF12) -> 0 | BP12: =IF(BI12="",0,BI12-BQ12-BO12) -> 0 | BQ12: =IF(BJ12="",0,BJ12-BO12) -> 0 | BR12: =IF(BK12="",0,BK12-BS12-BP12-BQ12-BO12) -> 0 | BS12: =IF(BK12="",0,BK12-BP12-BQ12-BO12) -> 0 | BT12: =IF(BL12="",0,BL12-BR12-BS12-BP12-BQ12-BO12) -> 0 | BU12: =IF(AZ12="C_01",O12,"") | BV12: =IF(AZ12="C_01b",O12,"") | BW12: =IF(AZ12="C_02",O12,"") | BX12: =IF(AZ12="C_03",O12,"") | BY12: =IF(AND(OR(AZ12="C_04",AZ12="C_06"),BA12="01"),O12,"") | BZ12: =IF(AND(OR(AZ12="C_05",AZ12="C_07"),BA12="01"),O12,"") | CA12: =IF(AND(AZ12="C_06",BA12="02"),O12,"") | CB12: =IF(AND(AZ12="C_07",BA12="02"),O12,"") | CC12: =IF(AND(OR(AZ12="C_06",AZ12="C_08"),BA12="03"),O12,"") | CD12: =IF(AND(OR(AZ12="C_07",AZ12="C_09"),BA12="03"),O12,"") | CE12: =IF(AZ12="C_10",O12,"") | CF12: =IF(AZ12="C_11",O12,"") | CG12: =IF(AZ12="C_12",O12,"") | CH12: =IF(AZ12="C_13",O12,"") | CI12: =IF(AZ12="C_14",O12,"") | CJ12: =IF(AZ12="C_15",O12,"") | CK12: {=IF(AND(AZ12="C_16", SUMPRODUCT(--ISNUMBER(SEARCH({"14","34","38","40","41","42","43","46","48","56","64","65"},BB12)))>0), O12-IF(ISNUMBER(CL12),CL12,0), "")} | CL12: {=IF(AND(AZ12="C_16", SUMPRODUCT(--ISNUMBER(SEARCH({"01";"02";"03";"04";"05";"06";"07";"08";"09";"10";"11";"12";"13";"15";"16";"17";"19";"20";"21";"22";"23";"24";"25";"26";"27";"28";"29";"30";"31";"32";"33";"35";"36";"37";"39";"44";"45";"47";"49";"50";"51";"52";"53";"54";"55";"57";"58";"59";"60";"61";"62";"63";"66";"67";"68";"69";"70";"71";"72";"73";"74";"75"}, BB12)))>0), O12, "")} | CM12: {=IF(SUMPRODUCT(--ISNUMBER(SEARCH({"32";"35";"36";"44";"45";"47";"50";"51";"52";"53";"54";"55";"57";"58";"59";"60"}, BB12)))>0, B12, "")} | CN12: {=IF(SUMPRODUCT(--ISNUMBER(SEARCH({"61";"62"}, BB12)))>0, B12, "")} | CO12: {=IF(SUMPRODUCT(--ISNUMBER(SEARCH({"68";"69";"70";"71"}, BB12)))>0, B12, "")} | CP12: {=IF(SUMPRODUCT(--ISNUMBER(SEARCH({"72";"73";"74";"75"}, BB12)))>0, B12, "")} | CQ12: =IF(ISNUMBER(SEARCH("REACH",M12)),B12,"") | CR12: =IF(OR(AZ12="C_15", CM12<>"",CN12<>"",CO12<>"",CP12<>""), "YES", "NO") -> NO | CS12: =IF(ISNUMBER(SEARCH("01",AX12)),B12,"") | CT12: =IF(ISNUMBER(SEARCH("02",AX12)),B12,"") | CU12: =IF(ISNUMBER(SEARCH("03",AX12)),B12,"") | CV12: =IF(ISNUMBER(SEARCH("04",AX12)),B12,"") | CW12: =IF(ISNUMBER(SEARCH("05",AX12)),B12,"") | CX12: =IF(ISNUMBER(SEARCH("06",AX12)),B12,"") | CY12: =IF(ISNUMBER(SEARCH("07",AX12)),B12,"") | CZ12: =IF(ISNUMBER(SEARCH("08",AX12)),B12,"") | DA12: =IF(ISNUMBER(SEARCH("09",AX12)),B12,"") | DB12: =IF(ISNUMBER(SEARCH("10",AX12)),B12,"") | DC12: =IF(ISNUMBER(SEARCH("01",BC12)),B12,"") | DD12: =IF(ISNUMBER(SEARCH("02",BC12)),B12,"") | DE12: =IF(ISNUMBER(SEARCH("03",BC12)),B12,"") | DF12: =IF(ISNUMBER(SEARCH("04",BC12)),B12,"")
B13: 8 | P13: =IF(ISBLANK(M13),"",VLOOKUP(M13,ComboValue!$D$2:$H$18,5,FALSE)) | R13: {=IF(OR(ISNUMBER(SEARCH("SGH05",$D13:$L13)),ISNUMBER(SEARCH("SGH06",$D13:$L13)),ISNUMBER(SEARCH("SGH07",$D13:$L13)),ISNUMBER(SEARCH("SGH08",$D13:$L13)),ISNUMBER(SEARCH("pas de pictogramme",$D13:$L13)),ISNUMBER(SEARCH("SGH09",$D13:$L13)),ISNUMBER(SEARCH("SGH03",$D13:$L13))),"OUI","NON")} -> NON | AX13: {=_xlfn.TEXTJOIN(",", TRUE, IF(D13:L13="","",VLOOKUP(D13:L13, ComboValue!$A$2:$C$11, 3, FALSE)))} | AY13: =IF(ISNUMBER(SEARCH("04",AX13)),"Gaz_Fr","Tous_Fr") -> Tous_Fr | AZ13: =IF(ISBLANK(M13),"",VLOOKUP(M13,ComboValue!$D$2:$F$18,3,FALSE)) | BA13: =IF(ISBLANK(N13),"",VLOOKUP(N13,ComboValue!$J$2:$L$5,3,FALSE)) | BB13: {=_xlfn.TEXTJOIN(",", TRUE, IF(S13:AV13="","",VLOOKUP(S13:AV13, ComboValue!$M$2:$O$100, 3, FALSE)))} | BC13: =IF(AND(ISNUMBER(SEARCH("04",AX13)),NOT(OR("C_01"=AZ13,"C_01b"=AZ13,"C_02"=AZ13,"C_03"=AZ13))),"01,","") & IF(OR(AND("C_01"=AZ13,NOT("04"=BA13)),AND("C_02"=AZ13,NOT("04"=BA13)),AND("C_03"=AZ13,NOT("04"=BA13)),AND("C_04"=AZ13,NOT("01"=BA13)),AND("C_05"=AZ13,NOT("01"=BA13)),AND("C_06"=AZ13,OR("04"=BA13,BA13="")),AND("C_07"=AZ13,OR("04"=BA13,BA13="")),AND("C_08"=AZ13,NOT("03"=BA13)),AND("C_09"=AZ13,NOT("03"=BA13)),AND("C_10"=AZ13,NOT("04"=BA13)),AND("C_11"=AZ13,NOT("04"=BA13)),AND("C_12"=AZ13,NOT("04"=BA13)),AND("C_13"=AZ13,NOT("04"=BA13)),AND("C_14"=AZ13,NOT("04"=BA13))),"02,","") & IF(AND(OR(ISNUMBER(SEARCH("11",BB13)),ISNUMBER(SEARCH("12",BB13))),NOT("01"=BA13)),"03,","") & IF(AND(ISNUMBER(SEARCH("13",BB13)),NOT("02"=BA13)),"04,","") | BE13: =IF(ISNUMBER(SEARCH("01",AX13)),O13,"") | BF13: =IF(ISNUMBER(SEARCH("02",AX13)),O13,"") | BG13: =IF(ISNUMBER(SEARCH("03",AX13)),O13,"") | BH13: =IF(ISNUMBER(SEARCH("04",AX13)),O13,"") | BI13: =IF(ISNUMBER(SEARCH("05",AX13)),O13,"") | BJ13: =IF(ISNUMBER(SEARCH("06",AX13)),O13,"") | BK13: =IF(ISNUMBER(SEARCH("07",AX13)),O13,"") | BL13: =IF(ISNUMBER(SEARCH("08",AX13)),O13,"") | BM13: =IF(ISNUMBER(SEARCH("09",AX13)),O13,"") | BN13: =IF(ISNUMBER(SEARCH("10",AX13)),O13,"") | BO13: =IF(BF13="",0,BF13) -> 0 | BP13: =IF(BI13="",0,BI13-BQ13-BO13) -> 0 | BQ13: =IF(BJ13="",0,BJ13-BO13) -> 0 | BR13: =IF(BK13="",0,BK13-BS13-BP13-BQ13-BO13) -> 0 | BS13: =IF(BK13="",0,BK13-BP13-BQ13-BO13) -> 0 | BT13: =IF(BL13="",0,BL13-BR13-BS13-BP13-BQ13-BO13) -> 0 | BU13: =IF(AZ13="C_01",O13,"") | BV13: =IF(AZ13="C_01b",O13,"") | BW13: =IF(AZ13="C_02",O13,"") | BX13: =IF(AZ13="C_03",O13,"") | BY13: =IF(AND(OR(AZ13="C_04",AZ13="C_06"),BA13="01"),O13,"") | BZ13: =IF(AND(OR(AZ13="C_05",AZ13="C_07"),BA13="01"),O13,"") | CA13: =IF(AND(AZ13="C_06",BA13="02"),O13,"") | CB13: =IF(AND(AZ13="C_07",BA13="02"),O13,"") | CC13: =IF(AND(OR(AZ13="C_06",AZ13="C_08"),BA13="03"),O13,"") | CD13: =IF(AND(OR(AZ13="C_07",AZ13="C_09"),BA13="03"),O13,"") | CE13: =IF(AZ13="C_10",O13,"") | CF13: =IF(AZ13="C_11",O13,"") | CG13: =IF(AZ13="C_12",O13,"") | CH13: =IF(AZ13="C_13",O13,"") | CI13: =IF(AZ13="C_14",O13,"") | CJ13: =IF(AZ13="C_15",O13,"") | CK13: {=IF(AND(AZ13="C_16", SUMPRODUCT(--ISNUMBER(SEARCH({"14","34","38","40","41","42","43","46","48","56","64","65"},BB13)))>0), O13-IF(ISNUMBER(CL13),CL13,0), "")} | CL13: {=IF(AND(AZ13="C_16", SUMPRODUCT(--ISNUMBER(SEARCH({"01";"02";"03";"04";"05";"06";"07";"08";"09";"10";"11";"12";"13";"15";"16";"17";"19";"20";"21";"22";"23";"24";"25";"26";"27";"28";"29";"30";"31";"32";"33";"35";"36";"37";"39";"44";"45";"47";"49";"50";"51";"52";"53";"54";"55";"57";"58";"59";"60";"61";"62";"63";"66";"67";"68";"69";"70";"71";"72";"73";"74";"75"}, BB13)))>0), O13, "")} | CM13: {=IF(SUMPRODUCT(--ISNUMBER(SEARCH({"32";"35";"36";"44";"45";"47";"50";"51";"52";"53";"54";"55";"57";"58";"59";"60"}, BB13)))>0, B13, "")} | CN13: {=IF(SUMPRODUCT(--ISNUMBER(SEARCH({"61";"62"}, BB13)))>0, B13, "")} | CO13: {=IF(SUMPRODUCT(--ISNUMBER(SEARCH({"68";"69";"70";"71"}, BB13)))>0, B13, "")} | CP13: {=IF(SUMPRODUCT(--ISNUMBER(SEARCH({"72";"73";"74";"75"}, BB13)))>0, B13, "")} | CQ13: =IF(ISNUMBER(SEARCH("REACH",M13)),B13,"") | CR13: =IF(OR(AZ13="C_15", CM13<>"",CN13<>"",CO13<>"",CP13<>""), "YES", "NO") -> NO | CS13: =IF(ISNUMBER(SEARCH("01",AX13)),B13,"") | CT13: =IF(ISNUMBER(SEARCH("02",AX13)),B13,"") | CU13: =IF(ISNUMBER(SEARCH("03",AX13)),B13,"") | CV13: =IF(ISNUMBER(SEARCH("04",AX13)),B13,"") | CW13: =IF(ISNUMBER(SEARCH("05",AX13)),B13,"") | CX13: =IF(ISNUMBER(SEARCH("06",AX13)),B13,"") | CY13: =IF(ISNUMBER(SEARCH("07",AX13)),B13,"") | CZ13: =IF(ISNUMBER(SEARCH("08",AX13)),B13,"") | DA13: =IF(ISNUMBER(SEARCH("09",AX13)),B13,"") | DB13: =IF(ISNUMBER(SEARCH("10",AX13)),B13,"") | DC13: =IF(ISNUMBER(SEARCH("01",BC13)),B13,"") | DD13: =IF(ISNUMBER(SEARCH("02",BC13)),B13,"") | DE13: =IF(ISNUMBER(SEARCH("03",BC13)),B13,"") | DF13: =IF(ISNUMBER(SEARCH("04",BC13)),B13,"")
B14: 9 | P14: =IF(ISBLANK(M14),"",VLOOKUP(M14,ComboValue!$D$2:$H$18,5,FALSE)) | R14: {=IF(OR(ISNUMBER(SEARCH("SGH05",$D14:$L14)),ISNUMBER(SEARCH("SGH06",$D14:$L14)),ISNUMBER(SEARCH("SGH07",$D14:$L14)),ISNUMBER(SEARCH("SGH08",$D14:$L14)),ISNUMBER(SEARCH("pas de pictogramme",$D14:$L14)),ISNUMBER(SEARCH("SGH09",$D14:$L14)),ISNUMBER(SEARCH("SGH03",$D14:$L14))),"OUI","NON")} -> NON | AX14: {=_xlfn.TEXTJOIN(",", TRUE, IF(D14:L14="","",VLOOKUP(D14:L14, ComboValue!$A$2:$C$11, 3, FALSE)))} | AY14: =IF(ISNUMBER(SEARCH("04",AX14)),"Gaz_Fr","Tous_Fr") -> Tous_Fr | AZ14: =IF(ISBLANK(M14),"",VLOOKUP(M14,ComboValue!$D$2:$F$18,3,FALSE)) | BA14: =IF(ISBLANK(N14),"",VLOOKUP(N14,ComboValue!$J$2:$L$5,3,FALSE)) | BB14: {=_xlfn.TEXTJOIN(",", TRUE, IF(S14:AV14="","",VLOOKUP(S14:AV14, ComboValue!$M$2:$O$100, 3, FALSE)))} | BC14: =IF(AND(ISNUMBER(SEARCH("04",AX14)),NOT(OR("C_01"=AZ14,"C_01b"=AZ14,"C_02"=AZ14,"C_03"=AZ14))),"01,","") & IF(OR(AND("C_01"=AZ14,NOT("04"=BA14)),AND("C_02"=AZ14,NOT("04"=BA14)),AND("C_03"=AZ14,NOT("04"=BA14)),AND("C_04"=AZ14,NOT("01"=BA14)),AND("C_05"=AZ14,NOT("01"=BA14)),AND("C_06"=AZ14,OR("04"=BA14,BA14="")),AND("C_07"=AZ14,OR("04"=BA14,BA14="")),AND("C_08"=AZ14,NOT("03"=BA14)),AND("C_09"=AZ14,NOT("03"=BA14)),AND("C_10"=AZ14,NOT("04"=BA14)),AND("C_11"=AZ14,NOT("04"=BA14)),AND("C_12"=AZ14,NOT("04"=BA14)),AND("C_13"=AZ14,NOT("04"=BA14)),AND("C_14"=AZ14,NOT("04"=BA14))),"02,","") & IF(AND(OR(ISNUMBER(SEARCH("11",BB14)),ISNUMBER(SEARCH("12",BB14))),NOT("01"=BA14)),"03,","") & IF(AND(ISNUMBER(SEARCH("13",BB14)),NOT("02"=BA14)),"04,","") | BE14: =IF(ISNUMBER(SEARCH("01",AX14)),O14,"") | BF14: =IF(ISNUMBER(SEARCH("02",AX14)),O14,"") | BG14: =IF(ISNUMBER(SEARCH("03",AX14)),O14,"") | BH14: =IF(ISNUMBER(SEARCH("04",AX14)),O14,"") | BI14: =IF(ISNUMBER(SEARCH("05",AX14)),O14,"") | BJ14: =IF(ISNUMBER(SEARCH("06",AX14)),O14,"") | BK14: =IF(ISNUMBER(SEARCH("07",AX14)),O14,"") | BL14: =IF(ISNUMBER(SEARCH("08",AX14)),O14,"") | BM14: =IF(ISNUMBER(SEARCH("09",AX14)),O14,"") | BN14: =IF(ISNUMBER(SEARCH("10",AX14)),O14,"") | BO14: =IF(BF14="",0,BF14) -> 0 | BP14: =IF(BI14="",0,BI14-BQ14-BO14) -> 0 | BQ14: =IF(BJ14="",0,BJ14-BO14) -> 0 | BR14: =IF(BK14="",0,BK14-BS14-BP14-BQ14-BO14) -> 0 | BS14: =IF(BK14="",0,BK14-BP14-BQ14-BO14) -> 0 | BT14: =IF(BL14="",0,BL14-BR14-BS14-BP14-BQ14-BO14) -> 0 | BU14: =IF(AZ14="C_01",O14,"") | BV14: =IF(AZ14="C_01b",O14,"") | BW14: =IF(AZ14="C_02",O14,"") | BX14: =IF(AZ14="C_03",O14,"") | BY14: =IF(AND(OR(AZ14="C_04",AZ14="C_06"),BA14="01"),O14,"") | BZ14: =IF(AND(OR(AZ14="C_05",AZ14="C_07"),BA14="01"),O14,"") | CA14: =IF(AND(AZ14="C_06",BA14="02"),O14,"") | CB14: =IF(AND(AZ14="C_07",BA14="02"),O14,"") | CC14: =IF(AND(OR(AZ14="C_06",AZ14="C_08"),BA14="03"),O14,"") | CD14: =IF(AND(OR(AZ14="C_07",AZ14="C_09"),BA14="03"),O14,"") | CE14: =IF(AZ14="C_10",O14,"") | CF14: =IF(AZ14="C_11",O14,"") | CG14: =IF(AZ14="C_12",O14,"") | CH14: =IF(AZ14="C_13",O14,"") | CI14: =IF(AZ14="C_14",O14,"") | CJ14: =IF(AZ14="C_15",O14,"") | CK14: {=IF(AND(AZ14="C_16", SUMPRODUCT(--ISNUMBER(SEARCH({"14","34","38","40","41","42","43","46","48","56","64","65"},BB14)))>0), O14-IF(ISNUMBER(CL14),CL14,0), "")} | CL14: {=IF(AND(AZ14="C_16", SUMPRODUCT(--ISNUMBER(SEARCH({"01";"02";"03";"04";"05";"06";"07";"08";"09";"10";"11";"12";"13";"15";"16";"17";"19";"20";"21";"22";"23";"24";"25";"26";"27";"28";"29";"30";"31";"32";"33";"35";"36";"37";"39";"44";"45";"47";"49";"50";"51";"52";"53";"54";"55";"57";"58";"59";"60";"61";"62";"63";"66";"67";"68";"69";"70";"71";"72";"73";"74";"75"}, BB14)))>0), O14, "")} | CM14: {=IF(SUMPRODUCT(--ISNUMBER(SEARCH({"32";"35";"36";"44";"45";"47";"50";"51";"52";"53";"54";"55";"57";"58";"59";"60"}, BB14)))>0, B14, "")} | CN14: {=IF(SUMPRODUCT(--ISNUMBER(SEARCH({"61";"62"}, BB14)))>0, B14, "")} | CO14: {=IF(SUMPRODUCT(--ISNUMBER(SEARCH({"68";"69";"70";"71"}, BB14)))>0, B14, "")} | CP14: {=IF(SUMPRODUCT(--ISNUMBER(SEARCH({"72";"73";"74";"75"}, BB14)))>0, B14, "")} | CQ14: =IF(ISNUMBER(SEARCH("REACH",M14)),B14,"") | CR14: =IF(OR(AZ14="C_15", CM14<>"",CN14<>"",CO14<>"",CP14<>""), "YES", "NO") -> NO | CS14: =IF(ISNUMBER(SEARCH("01",AX14)),B14,"") | CT14: =IF(ISNUMBER(SEARCH("02",AX14)),B14,"") | CU14: =IF(ISNUMBER(SEARCH("03",AX14)),B14,"") | CV14: =IF(ISNUMBER(SEARCH("04",AX14)),B14,"") | CW14: =IF(ISNUMBER(SEARCH("05",AX14)),B14,"") | CX14: =IF(ISNUMBER(SEARCH("06",AX14)),B14,"") | CY14: =IF(ISNUMBER(SEARCH("07",AX14)),B14,"") | CZ14: =IF(ISNUMBER(SEARCH("08",AX14)),B14,"") | DA14: =IF(ISNUMBER(SEARCH("09",AX14)),B14,"") | DB14: =IF(ISNUMBER(SEARCH("10",AX14)),B14,"") | DC14: =IF(ISNUMBER(SEARCH("01",BC14)),B14,"") | DD14: =IF(ISNUMBER(SEARCH("02",BC14)),B14,"") | DE14: =IF(ISNUMBER(SEARCH("03",BC14)),B14,"") | DF14: =IF(ISNUMBER(SEARCH("04",BC14)),B14,"")
B15: 10 | P15: =IF(ISBLANK(M15),"",VLOOKUP(M15,ComboValue!$D$2:$H$18,5,FALSE)) | R15: {=IF(OR(ISNUMBER(SEARCH("SGH05",$D15:$L15)),ISNUMBER(SEARCH("SGH06",$D15:$L15)),ISNUMBER(SEARCH("SGH07",$D15:$L15)),ISNUMBER(SEARCH("SGH08",$D15:$L15)),ISNUMBER(SEARCH("pas de pictogramme",$D15:$L15)),ISNUMBER(SEARCH("SGH09",$D15:$L15)),ISNUMBER(SEARCH("SGH03",$D15:$L15))),"OUI","NON")} -> NON | AX15: {=_xlfn.TEXTJOIN(",", TRUE, IF(D15:L15="","",VLOOKUP(D15:L15, ComboValue!$A$2:$C$11, 3, FALSE)))} | AY15: =IF(ISNUMBER(SEARCH("04",AX15)),"Gaz_Fr","Tous_Fr") -> Tous_Fr | AZ15: =IF(ISBLANK(M15),"",VLOOKUP(M15,ComboValue!$D$2:$F$18,3,FALSE)) | BA15: =IF(ISBLANK(N15),"",VLOOKUP(N15,ComboValue!$J$2:$L$5,3,FALSE)) | BB15: {=_xlfn.TEXTJOIN(",", TRUE, IF(S15:AV15="","",VLOOKUP(S15:AV15, ComboValue!$M$2:$O$100, 3, FALSE)))} | BC15: =IF(AND(ISNUMBER(SEARCH("04",AX15)),NOT(OR("C_01"=AZ15,"C_01b"=AZ15,"C_02"=AZ15,"C_03"=AZ15))),"01,","") & IF(OR(AND("C_01"=AZ15,NOT("04"=BA15)),AND("C_02"=AZ15,NOT("04"=BA15)),AND("C_03"=AZ15,NOT("04"=BA15)),AND("C_04"=AZ15,NOT("01"=BA15)),AND("C_05"=AZ15,NOT("01"=BA15)),AND("C_06"=AZ15,OR("04"=BA15,BA15="")),AND("C_07"=AZ15,OR("04"=BA15,BA15="")),AND("C_08"=AZ15,NOT("03"=BA15)),AND("C_09"=AZ15,NOT("03"=BA15)),AND("C_10"=AZ15,NOT("04"=BA15)),AND("C_11"=AZ15,NOT("04"=BA15)),AND("C_12"=AZ15,NOT("04"=BA15)),AND("C_13"=AZ15,NOT("04"=BA15)),AND("C_14"=AZ15,NOT("04"=BA15))),"02,","") & IF(AND(OR(ISNUMBER(SEARCH("11",BB15)),ISNUMBER(SEARCH("12",BB15))),NOT("01"=BA15)),"03,","") & IF(AND(ISNUMBER(SEARCH("13",BB15)),NOT("02"=BA15)),"04,","") | BE15: =IF(ISNUMBER(SEARCH("01",AX15)),O15,"") | BF15: =IF(ISNUMBER(SEARCH("02",AX15)),O15,"") | BG15: =IF(ISNUMBER(SEARCH("03",AX15)),O15,"") | BH15: =IF(ISNUMBER(SEARCH("04",AX15)),O15,"") | BI15: =IF(ISNUMBER(SEARCH("05",AX15)),O15,"") | BJ15: =IF(ISNUMBER(SEARCH("06",AX15)),O15,"") | BK15: =IF(ISNUMBER(SEARCH("07",AX15)),O15,"") | BL15: =IF(ISNUMBER(SEARCH("08",AX15)),O15,"") | BM15: =IF(ISNUMBER(SEARCH("09",AX15)),O15,"") | BN15: =IF(ISNUMBER(SEARCH("10",AX15)),O15,"") | BO15: =IF(BF15="",0,BF15) -> 0 | BP15: =IF(BI15="",0,BI15-BQ15-BO15) -> 0 | BQ15: =IF(BJ15="",0,BJ15-BO15) -> 0 | BR15: =IF(BK15="",0,BK15-BS15-BP15-BQ15-BO15) -> 0 | BS15: =IF(BK15="",0,BK15-BP15-BQ15-BO15) -> 0 | BT15: =IF(BL15="",0,BL15-BR15-BS15-BP15-BQ15-BO15) -> 0 | BU15: =IF(AZ15="C_01",O15,"") | BV15: =IF(AZ15="C_01b",O15,"") | BW15: =IF(AZ15="C_02",O15,"") | BX15: =IF(AZ15="C_03",O15,"") | BY15: =IF(AND(OR(AZ15="C_04",AZ15="C_06"),BA15="01"),O15,"") | BZ15: =IF(AND(OR(AZ15="C_05",AZ15="C_07"),BA15="01"),O15,"") | CA15: =IF(AND(AZ15="C_06",BA15="02"),O15,"") | CB15: =IF(AND(AZ15="C_07",BA15="02"),O15,"") | CC15: =IF(AND(OR(AZ15="C_06",AZ15="C_08"),BA15="03"),O15,"") | CD15: =IF(AND(OR(AZ15="C_07",AZ15="C_09"),BA15="03"),O15,"") | CE15: =IF(AZ15="C_10",O15,"") | CF15: =IF(AZ15="C_11",O15,"") | CG15: =IF(AZ15="C_12",O15,"") | CH15: =IF(AZ15="C_13",O15,"") | CI15: =IF(AZ15="C_14",O15,"") | CJ15: =IF(AZ15="C_15",O15,"") | CK15: {=IF(AND(AZ15="C_16", SUMPRODUCT(--ISNUMBER(SEARCH({"14","34","38","40","41","42","43","46","48","56","64","65"},BB15)))>0), O15-IF(ISNUMBER(CL15),CL15,0), "")} | CL15: {=IF(AND(AZ15="C_16", SUMPRODUCT(--ISNUMBER(SEARCH({"01";"02";"03";"04";"05";"06";"07";"08";"09";"10";"11";"12";"13";"15";"16";"17";"19";"20";"21";"22";"23";"24";"25";"26";"27";"28";"29";"30";"31";"32";"33";"35";"36";"37";"39";"44";"45";"47";"49";"50";"51";"52";"53";"54";"55";"57";"58";"59";"60";"61";"62";"63";"66";"67";"68";"69";"70";"71";"72";"73";"74";"75"}, BB15)))>0), O15, "")} | CM15: {=IF(SUMPRODUCT(--ISNUMBER(SEARCH({"32";"35";"36";"44";"45";"47";"50";"51";"52";"53";"54";"55";"57";"58";"59";"60"}, BB15)))>0, B15, "")} | CN15: {=IF(SUMPRODUCT(--ISNUMBER(SEARCH({"61";"62"}, BB15)))>0, B15, "")} | CO15: {=IF(SUMPRODUCT(--ISNUMBER(SEARCH({"68";"69";"70";"71"}, BB15)))>0, B15, "")} | CP15: {=IF(SUMPRODUCT(--ISNUMBER(SEARCH({"72";"73";"74";"75"}, BB15)))>0, B15, "")} | CQ15: =IF(ISNUMBER(SEARCH("REACH",M15)),B15,"") | CR15: =IF(OR(AZ15="C_15", CM15<>"",CN15<>"",CO15<>"",CP15<>""), "YES", "NO") -> NO | CS15: =IF(ISNUMBER(SEARCH("01",AX15)),B15,"") | CT15: =IF(ISNUMBER(SEARCH("02",AX15)),B15,"") | CU15: =IF(ISNUMBER(SEARCH("03",AX15)),B15,"") | CV15: =IF(ISNUMBER(SEARCH("04",AX15)),B15,"") | CW15: =IF(ISNUMBER(SEARCH("05",AX15)),B15,"") | CX15: =IF(ISNUMBER(SEARCH("06",AX15)),B15,"") | CY15: =IF(ISNUMBER(SEARCH("07",AX15)),B15,"") | CZ15: =IF(ISNUMBER(SEARCH("08",AX15)),B15,"") | DA15: =IF(ISNUMBER(SEARCH("09",AX15)),B15,"") | DB15: =IF(ISNUMBER(SEARCH("10",AX15)),B15,"") | DC15: =IF(ISNUMBER(SEARCH("01",BC15)),B15,"") | DD15: =IF(ISNUMBER(SEARCH("02",BC15)),B15,"") | DE15: =IF(ISNUMBER(SEARCH("03",BC15)),B15,"") | DF15: =IF(ISNUMBER(SEARCH("04",BC15)),B15,"")
B16: 11 | P16: =IF(ISBLANK(M16),"",VLOOKUP(M16,ComboValue!$D$2:$H$18,5,FALSE)) | R16: {=IF(OR(ISNUMBER(SEARCH("SGH05",$D16:$L16)),ISNUMBER(SEARCH("SGH06",$D16:$L16)),ISNUMBER(SEARCH("SGH07",$D16:$L16)),ISNUMBER(SEARCH("SGH08",$D16:$L16)),ISNUMBER(SEARCH("pas de pictogramme",$D16:$L16)),ISNUMBER(SEARCH("SGH09",$D16:$L16)),ISNUMBER(SEARCH("SGH03",$D16:$L16))),"OUI","NON")} -> NON | AX16: {=_xlfn.TEXTJOIN(",", TRUE, IF(D16:L16="","",VLOOKUP(D16:L16, ComboValue!$A$2:$C$11, 3, FALSE)))} | AY16: =IF(ISNUMBER(SEARCH("04",AX16)),"Gaz_Fr","Tous_Fr") -> Tous_Fr | AZ16: =IF(ISBLANK(M16),"",VLOOKUP(M16,ComboValue!$D$2:$F$18,3,FALSE)) | BA16: =IF(ISBLANK(N16),"",VLOOKUP(N16,ComboValue!$J$2:$L$5,3,FALSE)) | BB16: {=_xlfn.TEXTJOIN(",", TRUE, IF(S16:AV16="","",VLOOKUP(S16:AV16, ComboValue!$M$2:$O$100, 3, FALSE)))} | BC16: =IF(AND(ISNUMBER(SEARCH("04",AX16)),NOT(OR("C_01"=AZ16,"C_01b"=AZ16,"C_02"=AZ16,"C_03"=AZ16))),"01,","") & IF(OR(AND("C_01"=AZ16,NOT("04"=BA16)),AND("C_02"=AZ16,NOT("04"=BA16)),AND("C_03"=AZ16,NOT("04"=BA16)),AND("C_04"=AZ16,NOT("01"=BA16)),AND("C_05"=AZ16,NOT("01"=BA16)),AND("C_06"=AZ16,OR("04"=BA16,BA16="")),AND("C_07"=AZ16,OR("04"=BA16,BA16="")),AND("C_08"=AZ16,NOT("03"=BA16)),AND("C_09"=AZ16,NOT("03"=BA16)),AND("C_10"=AZ16,NOT("04"=BA16)),AND("C_11"=AZ16,NOT("04"=BA16)),AND("C_12"=AZ16,NOT("04"=BA16)),AND("C_13"=AZ16,NOT("04"=BA16)),AND("C_14"=AZ16,NOT("04"=BA16))),"02,","") & IF(AND(OR(ISNUMBER(SEARCH("11",BB16)),ISNUMBER(SEARCH("12",BB16))),NOT("01"=BA16)),"03,","") & IF(AND(ISNUMBER(SEARCH("13",BB16)),NOT("02"=BA16)),"04,","") | BE16: =IF(ISNUMBER(SEARCH("01",AX16)),O16,"") | BF16: =IF(ISNUMBER(SEARCH("02",AX16)),O16,"") | BG16: =IF(ISNUMBER(SEARCH("03",AX16)),O16,"") | BH16: =IF(ISNUMBER(SEARCH("04",AX16)),O16,"") | BI16: =IF(ISNUMBER(SEARCH("05",AX16)),O16,"") | BJ16: =IF(ISNUMBER(SEARCH("06",AX16)),O16,"") | BK16: =IF(ISNUMBER(SEARCH("07",AX16)),O16,"") | BL16: =IF(ISNUMBER(SEARCH("08",AX16)),O16,"") | BM16: =IF(ISNUMBER(SEARCH("09",AX16)),O16,"") | BN16: =IF(ISNUMBER(SEARCH("10",AX16)),O16,"") | BO16: =IF(BF16="",0,BF16) -> 0 | BP16: =IF(BI16="",0,BI16-BQ16-BO16) -> 0 | BQ16: =IF(BJ16="",0,BJ16-BO16) -> 0 | BR16: =IF(BK16="",0,BK16-BS16-BP16-BQ16-BO16) -> 0 | BS16: =IF(BK16="",0,BK16-BP16-BQ16-BO16) -> 0 | BT16: =IF(BL16="",0,BL16-BR16-BS16-BP16-BQ16-BO16) -> 0 | BU16: =IF(AZ16="C_01",O16,"") | BV16: =IF(AZ16="C_01b",O16,"") | BW16: =IF(AZ16="C_02",O16,"") | BX16: =IF(AZ16="C_03",O16,"") | BY16: =IF(AND(OR(AZ16="C_04",AZ16="C_06"),BA16="01"),O16,"") | BZ16: =IF(AND(OR(AZ16="C_05",AZ16="C_07"),BA16="01"),O16,"") | CA16: =IF(AND(AZ16="C_06",BA16="02"),O16,"") | CB16: =IF(AND(AZ16="C_07",BA16="02"),O16,"") | CC16: =IF(AND(OR(AZ16="C_06",AZ16="C_08"),BA16="03"),O16,"") | CD16: =IF(AND(OR(AZ16="C_07",AZ16="C_09"),BA16="03"),O16,"") | CE16: =IF(AZ16="C_10",O16,"") | CF16: =IF(AZ16="C_11",O16,"") | CG16: =IF(AZ16="C_12",O16,"") | CH16: =IF(AZ16="C_13",O16,"") | CI16: =IF(AZ16="C_14",O16,"") | CJ16: =IF(AZ16="C_15",O16,"") | CK16: {=IF(AND(AZ16="C_16", SUMPRODUCT(--ISNUMBER(SEARCH({"14","34","38","40","41","42","43","46","48","56","64","65"},BB16)))>0), O16-IF(ISNUMBER(CL16),CL16,0), "")} | CL16: {=IF(AND(AZ16="C_16", SUMPRODUCT(--ISNUMBER(SEARCH({"01";"02";"03";"04";"05";"06";"07";"08";"09";"10";"11";"12";"13";"15";"16";"17";"19";"20";"21";"22";"23";"24";"25";"26";"27";"28";"29";"30";"31";"32";"33";"35";"36";"37";"39";"44";"45";"47";"49";"50";"51";"52";"53";"54";"55";"57";"58";"59";"60";"61";"62";"63";"66";"67";"68";"69";"70";"71";"72";"73";"74";"75"}, BB16)))>0), O16, "")} | CM16: {=IF(SUMPRODUCT(--ISNUMBER(SEARCH({"32";"35";"36";"44";"45";"47";"50";"51";"52";"53";"54";"55";"57";"58";"59";"60"}, BB16)))>0, B16, "")} | CN16: {=IF(SUMPRODUCT(--ISNUMBER(SEARCH({"61";"62"}, BB16)))>0, B16, "")} | CO16: {=IF(SUMPRODUCT(--ISNUMBER(SEARCH({"68";"69";"70";"71"}, BB16)))>0, B16, "")} | CP16: {=IF(SUMPRODUCT(--ISNUMBER(SEARCH({"72";"73";"74";"75"}, BB16)))>0, B16, "")} | CQ16: =IF(ISNUMBER(SEARCH("REACH",M16)),B16,"") | CR16: =IF(OR(AZ16="C_15", CM16<>"",CN16<>"",CO16<>"",CP16<>""), "YES", "NO") -> NO | CS16: =IF(ISNUMBER(SEARCH("01",AX16)),B16,"") | CT16: =IF(ISNUMBER(SEARCH("02",AX16)),B16,"") | CU16: =IF(ISNUMBER(SEARCH("03",AX16)),B16,"") | CV16: =IF(ISNUMBER(SEARCH("04",AX16)),B16,"") | CW16: =IF(ISNUMBER(SEARCH("05",AX16)),B16,"") | CX16: =IF(ISNUMBER(SEARCH("06",AX16)),B16,"") | CY16: =IF(ISNUMBER(SEARCH("07",AX16)),B16,"") | CZ16: =IF(ISNUMBER(SEARCH("08",AX16)),B16,"") | DA16: =IF(ISNUMBER(SEARCH("09",AX16)),B16,"") | DB16: =IF(ISNUMBER(SEARCH("10",AX16)),B16,"") | DC16: =IF(ISNUMBER(SEARCH("01",BC16)),B16,"") | DD16: =IF(ISNUMBER(SEARCH("02",BC16)),B16,"") | DE16: =IF(ISNUMBER(SEARCH("03",BC16)),B16,"") | DF16: =IF(ISNUMBER(SEARCH("04",BC16)),B16,"")
B17: 12 | P17: =IF(ISBLANK(M17),"",VLOOKUP(M17,ComboValue!$D$2:$H$18,5,FALSE)) | R17: {=IF(OR(ISNUMBER(SEARCH("SGH05",$D17:$L17)),ISNUMBER(SEARCH("SGH06",$D17:$L17)),ISNUMBER(SEARCH("SGH07",$D17:$L17)),ISNUMBER(SEARCH("SGH08",$D17:$L17)),ISNUMBER(SEARCH("pas de pictogramme",$D17:$L17)),ISNUMBER(SEARCH("SGH09",$D17:$L17)),ISNUMBER(SEARCH("SGH03",$D17:$L17))),"OUI","NON")} -> NON | AX17: {=_xlfn.TEXTJOIN(",", TRUE, IF(D17:L17="","",VLOOKUP(D17:L17, ComboValue!$A$2:$C$11, 3, FALSE)))} | AY17: =IF(ISNUMBER(SEARCH("04",AX17)),"Gaz_Fr","Tous_Fr") -> Tous_Fr | AZ17: =IF(ISBLANK(M17),"",VLOOKUP(M17,ComboValue!$D$2:$F$18,3,FALSE)) | BA17: =IF(ISBLANK(N17),"",VLOOKUP(N17,ComboValue!$J$2:$L$5,3,FALSE)) | BB17: {=_xlfn.TEXTJOIN(",", TRUE, IF(S17:AV17="","",VLOOKUP(S17:AV17, ComboValue!$M$2:$O$100, 3, FALSE)))} | BC17: =IF(AND(ISNUMBER(SEARCH("04",AX17)),NOT(OR("C_01"=AZ17,"C_01b"=AZ17,"C_02"=AZ17,"C_03"=AZ17))),"01,","") & IF(OR(AND("C_01"=AZ17,NOT("04"=BA17)),AND("C_02"=AZ17,NOT("04"=BA17)),AND("C_03"=AZ17,NOT("04"=BA17)),AND("C_04"=AZ17,NOT("01"=BA17)),AND("C_05"=AZ17,NOT("01"=BA17)),AND("C_06"=AZ17,OR("04"=BA17,BA17="")),AND("C_07"=AZ17,OR("04"=BA17,BA17="")),AND("C_08"=AZ17,NOT("03"=BA17)),AND("C_09"=AZ17,NOT("03"=BA17)),AND("C_10"=AZ17,NOT("04"=BA17)),AND("C_11"=AZ17,NOT("04"=BA17)),AND("C_12"=AZ17,NOT("04"=BA17)),AND("C_13"=AZ17,NOT("04"=BA17)),AND("C_14"=AZ17,NOT("04"=BA17))),"02,","") & IF(AND(OR(ISNUMBER(SEARCH("11",BB17)),ISNUMBER(SEARCH("12",BB17))),NOT("01"=BA17)),"03,","") & IF(AND(ISNUMBER(SEARCH("13",BB17)),NOT("02"=BA17)),"04,","") | BE17: =IF(ISNUMBER(SEARCH("01",AX17)),O17,"") | BF17: =IF(ISNUMBER(SEARCH("02",AX17)),O17,"") | BG17: =IF(ISNUMBER(SEARCH("03",AX17)),O17,"") | BH17: =IF(ISNUMBER(SEARCH("04",AX17)),O17,"") | BI17: =IF(ISNUMBER(SEARCH("05",AX17)),O17,"") | BJ17: =IF(ISNUMBER(SEARCH("06",AX17)),O17,"") | BK17: =IF(ISNUMBER(SEARCH("07",AX17)),O17,"") | BL17: =IF(ISNUMBER(SEARCH("08",AX17)),O17,"") | BM17: =IF(ISNUMBER(SEARCH("09",AX17)),O17,"") | BN17: =IF(ISNUMBER(SEARCH("10",AX17)),O17,"") | BO17: =IF(BF17="",0,BF17) -> 0 | BP17: =IF(BI17="",0,BI17-BQ17-BO17) -> 0 | BQ17: =IF(BJ17="",0,BJ17-BO17) -> 0 | BR17: =IF(BK17="",0,BK17-BS17-BP17-BQ17-BO17) -> 0 | BS17: =IF(BK17="",0,BK17-BP17-BQ17-BO17) -> 0 | BT17: =IF(BL17="",0,BL17-BR17-BS17-BP17-BQ17-BO17) -> 0 | BU17: =IF(AZ17="C_01",O17,"") | BV17: =IF(AZ17="C_01b",O17,"") | BW17: =IF(AZ17="C_02",O17,"") | BX17: =IF(AZ17="C_03",O17,"") | BY17: =IF(AND(OR(AZ17="C_04",AZ17="C_06"),BA17="01"),O17,"") | BZ17: =IF(AND(OR(AZ17="C_05",AZ17="C_07"),BA17="01"),O17,"") | CA17: =IF(AND(AZ17="C_06",BA17="02"),O17,"") | CB17: =IF(AND(AZ17="C_07",BA17="02"),O17,"") | CC17: =IF(AND(OR(AZ17="C_06",AZ17="C_08"),BA17="03"),O17,"") | CD17: =IF(AND(OR(AZ17="C_07",AZ17="C_09"),BA17="03"),O17,"") | CE17: =IF(AZ17="C_10",O17,"") | CF17: =IF(AZ17="C_11",O17,"") | CG17: =IF(AZ17="C_12",O17,"") | CH17: =IF(AZ17="C_13",O17,"") | CI17: =IF(AZ17="C_14",O17,"") | CJ17: =IF(AZ17="C_15",O17,"") | CK17: {=IF(AND(AZ17="C_16", SUMPRODUCT(--ISNUMBER(SEARCH({"14","34","38","40","41","42","43","46","48","56","64","65"},BB17)))>0), O17-IF(ISNUMBER(CL17),CL17,0), "")} | CL17: {=IF(AND(AZ17="C_16", SUMPRODUCT(--ISNUMBER(SEARCH({"01";"02";"03";"04";"05";"06";"07";"08";"09";"10";"11";"12";"13";"15";"16";"17";"19";"20";"21";"22";"23";"24";"25";"26";"27";"28";"29";"30";"31";"32";"33";"35";"36";"37";"39";"44";"45";"47";"49";"50";"51";"52";"53";"54";"55";"57";"58";"59";"60";"61";"62";"63";"66";"67";"68";"69";"70";"71";"72";"73";"74";"75"}, BB17)))>0), O17, "")} | CM17: {=IF(SUMPRODUCT(--ISNUMBER(SEARCH({"32";"35";"36";"44";"45";"47";"50";"51";"52";"53";"54";"55";"57";"58";"59";"60"}, BB17)))>0, B17, "")} | CN17: {=IF(SUMPRODUCT(--ISNUMBER(SEARCH({"61";"62"}, BB17)))>0, B17, "")} | CO17: {=IF(SUMPRODUCT(--ISNUMBER(SEARCH({"68";"69";"70";"71"}, BB17)))>0, B17, "")} | CP17: {=IF(SUMPRODUCT(--ISNUMBER(SEARCH({"72";"73";"74";"75"}, BB17)))>0, B17, "")} | CQ17: =IF(ISNUMBER(SEARCH("REACH",M17)),B17,"") | CR17: =IF(OR(AZ17="C_15", CM17<>"",CN17<>"",CO17<>"",CP17<>""), "YES", "NO") -> NO | CS17: =IF(ISNUMBER(SEARCH("01",AX17)),B17,"") | CT17: =IF(ISNUMBER(SEARCH("02",AX17)),B17,"") | CU17: =IF(ISNUMBER(SEARCH("03",AX17)),B17,"") | CV17: =IF(ISNUMBER(SEARCH("04",AX17)),B17,"") | CW17: =IF(ISNUMBER(SEARCH("05",AX17)),B17,"") | CX17: =IF(ISNUMBER(SEARCH("06",AX17)),B17,"") | CY17: =IF(ISNUMBER(SEARCH("07",AX17)),B17,"") | CZ17: =IF(ISNUMBER(SEARCH("08",AX17)),B17,"") | DA17: =IF(ISNUMBER(SEARCH("09",AX17)),B17,"") | DB17: =IF(ISNUMBER(SEARCH("10",AX17)),B17,"") | DC17: =IF(ISNUMBER(SEARCH("01",BC17)),B17,"") | DD17: =IF(ISNUMBER(SEARCH("02",BC17)),B17,"") | DE17: =IF(ISNUMBER(SEARCH("03",BC17)),B17,"") | DF17: =IF(ISNUMBER(SEARCH("04",BC17)),B17,"")
... B505: 500 | P505: =IF(ISBLANK(M505),"",VLOOKUP(M505,ComboValue!$D$2:$H$18,5,FALSE)) | R505: {=IF(OR(ISNUMBER(SEARCH("SGH05",$D505:$L505)),ISNUMBER(SEARCH("SGH06",$D505:$L505)),ISNUMBER(SEARCH("SGH07",$D505:$L505)),ISNUMBER(SEARCH("SGH08",$D505:$L505)),ISNUMBER(SEARCH("pas de pictogramme",$D505:$L505)),ISNUMBER(SEARCH("SGH09",$D505:$L505)),ISNUMBER(SEARCH("SGH03",$D505:$L505))),"OUI","NON")} -> NON | AX505: {=_xlfn.TEXTJOIN(",", TRUE, IF(D505:L505="","",VLOOKUP(D505:L505, ComboValue!$A$2:$C$11, 3, FALSE)))} | AY505: =IF(ISNUMBER(SEARCH("04",AX505)),"Gaz_Fr","Tous_Fr") -> Tous_Fr | AZ505: =IF(ISBLANK(M505),"",VLOOKUP(M505,ComboValue!$D$2:$F$18,3,FALSE)) | BA505: =IF(ISBLANK(N505),"",VLOOKUP(N505,ComboValue!$J$2:$L$5,3,FALSE)) | BB505: {=_xlfn.TEXTJOIN(",", TRUE, IF(S505:AV505="","",VLOOKUP(S505:AV505, ComboValue!$M$2:$O$100, 3, FALSE)))} | BC505: =IF(AND(ISNUMBER(SEARCH("04",AX505)),NOT(OR("C_01"=AZ505,"C_01b"=AZ505,"C_02"=AZ505,"C_03"=AZ505))),"01,","") & IF(OR(AND("C_01"=AZ505,NOT("04"=BA505)),AND("C_02"=AZ505,NOT("04"=BA505)),AND("C_03"=AZ505,NOT("04"=BA505)),AND("C_04"=AZ505,NOT("01"=BA505)),AND("C_05"=AZ505,NOT("01"=BA505)),AND("C_06"=AZ505,OR("04"=BA505,BA505="")),AND("C_07"=AZ505,OR("04"=BA505,BA505="")),AND("C_08"=AZ505,NOT("03"=BA505)),AND("C_09"=AZ505,NOT("03"=BA505)),AND("C_10"=AZ505,NOT("04"=BA505)),AND("C_11"=AZ505,NOT("04"=BA505)),AND("C_12"=AZ505,NOT("04"=BA505)),AND("C_13"=AZ505,NOT("04"=BA505)),AND("C_14"=AZ505,NOT("04"=BA505))),"02,","") & IF(AND(OR(ISNUMBER(SEARCH("11",BB505)),ISNUMBER(SEARCH("12",BB505))),NOT("01"=BA505)),"03,","") & IF(AND(ISNUMBER(SEARCH("13",BB505)),NOT("02"=BA505)),"04,","") | BE505: =IF(ISNUMBER(SEARCH("01",AX505)),O505,"") | BF505: =IF(ISNUMBER(SEARCH("02",AX505)),O505,"") | BG505: =IF(ISNUMBER(SEARCH("03",AX505)),O505,"") | BH505: =IF(ISNUMBER(SEARCH("04",AX505)),O505,"") | BI505: =IF(ISNUMBER(SEARCH("05",AX505)),O505,"") | BJ505: =IF(ISNUMBER(SEARCH("06",AX505)),O505,"") | BK505: =IF(ISNUMBER(SEARCH("07",AX505)),O505,"") | BL505: =IF(ISNUMBER(SEARCH("08",AX505)),O505,"") | BM505: =IF(ISNUMBER(SEARCH("09",AX505)),O505,"") | BN505: =IF(ISNUMBER(SEARCH("10",AX505)),O505,"") | BO505: =IF(BF505="",0,BF505) -> 0 | BP505: =IF(BI505="",0,BI505-BQ505-BO505) -> 0 | BQ505: =IF(BJ505="",0,BJ505-BO505) -> 0 | BR505: =IF(BK505="",0,BK505-BS505-BP505-BQ505-BO505) -> 0 | BS505: =IF(BK505="",0,BK505-BP505-BQ505-BO505) -> 0 | BT505: =IF(BL505="",0,BL505-BR505-BS505-BP505-BQ505-BO505) -> 0 | BU505: =IF(AZ505="C_01",O505,"") | BV505: =IF(AZ505="C_01b",O505,"") | BW505: =IF(AZ505="C_02",O505,"") | BX505: =IF(AZ505="C_03",O505,"") | BY505: =IF(AND(OR(AZ505="C_04",AZ505="C_06"),BA505="01"),O505,"") | BZ505: =IF(AND(OR(AZ505="C_05",AZ505="C_07"),BA505="01"),O505,"") | CA505: =IF(AND(AZ505="C_06",BA505="02"),O505,"") | CB505: =IF(AND(AZ505="C_07",BA505="02"),O505,"") | CC505: =IF(AND(OR(AZ505="C_06",AZ505="C_08"),BA505="03"),O505,"") | CD505: =IF(AND(OR(AZ505="C_07",AZ505="C_09"),BA505="03"),O505,"") | CE505: =IF(AZ505="C_10",O505,"") | CF505: =IF(AZ505="C_11",O505,"") | CG505: =IF(AZ505="C_12",O505,"") | CH505: =IF(AZ505="C_13",O505,"") | CI505: =IF(AZ505="C_14",O505,"") | CJ505: =IF(AZ505="C_15",O505,"") | CK505: {=IF(AND(AZ505="C_16", SUMPRODUCT(--ISNUMBER(SEARCH({"14","34","38","40","41","42","43","46","48","56","64","65"},BB505)))>0), O505-IF(ISNUMBER(CL505),CL505,0), "")} | CL505: {=IF(AND(AZ505="C_16", SUMPRODUCT(--ISNUMBER(SEARCH({"01";"02";"03";"04";"05";"06";"07";"08";"09";"10";"11";"12";"13";"15";"16";"17";"19";"20";"21";"22";"23";"24";"25";"26";"27";"28";"29";"30";"31";"32";"33";"35";"36";"37";"39";"44";"45";"47";"49";"50";"51";"52";"53";"54";"55";"57";"58";"59";"60";"61";"62";"63";"66";"67";"68";"69";"70";"71";"72";"73";"74";"75"}, BB505)))>0), O505, "")} | CM505: {=IF(SUMPRODUCT(--ISNUMBER(SEARCH({"32";"35";"36";"44";"45";"47";"50";"51";"52";"53";"54";"55";"57";"58";"59";"60"}, BB505)))>0, B505, "")} | CN505: {=IF(SUMPRODUCT(--ISNUMBER(SEARCH({"61";"62"}, BB505)))>0, B505, "")} | CO505: {=IF(SUMPRODUCT(--ISNUMBER(SEARCH({"68";"69";"70";"71"}, BB505)))>0, B505, "")} | CP505: {=IF(SUMPRODUCT(--ISNUMBER(SEARCH({"72";"73";"74";"75"}, BB505)))>0, B505, "")} | CQ505: =IF(ISNUMBER(SEARCH("REACH",M505)),B505,"") | CR505: =IF(OR(AZ505="C_15", CM505<>"",CN505<>"",CO505<>"",CP505<>""), "YES", "NO") -> NO | CS505: =IF(ISNUMBER(SEARCH("01",AX505)),B505,"") | CT505: =IF(ISNUMBER(SEARCH("02",AX505)),B505,"") | CU505: =IF(ISNUMBER(SEARCH("03",AX505)),B505,"") | CV505: =IF(ISNUMBER(SEARCH("04",AX505)),B505,"") | CW505: =IF(ISNUMBER(SEARCH("05",AX505)),B505,"") | CX505: =IF(ISNUMBER(SEARCH("06",AX505)),B505,"") | CY505: =IF(ISNUMBER(SEARCH("07",AX505)),B505,"") | CZ505: =IF(ISNUMBER(SEARCH("08",AX505)),B505,"") | DA505: =IF(ISNUMBER(SEARCH("09",AX505)),B505,"") | DB505: =IF(ISNUMBER(SEARCH("10",AX505)),B505,"") | DC505: =IF(ISNUMBER(SEARCH("01",BC505)),B505,"") | DD505: =IF(ISNUMBER(SEARCH("02",BC505)),B505,"") | DE505: =IF(ISNUMBER(SEARCH("03",BC505)),B505,"") | DF505: =IF(ISNUMBER(SEARCH("04",BC505)),B505,"")
B508: Si vous utilisez plus de 30 produits dangereux, utilisez les [+] à gauche pour afficher plus de lignes.

Sheet 3. Produits Préoccupants
C1: 3. Produits Particulièrement Préoccupants | G1: /!\ Une ligne "vide" est apparue ! Assurez vous de ne pas avoir laissé d'espace entre deux lignes de l'onglet 2. Inventaire.
B2: /!\ Cet onglet ne concerne que les produits effectivement utilisés ! Si un produit est uniquement stocké, vous pouvez laisser la ligne vide. | G2: Liste des susbstances soumises à l'annexe XIV de REACH
B3: (Numéro du produit) | C3: Nom ou "famille" de produits dangereux | D3: Quantité maximale stockée | E3: Unité | F3: Substance reprise à l'annexe XIV de REACH | G3: Justificatif de l'utilisation | H3: Quantités annuelles utilisées [kg/an] ou [l/an] | I3: Rejet dans l'air (OUI/NON) | J3: Rejet filtré / procédé fermé (OUI/NON) | K3: Rejet dans l'eau (OUI/NON) | L3: Commentaires
B4: Automatique | C4: Automatique | D4: Automatique | E4: Automatique | F4: Automatique | G4: A remplir | H4: A remplir | I4: Liste Déroulante | J4: Liste Déroulante | K4: Liste Déroulante | L4: Champs libre
B5: {=IFERROR(INDEX('2. Inventaire'!$B$6:$CR$505,SMALL(IF('2. Inventaire'!$CR$6:$CR$505="YES",ROW('2. Inventaire'!$B$6:$CR$505)-5),ROW(1:1)),1),"")} | C5: =IFERROR(VLOOKUP($B5,'2. Inventaire'!$B$6:$Q$505,2),"") | D5: =IFERROR(VLOOKUP($B5,'2. Inventaire'!B6:Q505,14),"") | E5: =IFERROR(VLOOKUP($B5,'2. Inventaire'!B6:Q505,15),"") | F5: =IF(VLOOKUP(B5,'2. Inventaire'!$B$6:$M$500,12,FALSE)="","",IF(VLOOKUP(B5,'2. Inventaire'!$B$6:$M$500,12,FALSE)="Substances annexe XIV de REACH","Oui","Non")) -> #N/A
B6: {=IFERROR(INDEX('2. Inventaire'!$B$6:$CR$505,SMALL(IF('2. Inventaire'!$CR$6:$CR$505="YES",ROW('2. Inventaire'!$B$6:$CR$505)-5),ROW(2:2)),1),"")} | C6: =IFERROR(VLOOKUP($B6,'2. Inventaire'!$B$6:$Q$505,2),"") | D6: =IFERROR(VLOOKUP($B6,'2. Inventaire'!B7:Q506,14),"") | E6: =IFERROR(VLOOKUP($B6,'2. Inventaire'!B7:Q506,15),"") | F6: =IF(VLOOKUP(B6,'2. Inventaire'!$B$6:$M$500,12,FALSE)="","",IF(VLOOKUP(B6,'2. Inventaire'!$B$6:$M$500,12,FALSE)="Substances annexe XIV de REACH","Oui","Non")) -> #N/A
B7: {=IFERROR(INDEX('2. Inventaire'!$B$6:$CR$505,SMALL(IF('2. Inventaire'!$CR$6:$CR$505="YES",ROW('2. Inventaire'!$B$6:$CR$505)-5),ROW(3:3)),1),"")} | C7: =IFERROR(VLOOKUP($B7,'2. Inventaire'!$B$6:$Q$505,2),"") | D7: =IFERROR(VLOOKUP($B7,'2. Inventaire'!B8:Q507,14),"") | E7: =IFERROR(VLOOKUP($B7,'2. Inventaire'!B8:Q507,15),"") | F7: =IF(VLOOKUP(B7,'2. Inventaire'!$B$6:$M$500,12,FALSE)="","",IF(VLOOKUP(B7,'2. Inventaire'!$B$6:$M$500,12,FALSE)="Substances annexe XIV de REACH","Oui","Non")) -> #N/A
B8: {=IFERROR(INDEX('2. Inventaire'!$B$6:$CR$505,SMALL(IF('2. Inventaire'!$CR$6:$CR$505="YES",ROW('2. Inventaire'!$B$6:$CR$505)-5),ROW(4:4)),1),"")} | C8: =IFERROR(VLOOKUP($B8,'2. Inventaire'!$B$6:$Q$505,2),"") | D8: =IFERROR(VLOOKUP($B8,'2. Inventaire'!B9:Q508,14),"") | E8: =IFERROR(VLOOKUP($B8,'2. Inventaire'!B9:Q508,15),"") | F8: =IF(VLOOKUP(B8,'2. Inventaire'!$B$6:$M$500,12,FALSE)="","",IF(VLOOKUP(B8,'2. Inventaire'!$B$6:$M$500,12,FALSE)="Substances annexe XIV de REACH","Oui","Non")) -> #N/A
B9: {=IFERROR(INDEX('2. Inventaire'!$B$6:$CR$505,SMALL(IF('2. Inventaire'!$CR$6:$CR$505="YES",ROW('2. Inventaire'!$B$6:$CR$505)-5),ROW(5:5)),1),"")} | C9: =IFERROR(VLOOKUP($B9,'2. Inventaire'!$B$6:$Q$505,2),"") | D9: =IFERROR(VLOOKUP($B9,'2. Inventaire'!B10:Q509,14),"") | E9: =IFERROR(VLOOKUP($B9,'2. Inventaire'!B10:Q509,15),"") | F9: =IF(VLOOKUP(B9,'2. Inventaire'!$B$6:$M$500,12,FALSE)="","",IF(VLOOKUP(B9,'2. Inventaire'!$B$6:$M$500,12,FALSE)="Substances annexe XIV de REACH","Oui","Non")) -> #N/A
B10: {=IFERROR(INDEX('2. Inventaire'!$B$6:$CR$505,SMALL(IF('2. Inventaire'!$CR$6:$CR$505="YES",ROW('2. Inventaire'!$B$6:$CR$505)-5),ROW(6:6)),1),"")} | C10: =IFERROR(VLOOKUP($B10,'2. Inventaire'!$B$6:$Q$505,2),"") | D10: =IFERROR(VLOOKUP($B10,'2. Inventaire'!B11:Q510,14),"") | E10: =IFERROR(VLOOKUP($B10,'2. Inventaire'!B11:Q510,15),"") | F10: =IF(VLOOKUP(B10,'2. Inventaire'!$B$6:$M$500,12,FALSE)="","",IF(VLOOKUP(B10,'2. Inventaire'!$B$6:$M$500,12,FALSE)="Substances annexe XIV de REACH","Oui","Non")) -> #N/A
B11: {=IFERROR(INDEX('2. Inventaire'!$B$6:$CR$505,SMALL(IF('2. Inventaire'!$CR$6:$CR$505="YES",ROW('2. Inventaire'!$B$6:$CR$505)-5),ROW(7:7)),1),"")} | C11: =IFERROR(VLOOKUP($B11,'2. Inventaire'!$B$6:$Q$505,2),"") | D11: =IFERROR(VLOOKUP($B11,'2. Inventaire'!B12:Q511,14),"") | E11: =IFERROR(VLOOKUP($B11,'2. Inventaire'!B12:Q511,15),"") | F11: =IF(VLOOKUP(B11,'2. Inventaire'!$B$6:$M$500,12,FALSE)="","",IF(VLOOKUP(B11,'2. Inventaire'!$B$6:$M$500,12,FALSE)="Substances annexe XIV de REACH","Oui","Non")) -> #N/A
B12: {=IFERROR(INDEX('2. Inventaire'!$B$6:$CR$505,SMALL(IF('2. Inventaire'!$CR$6:$CR$505="YES",ROW('2. Inventaire'!$B$6:$CR$505)-5),ROW(8:8)),1),"")} | C12: =IFERROR(VLOOKUP($B12,'2. Inventaire'!$B$6:$Q$505,2),"") | D12: =IFERROR(VLOOKUP($B12,'2. Inventaire'!B13:Q512,14),"") | E12: =IFERROR(VLOOKUP($B12,'2. Inventaire'!B13:Q512,15),"") | F12: =IF(VLOOKUP(B12,'2. Inventaire'!$B$6:$M$500,12,FALSE)="","",IF(VLOOKUP(B12,'2. Inventaire'!$B$6:$M$500,12,FALSE)="Substances annexe XIV de REACH","Oui","Non")) -> #N/A
B13: {=IFERROR(INDEX('2. Inventaire'!$B$6:$CR$505,SMALL(IF('2. Inventaire'!$CR$6:$CR$505="YES",ROW('2. Inventaire'!$B$6:$CR$505)-5),ROW(9:9)),1),"")} | C13: =IFERROR(VLOOKUP($B13,'2. Inventaire'!$B$6:$Q$505,2),"") | D13: =IFERROR(VLOOKUP($B13,'2. Inventaire'!B14:Q513,14),"") | E13: =IFERROR(VLOOKUP($B13,'2. Inventaire'!B14:Q513,15),"") | F13: =IF(VLOOKUP(B13,'2. Inventaire'!$B$6:$M$500,12,FALSE)="","",IF(VLOOKUP(B13,'2. Inventaire'!$B$6:$M$500,12,FALSE)="Substances annexe XIV de REACH","Oui","Non")) -> #N/A
B14: {=IFERROR(INDEX('2. Inventaire'!$B$6:$CR$505,SMALL(IF('2. Inventaire'!$CR$6:$CR$505="YES",ROW('2. Inventaire'!$B$6:$CR$505)-5),ROW(10:10)),1),"")} | C14: =IFERROR(VLOOKUP($B14,'2. Inventaire'!$B$6:$Q$505,2),"") | D14: =IFERROR(VLOOKUP($B14,'2. Inventaire'!B15:Q514,14),"") | E14: =IFERROR(VLOOKUP($B14,'2. Inventaire'!B15:Q514,15),"") | F14: =IF(VLOOKUP(B14,'2. Inventaire'!$B$6:$M$500,12,FALSE)="","",IF(VLOOKUP(B14,'2. Inventaire'!$B$6:$M$500,12,FALSE)="Substances annexe XIV de REACH","Oui","Non")) -> #N/A
B15: {=IFERROR(INDEX('2. Inventaire'!$B$6:$CR$505,SMALL(IF('2. Inventaire'!$CR$6:$CR$505="YES",ROW('2. Inventaire'!$B$6:$CR$505)-5),ROW(11:11)),1),"")} | C15: =IFERROR(VLOOKUP($B15,'2. Inventaire'!$B$6:$Q$505,2),"") | D15: =IFERROR(VLOOKUP($B15,'2. Inventaire'!B16:Q515,14),"") | E15: =IFERROR(VLOOKUP($B15,'2. Inventaire'!B16:Q515,15),"") | F15: =IF(VLOOKUP(B15,'2. Inventaire'!$B$6:$M$500,12,FALSE)="","",IF(VLOOKUP(B15,'2. Inventaire'!$B$6:$M$500,12,FALSE)="Substances annexe XIV de REACH","Oui","Non")) -> #N/A
B16: {=IFERROR(INDEX('2. Inventaire'!$B$6:$CR$505,SMALL(IF('2. Inventaire'!$CR$6:$CR$505="YES",ROW('2. Inventaire'!$B$6:$CR$505)-5),ROW(12:12)),1),"")} | C16: =IFERROR(VLOOKUP($B16,'2. Inventaire'!$B$6:$Q$505,2),"") | D16: =IFERROR(VLOOKUP($B16,'2. Inventaire'!B17:Q516,14),"") | E16: =IFERROR(VLOOKUP($B16,'2. Inventaire'!B17:Q516,15),"") | F16: =IF(VLOOKUP(B16,'2. Inventaire'!$B$6:$M$500,12,FALSE)="","",IF(VLOOKUP(B16,'2. Inventaire'!$B$6:$M$500,12,FALSE)="Substances annexe XIV de REACH","Oui","Non")) -> #N/A
B17: {=IFERROR(INDEX('2. Inventaire'!$B$6:$CR$505,SMALL(IF('2. Inventaire'!$CR$6:$CR$505="YES",ROW('2. Inventaire'!$B$6:$CR$505)-5),ROW(13:13)),1),"")} | C17: =IFERROR(VLOOKUP($B17,'2. Inventaire'!$B$6:$Q$505,2),"") | D17: =IFERROR(VLOOKUP($B17,'2. Inventaire'!B18:Q517,14),"") | E17: =IFERROR(VLOOKUP($B17,'2. Inventaire'!B18:Q517,15),"") | F17: =IF(VLOOKUP(B17,'2. Inventaire'!$B$6:$M$500,12,FALSE)="","",IF(VLOOKUP(B17,'2. Inventaire'!$B$6:$M$500,12,FALSE)="Substances annexe XIV de REACH","Oui","Non")) -> #N/A
B18: {=IFERROR(INDEX('2. Inventaire'!$B$6:$CR$505,SMALL(IF('2. Inventaire'!$CR$6:$CR$505="YES",ROW('2. Inventaire'!$B$6:$CR$505)-5),ROW(14:14)),1),"")} | C18: =IFERROR(VLOOKUP($B18,'2. Inventaire'!$B$6:$Q$505,2),"") | D18: =IFERROR(VLOOKUP($B18,'2. Inventaire'!B19:Q518,14),"") | E18: =IFERROR(VLOOKUP($B18,'2. Inventaire'!B19:Q518,15),"") | F18: =IF(VLOOKUP(B18,'2. Inventaire'!$B$6:$M$500,12,FALSE)="","",IF(VLOOKUP(B18,'2. Inventaire'!$B$6:$M$500,12,FALSE)="Substances annexe XIV de REACH","Oui","Non")) -> #N/A
B19: {=IFERROR(INDEX('2. Inventaire'!$B$6:$CR$505,SMALL(IF('2. Inventaire'!$CR$6:$CR$505="YES",ROW('2. Inventaire'!$B$6:$CR$505)-5),ROW(15:15)),1),"")} | C19: =IFERROR(VLOOKUP($B19,'2. Inventaire'!$B$6:$Q$505,2),"") | D19: =IFERROR(VLOOKUP($B19,'2. Inventaire'!B20:Q519,14),"") | E19: =IFERROR(VLOOKUP($B19,'2. Inventaire'!B20:Q519,15),"") | F19: =IF(VLOOKUP(B19,'2. Inventaire'!$B$6:$M$500,12,FALSE)="","",IF(VLOOKUP(B19,'2. Inventaire'!$B$6:$M$500,12,FALSE)="Substances annexe XIV de REACH","Oui","Non")) -> #N/A
B20: {=IFERROR(INDEX('2. Inventaire'!$B$6:$CR$505,SMALL(IF('2. Inventaire'!$CR$6:$CR$505="YES",ROW('2. Inventaire'!$B$6:$CR$505)-5),ROW(16:16)),1),"")} | C20: =IFERROR(VLOOKUP($B20,'2. Inventaire'!$B$6:$Q$505,2),"") | D20: =IFERROR(VLOOKUP($B20,'2. Inventaire'!B21:Q520,14),"") | E20: =IFERROR(VLOOKUP($B20,'2. Inventaire'!B21:Q520,15),"") | F20: =IF(VLOOKUP(B20,'2. Inventaire'!$B$6:$M$500,12,FALSE)="","",IF(VLOOKUP(B20,'2. Inventaire'!$B$6:$M$500,12,FALSE)="Substances annexe XIV de REACH","Oui","Non")) -> #N/A
B21: {=IFERROR(INDEX('2. Inventaire'!$B$6:$CR$505,SMALL(IF('2. Inventaire'!$CR$6:$CR$505="YES",ROW('2. Inventaire'!$B$6:$CR$505)-5),ROW(17:17)),1),"")} | C21: =IFERROR(VLOOKUP($B21,'2. Inventaire'!$B$6:$Q$505,2),"") | D21: =IFERROR(VLOOKUP($B21,'2. Inventaire'!B22:Q521,14),"") | E21: =IFERROR(VLOOKUP($B21,'2. Inventaire'!B22:Q521,15),"") | F21: =IF(VLOOKUP(B21,'2. Inventaire'!$B$6:$M$500,12,FALSE)="","",IF(VLOOKUP(B21,'2. Inventaire'!$B$6:$M$500,12,FALSE)="Substances annexe XIV de REACH","Oui","Non")) -> #N/A
B22: {=IFERROR(INDEX('2. Inventaire'!$B$6:$CR$505,SMALL(IF('2. Inventaire'!$CR$6:$CR$505="YES",ROW('2. Inventaire'!$B$6:$CR$505)-5),ROW(18:18)),1),"")} | C22: =IFERROR(VLOOKUP($B22,'2. Inventaire'!$B$6:$Q$505,2),"") | D22: =IFERROR(VLOOKUP($B22,'2. Inventaire'!B23:Q522,14),"") | E22: =IFERROR(VLOOKUP($B22,'2. Inventaire'!B23:Q522,15),"") | F22: =IF(VLOOKUP(B22,'2. Inventaire'!$B$6:$M$500,12,FALSE)="","",IF(VLOOKUP(B22,'2. Inventaire'!$B$6:$M$500,12,FALSE)="Substances annexe XIV de REACH","Oui","Non")) -> #N/A
B23: {=IFERROR(INDEX('2. Inventaire'!$B$6:$CR$505,SMALL(IF('2. Inventaire'!$CR$6:$CR$505="YES",ROW('2. Inventaire'!$B$6:$CR$505)-5),ROW(19:19)),1),"")} | C23: =IFERROR(VLOOKUP($B23,'2. Inventaire'!$B$6:$Q$505,2),"") | D23: =IFERROR(VLOOKUP($B23,'2. Inventaire'!B24:Q523,14),"") | E23: =IFERROR(VLOOKUP($B23,'2. Inventaire'!B24:Q523,15),"") | F23: =IF(VLOOKUP(B23,'2. Inventaire'!$B$6:$M$500,12,FALSE)="","",IF(VLOOKUP(B23,'2. Inventaire'!$B$6:$M$500,12,FALSE)="Substances annexe XIV de REACH","Oui","Non")) -> #N/A
B24: {=IFERROR(INDEX('2. Inventaire'!$B$6:$CR$505,SMALL(IF('2. Inventaire'!$CR$6:$CR$505="YES",ROW('2. Inventaire'!$B$6:$CR$505)-5),ROW(20:20)),1),"")} | C24: =IFERROR(VLOOKUP($B24,'2. Inventaire'!$B$6:$Q$505,2),"") | D24: =IFERROR(VLOOKUP($B24,'2. Inventaire'!B25:Q524,14),"") | E24: =IFERROR(VLOOKUP($B24,'2. Inventaire'!B25:Q524,15),"") | F24: =IF(VLOOKUP(B24,'2. Inventaire'!$B$6:$M$500,12,FALSE)="","",IF(VLOOKUP(B24,'2. Inventaire'!$B$6:$M$500,12,FALSE)="Substances annexe XIV de REACH","Oui","Non")) -> #N/A
B25: {=IFERROR(INDEX('2. Inventaire'!$B$6:$CR$505,SMALL(IF('2. Inventaire'!$CR$6:$CR$505="YES",ROW('2. Inventaire'!$B$6:$CR$505)-5),ROW(21:21)),1),"")} | C25: =IFERROR(VLOOKUP($B25,'2. Inventaire'!$B$6:$Q$505,2),"") | D25: =IFERROR(VLOOKUP($B25,'2. Inventaire'!B26:Q525,14),"") | E25: =IFERROR(VLOOKUP($B25,'2. Inventaire'!B26:Q525,15),"") | F25: =IF(VLOOKUP(B25,'2. Inventaire'!$B$6:$M$500,12,FALSE)="","",IF(VLOOKUP(B25,'2. Inventaire'!$B$6:$M$500,12,FALSE)="Substances annexe XIV de REACH","Oui","Non")) -> #N/A
B26: {=IFERROR(INDEX('2. Inventaire'!$B$6:$CR$505,SMALL(IF('2. Inventaire'!$CR$6:$CR$505="YES",ROW('2. Inventaire'!$B$6:$CR$505)-5),ROW(22:22)),1),"")} | C26: =IFERROR(VLOOKUP($B26,'2. Inventaire'!$B$6:$Q$505,2),"") | D26: =IFERROR(VLOOKUP($B26,'2. Inventaire'!B27:Q526,14),"") | E26: =IFERROR(VLOOKUP($B26,'2. Inventaire'!B27:Q526,15),"") | F26: =IF(VLOOKUP(B26,'2. Inventaire'!$B$6:$M$500,12,FALSE)="","",IF(VLOOKUP(B26,'2. Inventaire'!$B$6:$M$500,12,FALSE)="Substances annexe XIV de REACH","Oui","Non")) -> #N/A
B27: {=IFERROR(INDEX('2. Inventaire'!$B$6:$CR$505,SMALL(IF('2. Inventaire'!$CR$6:$CR$505="YES",ROW('2. Inventaire'!$B$6:$CR$505)-5),ROW(23:23)),1),"")} | C27: =IFERROR(VLOOKUP($B27,'2. Inventaire'!$B$6:$Q$505,2),"") | D27: =IFERROR(VLOOKUP($B27,'2. Inventaire'!B28:Q527,14),"") | E27: =IFERROR(VLOOKUP($B27,'2. Inventaire'!B28:Q527,15),"") | F27: =IF(VLOOKUP(B27,'2. Inventaire'!$B$6:$M$500,12,FALSE)="","",IF(VLOOKUP(B27,'2. Inventaire'!$B$6:$M$500,12,FALSE)="Substances annexe XIV de REACH","Oui","Non")) -> #N/A
B28: {=IFERROR(INDEX('2. Inventaire'!$B$6:$CR$505,SMALL(IF('2. Inventaire'!$CR$6:$CR$505="YES",ROW('2. Inventaire'!$B$6:$CR$505)-5),ROW(24:24)),1),"")} | C28: =IFERROR(VLOOKUP($B28,'2. Inventaire'!$B$6:$Q$505,2),"") | D28: =IFERROR(VLOOKUP($B28,'2. Inventaire'!B29:Q528,14),"") | E28: =IFERROR(VLOOKUP($B28,'2. Inventaire'!B29:Q528,15),"") | F28: =IF(VLOOKUP(B28,'2. Inventaire'!$B$6:$M$500,12,FALSE)="","",IF(VLOOKUP(B28,'2. Inventaire'!$B$6:$M$500,12,FALSE)="Substances annexe XIV de REACH","Oui","Non")) -> #N/A
B29: {=IFERROR(INDEX('2. Inventaire'!$B$6:$CR$505,SMALL(IF('2. Inventaire'!$CR$6:$CR$505="YES",ROW('2. Inventaire'!$B$6:$CR$505)-5),ROW(25:25)),1),"")} | C29: =IFERROR(VLOOKUP($B29,'2. Inventaire'!$B$6:$Q$505,2),"") | D29: =IFERROR(VLOOKUP($B29,'2. Inventaire'!B30:Q529,14),"") | E29: =IFERROR(VLOOKUP($B29,'2. Inventaire'!B30:Q529,15),"") | F29: =IF(VLOOKUP(B29,'2. Inventaire'!$B$6:$M$500,12,FALSE)="","",IF(VLOOKUP(B29,'2. Inventaire'!$B$6:$M$500,12,FALSE)="Substances annexe XIV de REACH","Oui","Non")) -> #N/A
B30: {=IFERROR(INDEX('2. Inventaire'!$B$6:$CR$505,SMALL(IF('2. Inventaire'!$CR$6:$CR$505="YES",ROW('2. Inventaire'!$B$6:$CR$505)-5),ROW(26:26)),1),"")} | C30: =IFERROR(VLOOKUP($B30,'2. Inventaire'!$B$6:$Q$505,2),"") | D30: =IFERROR(VLOOKUP($B30,'2. Inventaire'!B31:Q530,14),"") | E30: =IFERROR(VLOOKUP($B30,'2. Inventaire'!B31:Q530,15),"") | F30: =IF(VLOOKUP(B30,'2. Inventaire'!$B$6:$M$500,12,FALSE)="","",IF(VLOOKUP(B30,'2. Inventaire'!$B$6:$M$500,12,FALSE)="Substances annexe XIV de REACH","Oui","Non")) -> #N/A
B31: {=IFERROR(INDEX('2. Inventaire'!$B$6:$CR$505,SMALL(IF('2. Inventaire'!$CR$6:$CR$505="YES",ROW('2. Inventaire'!$B$6:$CR$505)-5),ROW(27:27)),1),"")} | C31: =IFERROR(VLOOKUP($B31,'2. Inventaire'!$B$6:$Q$505,2),"") | D31: =IFERROR(VLOOKUP($B31,'2. Inventaire'!B32:Q531,14),"") | E31: =IFERROR(VLOOKUP($B31,'2. Inventaire'!B32:Q531,15),"") | F31: =IF(VLOOKUP(B31,'2. Inventaire'!$B$6:$M$500,12,FALSE)="","",IF(VLOOKUP(B31,'2. Inventaire'!$B$6:$M$500,12,FALSE)="Substances annexe XIV de REACH","Oui","Non")) -> #N/A
B32: {=IFERROR(INDEX('2. Inventaire'!$B$6:$CR$505,SMALL(IF('2. Inventaire'!$CR$6:$CR$505="YES",ROW('2. Inventaire'!$B$6:$CR$505)-5),ROW(28:28)),1),"")} | C32: =IFERROR(VLOOKUP($B32,'2. Inventaire'!$B$6:$Q$505,2),"") | D32: =IFERROR(VLOOKUP($B32,'2. Inventaire'!B33:Q532,14),"") | E32: =IFERROR(VLOOKUP($B32,'2. Inventaire'!B33:Q532,15),"") | F32: =IF(VLOOKUP(B32,'2. Inventaire'!$B$6:$M$500,12,FALSE)="","",IF(VLOOKUP(B32,'2. Inventaire'!$B$6:$M$500,12,FALSE)="Substances annexe XIV de REACH","Oui","Non")) -> #N/A
B33: {=IFERROR(INDEX('2. Inventaire'!$B$6:$CR$505,SMALL(IF('2. Inventaire'!$CR$6:$CR$505="YES",ROW('2. Inventaire'!$B$6:$CR$505)-5),ROW(29:29)),1),"")} | C33: =IFERROR(VLOOKUP($B33,'2. Inventaire'!$B$6:$Q$505,2),"") | D33: =IFERROR(VLOOKUP($B33,'2. Inventaire'!B34:Q533,14),"") | E33: =IFERROR(VLOOKUP($B33,'2. Inventaire'!B34:Q533,15),"") | F33: =IF(VLOOKUP(B33,'2. Inventaire'!$B$6:$M$500,12,FALSE)="","",IF(VLOOKUP(B33,'2. Inventaire'!$B$6:$M$500,12,FALSE)="Substances annexe XIV de REACH","Oui","Non")) -> #N/A
B34: {=IFERROR(INDEX('2. Inventaire'!$B$6:$CR$505,SMALL(IF('2. Inventaire'!$CR$6:$CR$505="YES",ROW('2. Inventaire'!$B$6:$CR$505)-5),ROW(30:30)),1),"")} | C34: =IFERROR(VLOOKUP($B34,'2. Inventaire'!$B$6:$Q$505,2),"") | D34: =IFERROR(VLOOKUP($B34,'2. Inventaire'!B35:Q534,14),"") | E34: =IFERROR(VLOOKUP($B34,'2. Inventaire'!B35:Q534,15),"") | F34: =IF(VLOOKUP(B34,'2. Inventaire'!$B$6:$M$500,12,FALSE)="","",IF(VLOOKUP(B34,'2. Inventaire'!$B$6:$M$500,12,FALSE)="Substances annexe XIV de REACH","Oui","Non")) -> #N/A
B35: {=IFERROR(INDEX('2. Inventaire'!$B$6:$CR$505,SMALL(IF('2. Inventaire'!$CR$6:$CR$505="YES",ROW('2. Inventaire'!$B$6:$CR$505)-5),ROW(31:31)),1),"")} | C35: =IFERROR(VLOOKUP($B35,'2. Inventaire'!$B$6:$Q$505,2),"") | D35: =IFERROR(VLOOKUP($B35,'2. Inventaire'!B36:Q535,14),"") | E35: =IFERROR(VLOOKUP($B35,'2. Inventaire'!B36:Q535,15),"") | F35: =IF(VLOOKUP(B35,'2. Inventaire'!$B$6:$M$500,12,FALSE)="","",IF(VLOOKUP(B35,'2. Inventaire'!$B$6:$M$500,12,FALSE)="Substances annexe XIV de REACH","Oui","Non")) -> #N/A
B36: {=IFERROR(INDEX('2. Inventaire'!$B$6:$CR$505,SMALL(IF('2. Inventaire'!$CR$6:$CR$505="YES",ROW('2. Inventaire'!$B$6:$CR$505)-5),ROW(32:32)),1),"")} | C36: =IFERROR(VLOOKUP($B36,'2. Inventaire'!$B$6:$Q$505,2),"") | D36: =IFERROR(VLOOKUP($B36,'2. Inventaire'!B37:Q536,14),"") | E36: =IFERROR(VLOOKUP($B36,'2. Inventaire'!B37:Q536,15),"") | F36: =IF(VLOOKUP(B36,'2. Inventaire'!$B$6:$M$500,12,FALSE)="","",IF(VLOOKUP(B36,'2. Inventaire'!$B$6:$M$500,12,FALSE)="Substances annexe XIV de REACH","Oui","Non")) -> #N/A
B37: {=IFERROR(INDEX('2. Inventaire'!$B$6:$CR$505,SMALL(IF('2. Inventaire'!$CR$6:$CR$505="YES",ROW('2. Inventaire'!$B$6:$CR$505)-5),ROW(33:33)),1),"")} | C37: =IFERROR(VLOOKUP($B37,'2. Inventaire'!$B$6:$Q$505,2),"") | D37: =IFERROR(VLOOKUP($B37,'2. Inventaire'!B38:Q537,14),"") | E37: =IFERROR(VLOOKUP($B37,'2. Inventaire'!B38:Q537,15),"") | F37: =IF(VLOOKUP(B37,'2. Inventaire'!$B$6:$M$500,12,FALSE)="","",IF(VLOOKUP(B37,'2. Inventaire'!$B$6:$M$500,12,FALSE)="Substances annexe XIV de REACH","Oui","Non")) -> #N/A
B38: {=IFERROR(INDEX('2. Inventaire'!$B$6:$CR$505,SMALL(IF('2. Inventaire'!$CR$6:$CR$505="YES",ROW('2. Inventaire'!$B$6:$CR$505)-5),ROW(34:34)),1),"")} | C38: =IFERROR(VLOOKUP($B38,'2. Inventaire'!$B$6:$Q$505,2),"") | D38: =IFERROR(VLOOKUP($B38,'2. Inventaire'!B39:Q538,14),"") | E38: =IFERROR(VLOOKUP($B38,'2. Inventaire'!B39:Q538,15),"") | F38: =IF(VLOOKUP(B38,'2. Inventaire'!$B$6:$M$500,12,FALSE)="","",IF(VLOOKUP(B38,'2. Inventaire'!$B$6:$M$500,12,FALSE)="Substances annexe XIV de REACH","Oui","Non")) -> #N/A
B39: {=IFERROR(INDEX('2. Inventaire'!$B$6:$CR$505,SMALL(IF('2. Inventaire'!$CR$6:$CR$505="YES",ROW('2. Inventaire'!$B$6:$CR$505)-5),ROW(35:35)),1),"")} | C39: =IFERROR(VLOOKUP($B39,'2. Inventaire'!$B$6:$Q$505,2),"") | D39: =IFERROR(VLOOKUP($B39,'2. Inventaire'!B40:Q539,14),"") | E39: =IFERROR(VLOOKUP($B39,'2. Inventaire'!B40:Q539,15),"") | F39: =IF(VLOOKUP(B39,'2. Inventaire'!$B$6:$M$500,12,FALSE)="","",IF(VLOOKUP(B39,'2. Inventaire'!$B$6:$M$500,12,FALSE)="Substances annexe XIV de REACH","Oui","Non")) -> #N/A
B40: {=IFERROR(INDEX('2. Inventaire'!$B$6:$CR$505,SMALL(IF('2. Inventaire'!$CR$6:$CR$505="YES",ROW('2. Inventaire'!$B$6:$CR$505)-5),ROW(36:36)),1),"")} | C40: =IFERROR(VLOOKUP($B40,'2. Inventaire'!$B$6:$Q$505,2),"") | D40: =IFERROR(VLOOKUP($B40,'2. Inventaire'!B41:Q540,14),"") | E40: =IFERROR(VLOOKUP($B40,'2. Inventaire'!B41:Q540,15),"") | F40: =IF(VLOOKUP(B40,'2. Inventaire'!$B$6:$M$500,12,FALSE)="","",IF(VLOOKUP(B40,'2. Inventaire'!$B$6:$M$500,12,FALSE)="Substances annexe XIV de REACH","Oui","Non")) -> #N/A
B41: {=IFERROR(INDEX('2. Inventaire'!$B$6:$CR$505,SMALL(IF('2. Inventaire'!$CR$6:$CR$505="YES",ROW('2. Inventaire'!$B$6:$CR$505)-5),ROW(37:37)),1),"")} | C41: =IFERROR(VLOOKUP($B41,'2. Inventaire'!$B$6:$Q$505,2),"") | D41: =IFERROR(VLOOKUP($B41,'2. Inventaire'!B42:Q541,14),"") | E41: =IFERROR(VLOOKUP($B41,'2. Inventaire'!B42:Q541,15),"") | F41: =IF(VLOOKUP(B41,'2. Inventaire'!$B$6:$M$500,12,FALSE)="","",IF(VLOOKUP(B41,'2. Inventaire'!$B$6:$M$500,12,FALSE)="Substances annexe XIV de REACH","Oui","Non")) -> #N/A
B42: {=IFERROR(INDEX('2. Inventaire'!$B$6:$CR$505,SMALL(IF('2. Inventaire'!$CR$6:$CR$505="YES",ROW('2. Inventaire'!$B$6:$CR$505)-5),ROW(38:38)),1),"")} | C42: =IFERROR(VLOOKUP($B42,'2. Inventaire'!$B$6:$Q$505,2),"") | D42: =IFERROR(VLOOKUP($B42,'2. Inventaire'!B43:Q542,14),"") | E42: =IFERROR(VLOOKUP($B42,'2. Inventaire'!B43:Q542,15),"") | F42: =IF(VLOOKUP(B42,'2. Inventaire'!$B$6:$M$500,12,FALSE)="","",IF(VLOOKUP(B42,'2. Inventaire'!$B$6:$M$500,12,FALSE)="Substances annexe XIV de REACH","Oui","Non")) -> #N/A
B43: {=IFERROR(INDEX('2. Inventaire'!$B$6:$CR$505,SMALL(IF('2. Inventaire'!$CR$6:$CR$505="YES",ROW('2. Inventaire'!$B$6:$CR$505)-5),ROW(39:39)),1),"")} | C43: =IFERROR(VLOOKUP($B43,'2. Inventaire'!$B$6:$Q$505,2),"") | D43: =IFERROR(VLOOKUP($B43,'2. Inventaire'!B44:Q543,14),"") | E43: =IFERROR(VLOOKUP($B43,'2. Inventaire'!B44:Q543,15),"") | F43: =IF(VLOOKUP(B43,'2. Inventaire'!$B$6:$M$500,12,FALSE)="","",IF(VLOOKUP(B43,'2. Inventaire'!$B$6:$M$500,12,FALSE)="Substances annexe XIV de REACH","Oui","Non")) -> #N/A
B44: {=IFERROR(INDEX('2. Inventaire'!$B$6:$CR$505,SMALL(IF('2. Inventaire'!$CR$6:$CR$505="YES",ROW('2. Inventaire'!$B$6:$CR$505)-5),ROW(40:40)),1),"")} | C44: =IFERROR(VLOOKUP($B44,'2. Inventaire'!$B$6:$Q$505,2),"") | D44: =IFERROR(VLOOKUP($B44,'2. Inventaire'!B45:Q544,14),"") | E44: =IFERROR(VLOOKUP($B44,'2. Inventaire'!B45:Q544,15),"") | F44: =IF(VLOOKUP(B44,'2. Inventaire'!$B$6:$M$500,12,FALSE)="","",IF(VLOOKUP(B44,'2. Inventaire'!$B$6:$M$500,12,FALSE)="Substances annexe XIV de REACH","Oui","Non")) -> #N/A
B45: {=IFERROR(INDEX('2. Inventaire'!$B$6:$CR$505,SMALL(IF('2. Inventaire'!$CR$6:$CR$505="YES",ROW('2. Inventaire'!$B$6:$CR$505)-5),ROW(41:41)),1),"")} | C45: =IFERROR(VLOOKUP($B45,'2. Inventaire'!$B$6:$Q$505,2),"") | D45: =IFERROR(VLOOKUP($B45,'2. Inventaire'!B46:Q545,14),"") | E45: =IFERROR(VLOOKUP($B45,'2. Inventaire'!B46:Q545,15),"") | F45: =IF(VLOOKUP(B45,'2. Inventaire'!$B$6:$M$500,12,FALSE)="","",IF(VLOOKUP(B45,'2. Inventaire'!$B$6:$M$500,12,FALSE)="Substances annexe XIV de REACH","Oui","Non")) -> #N/A
B46: {=IFERROR(INDEX('2. Inventaire'!$B$6:$CR$505,SMALL(IF('2. Inventaire'!$CR$6:$CR$505="YES",ROW('2. Inventaire'!$B$6:$CR$505)-5),ROW(42:42)),1),"")} | C46: =IFERROR(VLOOKUP($B46,'2. Inventaire'!$B$6:$Q$505,2),"") | D46: =IFERROR(VLOOKUP($B46,'2. Inventaire'!B47:Q546,14),"") | E46: =IFERROR(VLOOKUP($B46,'2. Inventaire'!B47:Q546,15),"") | F46: =IF(VLOOKUP(B46,'2. Inventaire'!$B$6:$M$500,12,FALSE)="","",IF(VLOOKUP(B46,'2. Inventaire'!$B$6:$M$500,12,FALSE)="Substances annexe XIV de REACH","Oui","Non")) -> #N/A
B47: {=IFERROR(INDEX('2. Inventaire'!$B$6:$CR$505,SMALL(IF('2. Inventaire'!$CR$6:$CR$505="YES",ROW('2. Inventaire'!$B$6:$CR$505)-5),ROW(43:43)),1),"")} | C47: =IFERROR(VLOOKUP($B47,'2. Inventaire'!$B$6:$Q$505,2),"") | D47: =IFERROR(VLOOKUP($B47,'2. Inventaire'!B48:Q547,14),"") | E47: =IFERROR(VLOOKUP($B47,'2. Inventaire'!B48:Q547,15),"") | F47: =IF(VLOOKUP(B47,'2. Inventaire'!$B$6:$M$500,12,FALSE)="","",IF(VLOOKUP(B47,'2. Inventaire'!$B$6:$M$500,12,FALSE)="Substances annexe XIV de REACH","Oui","Non")) -> #N/A
B48: {=IFERROR(INDEX('2. Inventaire'!$B$6:$CR$505,SMALL(IF('2. Inventaire'!$CR$6:$CR$505="YES",ROW('2. Inventaire'!$B$6:$CR$505)-5),ROW(44:44)),1),"")} | C48: =IFERROR(VLOOKUP($B48,'2. Inventaire'!$B$6:$Q$505,2),"") | D48: =IFERROR(VLOOKUP($B48,'2. Inventaire'!B49:Q548,14),"") | E48: =IFERROR(VLOOKUP($B48,'2. Inventaire'!B49:Q548,15),"") | F48: =IF(VLOOKUP(B48,'2. Inventaire'!$B$6:$M$500,12,FALSE)="","",IF(VLOOKUP(B48,'2. Inventaire'!$B$6:$M$500,12,FALSE)="Substances annexe XIV de REACH","Oui","Non")) -> #N/A
B49: {=IFERROR(INDEX('2. Inventaire'!$B$6:$CR$505,SMALL(IF('2. Inventaire'!$CR$6:$CR$505="YES",ROW('2. Inventaire'!$B$6:$CR$505)-5),ROW(45:45)),1),"")} | C49: =IFERROR(VLOOKUP($B49,'2. Inventaire'!$B$6:$Q$505,2),"") | D49: =IFERROR(VLOOKUP($B49,'2. Inventaire'!B50:Q549,14),"") | E49: =IFERROR(VLOOKUP($B49,'2. Inventaire'!B50:Q549,15),"") | F49: =IF(VLOOKUP(B49,'2. Inventaire'!$B$6:$M$500,12,FALSE)="","",IF(VLOOKUP(B49,'2. Inventaire'!$B$6:$M$500,12,FALSE)="Substances annexe XIV de REACH","Oui","Non")) -> #N/A
B50: {=IFERROR(INDEX('2. Inventaire'!$B$6:$CR$505,SMALL(IF('2. Inventaire'!$CR$6:$CR$505="YES",ROW('2. Inventaire'!$B$6:$CR$505)-5),ROW(46:46)),1),"")} | C50: =IFERROR(VLOOKUP($B50,'2. Inventaire'!$B$6:$Q$505,2),"") | D50: =IFERROR(VLOOKUP($B50,'2. Inventaire'!B51:Q550,14),"") | E50: =IFERROR(VLOOKUP($B50,'2. Inventaire'!B51:Q550,15),"") | F50: =IF(VLOOKUP(B50,'2. Inventaire'!$B$6:$M$500,12,FALSE)="","",IF(VLOOKUP(B50,'2. Inventaire'!$B$6:$M$500,12,FALSE)="Substances annexe XIV de REACH","Oui","Non")) -> #N/A
B51: {=IFERROR(INDEX('2. Inventaire'!$B$6:$CR$505,SMALL(IF('2. Inventaire'!$CR$6:$CR$505="YES",ROW('2. Inventaire'!$B$6:$CR$505)-5),ROW(47:47)),1),"")} | C51: =IFERROR(VLOOKUP($B51,'2. Inventaire'!$B$6:$Q$505,2),"") | D51: =IFERROR(VLOOKUP($B51,'2. Inventaire'!B52:Q551,14),"") | E51: =IFERROR(VLOOKUP($B51,'2. Inventaire'!B52:Q551,15),"") | F51: =IF(VLOOKUP(B51,'2. Inventaire'!$B$6:$M$500,12,FALSE)="","",IF(VLOOKUP(B51,'2. Inventaire'!$B$6:$M$500,12,FALSE)="Substances annexe XIV de REACH","Oui","Non")) -> #N/A
B52: {=IFERROR(INDEX('2. Inventaire'!$B$6:$CR$505,SMALL(IF('2. Inventaire'!$CR$6:$CR$505="YES",ROW('2. Inventaire'!$B$6:$CR$505)-5),ROW(48:48)),1),"")} | C52: =IFERROR(VLOOKUP($B52,'2. Inventaire'!$B$6:$Q$505,2),"") | D52: =IFERROR(VLOOKUP($B52,'2. Inventaire'!B53:Q552,14),"") | E52: =IFERROR(VLOOKUP($B52,'2. Inventaire'!B53:Q552,15),"") | F52: =IF(VLOOKUP(B52,'2. Inventaire'!$B$6:$M$500,12,FALSE)="","",IF(VLOOKUP(B52,'2. Inventaire'!$B$6:$M$500,12,FALSE)="Substances annexe XIV de REACH","Oui","Non")) -> #N/A
B53: {=IFERROR(INDEX('2. Inventaire'!$B$6:$CR$505,SMALL(IF('2. Inventaire'!$CR$6:$CR$505="YES",ROW('2. Inventaire'!$B$6:$CR$505)-5),ROW(49:49)),1),"")} | C53: =IFERROR(VLOOKUP($B53,'2. Inventaire'!$B$6:$Q$505,2),"") | D53: =IFERROR(VLOOKUP($B53,'2. Inventaire'!B54:Q553,14),"") | E53: =IFERROR(VLOOKUP($B53,'2. Inventaire'!B54:Q553,15),"") | F53: =IF(VLOOKUP(B53,'2. Inventaire'!$B$6:$M$500,12,FALSE)="","",IF(VLOOKUP(B53,'2. Inventaire'!$B$6:$M$500,12,FALSE)="Substances annexe XIV de REACH","Oui","Non")) -> #N/A
B54: {=IFERROR(INDEX('2. Inventaire'!$B$6:$CR$505,SMALL(IF('2. Inventaire'!$CR$6:$CR$505="YES",ROW('2. Inventaire'!$B$6:$CR$505)-5),ROW(50:50)),1),"")} | C54: =IFERROR(VLOOKUP($B54,'2. Inventaire'!$B$6:$Q$505,2),"") | D54: =IFERROR(VLOOKUP($B54,'2. Inventaire'!B55:Q554,14),"") | E54: =IFERROR(VLOOKUP($B54,'2. Inventaire'!B55:Q554,15),"") | F54: =IF(VLOOKUP(B54,'2. Inventaire'!$B$6:$M$500,12,FALSE)="","",IF(VLOOKUP(B54,'2. Inventaire'!$B$6:$M$500,12,FALSE)="Substances annexe XIV de REACH","Oui","Non")) -> #N/A
B55: {=IFERROR(INDEX('2. Inventaire'!$B$6:$CR$505,SMALL(IF('2. Inventaire'!$CR$6:$CR$505="YES",ROW('2. Inventaire'!$B$6:$CR$505)-5),ROW(51:51)),1),"")} | C55: =IFERROR(VLOOKUP($B55,'2. Inventaire'!$B$6:$Q$505,2),"") | D55: =IFERROR(VLOOKUP($B55,'2. Inventaire'!B56:Q555,14),"") | E55: =IFERROR(VLOOKUP($B55,'2. Inventaire'!B56:Q555,15),"") | F55: =IF(VLOOKUP(B55,'2. Inventaire'!$B$6:$M$500,12,FALSE)="","",IF(VLOOKUP(B55,'2. Inventaire'!$B$6:$M$500,12,FALSE)="Substances annexe XIV de REACH","Oui","Non")) -> #N/A
B56: {=IFERROR(INDEX('2. Inventaire'!$B$6:$CR$505,SMALL(IF('2. Inventaire'!$CR$6:$CR$505="YES",ROW('2. Inventaire'!$B$6:$CR$505)-5),ROW(52:52)),1),"")} | C56: =IFERROR(VLOOKUP($B56,'2. Inventaire'!$B$6:$Q$505,2),"") | D56: =IFERROR(VLOOKUP($B56,'2. Inventaire'!B57:Q556,14),"") | E56: =IFERROR(VLOOKUP($B56,'2. Inventaire'!B57:Q556,15),"") | F56: =IF(VLOOKUP(B56,'2. Inventaire'!$B$6:$M$500,12,FALSE)="","",IF(VLOOKUP(B56,'2. Inventaire'!$B$6:$M$500,12,FALSE)="Substances annexe XIV de REACH","Oui","Non")) -> #N/A
B57: {=IFERROR(INDEX('2. Inventaire'!$B$6:$CR$505,SMALL(IF('2. Inventaire'!$CR$6:$CR$505="YES",ROW('2. Inventaire'!$B$6:$CR$505)-5),ROW(53:53)),1),"")} | C57: =IFERROR(VLOOKUP($B57,'2. Inventaire'!$B$6:$Q$505,2),"") | D57: =IFERROR(VLOOKUP($B57,'2. Inventaire'!B58:Q557,14),"") | E57: =IFERROR(VLOOKUP($B57,'2. Inventaire'!B58:Q557,15),"") | F57: =IF(VLOOKUP(B57,'2. Inventaire'!$B$6:$M$500,12,FALSE)="","",IF(VLOOKUP(B57,'2. Inventaire'!$B$6:$M$500,12,FALSE)="Substances annexe XIV de REACH","Oui","Non")) -> #N/A
B58: {=IFERROR(INDEX('2. Inventaire'!$B$6:$CR$505,SMALL(IF('2. Inventaire'!$CR$6:$CR$505="YES",ROW('2. Inventaire'!$B$6:$CR$505)-5),ROW(54:54)),1),"")} | C58: =IFERROR(VLOOKUP($B58,'2. Inventaire'!$B$6:$Q$505,2),"") | D58: =IFERROR(VLOOKUP($B58,'2. Inventaire'!B59:Q558,14),"") | E58: =IFERROR(VLOOKUP($B58,'2. Inventaire'!B59:Q558,15),"") | F58: =IF(VLOOKUP(B58,'2. Inventaire'!$B$6:$M$500,12,FALSE)="","",IF(VLOOKUP(B58,'2. Inventaire'!$B$6:$M$500,12,FALSE)="Substances annexe XIV de REACH","Oui","Non")) -> #N/A
B59: {=IFERROR(INDEX('2. Inventaire'!$B$6:$CR$505,SMALL(IF('2. Inventaire'!$CR$6:$CR$505="YES",ROW('2. Inventaire'!$B$6:$CR$505)-5),ROW(55:55)),1),"")} | C59: =IFERROR(VLOOKUP($B59,'2. Inventaire'!$B$6:$Q$505,2),"") | D59: =IFERROR(VLOOKUP($B59,'2. Inventaire'!B60:Q559,14),"") | E59: =IFERROR(VLOOKUP($B59,'2. Inventaire'!B60:Q559,15),"") | F59: =IF(VLOOKUP(B59,'2. Inventaire'!$B$6:$M$500,12,FALSE)="","",IF(VLOOKUP(B59,'2. Inventaire'!$B$6:$M$500,12,FALSE)="Substances annexe XIV de REACH","Oui","Non")) -> #N/A
B60: {=IFERROR(INDEX('2. Inventaire'!$B$6:$CR$505,SMALL(IF('2. Inventaire'!$CR$6:$CR$505="YES",ROW('2. Inventaire'!$B$6:$CR$505)-5),ROW(56:56)),1),"")} | C60: =IFERROR(VLOOKUP($B60,'2. Inventaire'!$B$6:$Q$505,2),"") | D60: =IFERROR(VLOOKUP($B60,'2. Inventaire'!B61:Q560,14),"") | E60: =IFERROR(VLOOKUP($B60,'2. Inventaire'!B61:Q560,15),"") | F60: =IF(VLOOKUP(B60,'2. Inventaire'!$B$6:$M$500,12,FALSE)="","",IF(VLOOKUP(B60,'2. Inventaire'!$B$6:$M$500,12,FALSE)="Substances annexe XIV de REACH","Oui","Non")) -> #N/A
B61: {=IFERROR(INDEX('2. Inventaire'!$B$6:$CR$505,SMALL(IF('2. Inventaire'!$CR$6:$CR$505="YES",ROW('2. Inventaire'!$B$6:$CR$505)-5),ROW(57:57)),1),"")} | C61: =IFERROR(VLOOKUP($B61,'2. Inventaire'!$B$6:$Q$505,2),"") | D61: =IFERROR(VLOOKUP($B61,'2. Inventaire'!B62:Q561,14),"") | E61: =IFERROR(VLOOKUP($B61,'2. Inventaire'!B62:Q561,15),"") | F61: =IF(VLOOKUP(B61,'2. Inventaire'!$B$6:$M$500,12,FALSE)="","",IF(VLOOKUP(B61,'2. Inventaire'!$B$6:$M$500,12,FALSE)="Substances annexe XIV de REACH","Oui","Non")) -> #N/A
B62: {=IFERROR(INDEX('2. Inventaire'!$B$6:$CR$505,SMALL(IF('2. Inventaire'!$CR$6:$CR$505="YES",ROW('2. Inventaire'!$B$6:$CR$505)-5),ROW(58:58)),1),"")} | C62: =IFERROR(VLOOKUP($B62,'2. Inventaire'!$B$6:$Q$505,2),"") | D62: =IFERROR(VLOOKUP($B62,'2. Inventaire'!B63:Q562,14),"") | E62: =IFERROR(VLOOKUP($B62,'2. Inventaire'!B63:Q562,15),"") | F62: =IF(VLOOKUP(B62,'2. Inventaire'!$B$6:$M$500,12,FALSE)="","",IF(VLOOKUP(B62,'2. Inventaire'!$B$6:$M$500,12,FALSE)="Substances annexe XIV de REACH","Oui","Non")) -> #N/A
B63: {=IFERROR(INDEX('2. Inventaire'!$B$6:$CR$505,SMALL(IF('2. Inventaire'!$CR$6:$CR$505="YES",ROW('2. Inventaire'!$B$6:$CR$505)-5),ROW(59:59)),1),"")} | C63: =IFERROR(VLOOKUP($B63,'2. Inventaire'!$B$6:$Q$505,2),"") | D63: =IFERROR(VLOOKUP($B63,'2. Inventaire'!B64:Q563,14),"") | E63: =IFERROR(VLOOKUP($B63,'2. Inventaire'!B64:Q563,15),"") | F63: =IF(VLOOKUP(B63,'2. Inventaire'!$B$6:$M$500,12,FALSE)="","",IF(VLOOKUP(B63,'2. Inventaire'!$B$6:$M$500,12,FALSE)="Substances annexe XIV de REACH","Oui","Non")) -> #N/A
B64: {=IFERROR(INDEX('2. Inventaire'!$B$6:$CR$505,SMALL(IF('2. Inventaire'!$CR$6:$CR$505="YES",ROW('2. Inventaire'!$B$6:$CR$505)-5),ROW(60:60)),1),"")} | C64: =IFERROR(VLOOKUP($B64,'2. Inventaire'!$B$6:$Q$505,2),"") | D64: =IFERROR(VLOOKUP($B64,'2. Inventaire'!B65:Q564,14),"") | E64: =IFERROR(VLOOKUP($B64,'2. Inventaire'!B65:Q564,15),"") | F64: =IF(VLOOKUP(B64,'2. Inventaire'!$B$6:$M$500,12,FALSE)="","",IF(VLOOKUP(B64,'2. Inventaire'!$B$6:$M$500,12,FALSE)="Substances annexe XIV de REACH","Oui","Non")) -> #N/A
B65: {=IFERROR(INDEX('2. Inventaire'!$B$6:$CR$505,SMALL(IF('2. Inventaire'!$CR$6:$CR$505="YES",ROW('2. Inventaire'!$B$6:$CR$505)-5),ROW(61:61)),1),"")} | C65: =IFERROR(VLOOKUP($B65,'2. Inventaire'!$B$6:$Q$505,2),"") | D65: =IFERROR(VLOOKUP($B65,'2. Inventaire'!B66:Q565,14),"") | E65: =IFERROR(VLOOKUP($B65,'2. Inventaire'!B66:Q565,15),"") | F65: =IF(VLOOKUP(B65,'2. Inventaire'!$B$6:$M$500,12,FALSE)="","",IF(VLOOKUP(B65,'2. Inventaire'!$B$6:$M$500,12,FALSE)="Substances annexe XIV de REACH","Oui","Non")) -> #N/A
B66: {=IFERROR(INDEX('2. Inventaire'!$B$6:$CR$505,SMALL(IF('2. Inventaire'!$CR$6:$CR$505="YES",ROW('2. Inventaire'!$B$6:$CR$505)-5),ROW(62:62)),1),"")} | C66: =IFERROR(VLOOKUP($B66,'2. Inventaire'!$B$6:$Q$505,2),"") | D66: =IFERROR(VLOOKUP($B66,'2. Inventaire'!B67:Q566,14),"") | E66: =IFERROR(VLOOKUP($B66,'2. Inventaire'!B67:Q566,15),"") | F66: =IF(VLOOKUP(B66,'2. Inventaire'!$B$6:$M$500,12,FALSE)="","",IF(VLOOKUP(B66,'2. Inventaire'!$B$6:$M$500,12,FALSE)="Substances annexe XIV de REACH","Oui","Non")) -> #N/A
B67: {=IFERROR(INDEX('2. Inventaire'!$B$6:$CR$505,SMALL(IF('2. Inventaire'!$CR$6:$CR$505="YES",ROW('2. Inventaire'!$B$6:$CR$505)-5),ROW(63:63)),1),"")} | C67: =IFERROR(VLOOKUP($B67,'2. Inventaire'!$B$6:$Q$505,2),"") | D67: =IFERROR(VLOOKUP($B67,'2. Inventaire'!B68:Q567,14),"") | E67: =IFERROR(VLOOKUP($B67,'2. Inventaire'!B68:Q567,15),"") | F67: =IF(VLOOKUP(B67,'2. Inventaire'!$B$6:$M$500,12,FALSE)="","",IF(VLOOKUP(B67,'2. Inventaire'!$B$6:$M$500,12,FALSE)="Substances annexe XIV de REACH","Oui","Non")) -> #N/A
B68: {=IFERROR(INDEX('2. Inventaire'!$B$6:$CR$505,SMALL(IF('2. Inventaire'!$CR$6:$CR$505="YES",ROW('2. Inventaire'!$B$6:$CR$505)-5),ROW(64:64)),1),"")} | C68: =IFERROR(VLOOKUP($B68,'2. Inventaire'!$B$6:$Q$505,2),"") | D68: =IFERROR(VLOOKUP($B68,'2. Inventaire'!B69:Q568,14),"") | E68: =IFERROR(VLOOKUP($B68,'2. Inventaire'!B69:Q568,15),"") | F68: =IF(VLOOKUP(B68,'2. Inventaire'!$B$6:$M$500,12,FALSE)="","",IF(VLOOKUP(B68,'2. Inventaire'!$B$6:$M$500,12,FALSE)="Substances annexe XIV de REACH","Oui","Non")) -> #N/A
B69: {=IFERROR(INDEX('2. Inventaire'!$B$6:$CR$505,SMALL(IF('2. Inventaire'!$CR$6:$CR$505="YES",ROW('2. Inventaire'!$B$6:$CR$505)-5),ROW(65:65)),1),"")} | C69: =IFERROR(VLOOKUP($B69,'2. Inventaire'!$B$6:$Q$505,2),"") | D69: =IFERROR(VLOOKUP($B69,'2. Inventaire'!B70:Q569,14),"") | E69: =IFERROR(VLOOKUP($B69,'2. Inventaire'!B70:Q569,15),"") | F69: =IF(VLOOKUP(B69,'2. Inventaire'!$B$6:$M$500,12,FALSE)="","",IF(VLOOKUP(B69,'2. Inventaire'!$B$6:$M$500,12,FALSE)="Substances annexe XIV de REACH","Oui","Non")) -> #N/A
B70: {=IFERROR(INDEX('2. Inventaire'!$B$6:$CR$505,SMALL(IF('2. Inventaire'!$CR$6:$CR$505="YES",ROW('2. Inventaire'!$B$6:$CR$505)-5),ROW(66:66)),1),"")} | C70: =IFERROR(VLOOKUP($B70,'2. Inventaire'!$B$6:$Q$505,2),"") | D70: =IFERROR(VLOOKUP($B70,'2. Inventaire'!B71:Q570,14),"") | E70: =IFERROR(VLOOKUP($B70,'2. Inventaire'!B71:Q570,15),"") | F70: =IF(VLOOKUP(B70,'2. Inventaire'!$B$6:$M$500,12,FALSE)="","",IF(VLOOKUP(B70,'2. Inventaire'!$B$6:$M$500,12,FALSE)="Substances annexe XIV de REACH","Oui","Non")) -> #N/A
B71: {=IFERROR(INDEX('2. Inventaire'!$B$6:$CR$505,SMALL(IF('2. Inventaire'!$CR$6:$CR$505="YES",ROW('2. Inventaire'!$B$6:$CR$505)-5),ROW(67:67)),1),"")} | C71: =IFERROR(VLOOKUP($B71,'2. Inventaire'!$B$6:$Q$505,2),"") | D71: =IFERROR(VLOOKUP($B71,'2. Inventaire'!B72:Q571,14),"") | E71: =IFERROR(VLOOKUP($B71,'2. Inventaire'!B72:Q571,15),"") | F71: =IF(VLOOKUP(B71,'2. Inventaire'!$B$6:$M$500,12,FALSE)="","",IF(VLOOKUP(B71,'2. Inventaire'!$B$6:$M$500,12,FALSE)="Substances annexe XIV de REACH","Oui","Non")) -> #N/A
B72: {=IFERROR(INDEX('2. Inventaire'!$B$6:$CR$505,SMALL(IF('2. Inventaire'!$CR$6:$CR$505="YES",ROW('2. Inventaire'!$B$6:$CR$505)-5),ROW(68:68)),1),"")} | C72: =IFERROR(VLOOKUP($B72,'2. Inventaire'!$B$6:$Q$505,2),"") | D72: =IFERROR(VLOOKUP($B72,'2. Inventaire'!B73:Q572,14),"") | E72: =IFERROR(VLOOKUP($B72,'2. Inventaire'!B73:Q572,15),"") | F72: =IF(VLOOKUP(B72,'2. Inventaire'!$B$6:$M$500,12,FALSE)="","",IF(VLOOKUP(B72,'2. Inventaire'!$B$6:$M$500,12,FALSE)="Substances annexe XIV de REACH","Oui","Non")) -> #N/A
B73: {=IFERROR(INDEX('2. Inventaire'!$B$6:$CR$505,SMALL(IF('2. Inventaire'!$CR$6:$CR$505="YES",ROW('2. Inventaire'!$B$6:$CR$505)-5),ROW(69:69)),1),"")} | C73: =IFERROR(VLOOKUP($B73,'2. Inventaire'!$B$6:$Q$505,2),"") | D73: =IFERROR(VLOOKUP($B73,'2. Inventaire'!B74:Q573,14),"") | E73: =IFERROR(VLOOKUP($B73,'2. Inventaire'!B74:Q573,15),"") | F73: =IF(VLOOKUP(B73,'2. Inventaire'!$B$6:$M$500,12,FALSE)="","",IF(VLOOKUP(B73,'2. Inventaire'!$B$6:$M$500,12,FALSE)="Substances annexe XIV de REACH","Oui","Non")) -> #N/A
B74: {=IFERROR(INDEX('2. Inventaire'!$B$6:$CR$505,SMALL(IF('2. Inventaire'!$CR$6:$CR$505="YES",ROW('2. Inventaire'!$B$6:$CR$505)-5),ROW(70:70)),1),"")} | C74: =IFERROR(VLOOKUP($B74,'2. Inventaire'!$B$6:$Q$505,2),"") | D74: =IFERROR(VLOOKUP($B74,'2. Inventaire'!B75:Q574,14),"") | E74: =IFERROR(VLOOKUP($B74,'2. Inventaire'!B75:Q574,15),"") | F74: =IF(VLOOKUP(B74,'2. Inventaire'!$B$6:$M$500,12,FALSE)="","",IF(VLOOKUP(B74,'2. Inventaire'!$B$6:$M$500,12,FALSE)="Substances annexe XIV de REACH","Oui","Non")) -> #N/A
B75: {=IFERROR(INDEX('2. Inventaire'!$B$6:$CR$505,SMALL(IF('2. Inventaire'!$CR$6:$CR$505="YES",ROW('2. Inventaire'!$B$6:$CR$505)-5),ROW(71:71)),1),"")} | C75: =IFERROR(VLOOKUP($B75,'2. Inventaire'!$B$6:$Q$505,2),"") | D75: =IFERROR(VLOOKUP($B75,'2. Inventaire'!B76:Q575,14),"") | E75: =IFERROR(VLOOKUP($B75,'2. Inventaire'!B76:Q575,15),"") | F75: =IF(VLOOKUP(B75,'2. Inventaire'!$B$6:$M$500,12,FALSE)="","",IF(VLOOKUP(B75,'2. Inventaire'!$B$6:$M$500,12,FALSE)="Substances annexe XIV de REACH","Oui","Non")) -> #N/A
B76: {=IFERROR(INDEX('2. Inventaire'!$B$6:$CR$505,SMALL(IF('2. Inventaire'!$CR$6:$CR$505="YES",ROW('2. Inventaire'!$B$6:$CR$505)-5),ROW(72:72)),1),"")} | C76: =IFERROR(VLOOKUP($B76,'2. Inventaire'!$B$6:$Q$505,2),"") | D76: =IFERROR(VLOOKUP($B76,'2. Inventaire'!B77:Q576,14),"") | E76: =IFERROR(VLOOKUP($B76,'2. Inventaire'!B77:Q576,15),"") | F76: =IF(VLOOKUP(B76,'2. Inventaire'!$B$6:$M$500,12,FALSE)="","",IF(VLOOKUP(B76,'2. Inventaire'!$B$6:$M$500,12,FALSE)="Substances annexe XIV de REACH","Oui","Non")) -> #N/A
B77: {=IFERROR(INDEX('2. Inventaire'!$B$6:$CR$505,SMALL(IF('2. Inventaire'!$CR$6:$CR$505="YES",ROW('2. Inventaire'!$B$6:$CR$505)-5),ROW(73:73)),1),"")} | C77: =IFERROR(VLOOKUP($B77,'2. Inventaire'!$B$6:$Q$505,2),"") | D77: =IFERROR(VLOOKUP($B77,'2. Inventaire'!B78:Q577,14),"") | E77: =IFERROR(VLOOKUP($B77,'2. Inventaire'!B78:Q577,15),"") | F77: =IF(VLOOKUP(B77,'2. Inventaire'!$B$6:$M$500,12,FALSE)="","",IF(VLOOKUP(B77,'2. Inventaire'!$B$6:$M$500,12,FALSE)="Substances annexe XIV de REACH","Oui","Non")) -> #N/A
B78: {=IFERROR(INDEX('2. Inventaire'!$B$6:$CR$505,SMALL(IF('2. Inventaire'!$CR$6:$CR$505="YES",ROW('2. Inventaire'!$B$6:$CR$505)-5),ROW(74:74)),1),"")} | C78: =IFERROR(VLOOKUP($B78,'2. Inventaire'!$B$6:$Q$505,2),"") | D78: =IFERROR(VLOOKUP($B78,'2. Inventaire'!B79:Q578,14),"") | E78: =IFERROR(VLOOKUP($B78,'2. Inventaire'!B79:Q578,15),"") | F78: =IF(VLOOKUP(B78,'2. Inventaire'!$B$6:$M$500,12,FALSE)="","",IF(VLOOKUP(B78,'2. Inventaire'!$B$6:$M$500,12,FALSE)="Substances annexe XIV de REACH","Oui","Non")) -> #N/A
B79: {=IFERROR(INDEX('2. Inventaire'!$B$6:$CR$505,SMALL(IF('2. Inventaire'!$CR$6:$CR$505="YES",ROW('2. Inventaire'!$B$6:$CR$505)-5),ROW(75:75)),1),"")} | C79: =IFERROR(VLOOKUP($B79,'2. Inventaire'!$B$6:$Q$505,2),"") | D79: =IFERROR(VLOOKUP($B79,'2. Inventaire'!B80:Q579,14),"") | E79: =IFERROR(VLOOKUP($B79,'2. Inventaire'!B80:Q579,15),"") | F79: =IF(VLOOKUP(B79,'2. Inventaire'!$B$6:$M$500,12,FALSE)="","",IF(VLOOKUP(B79,'2. Inventaire'!$B$6:$M$500,12,FALSE)="Substances annexe XIV de REACH","Oui","Non")) -> #N/A
B80: {=IFERROR(INDEX('2. Inventaire'!$B$6:$CR$505,SMALL(IF('2. Inventaire'!$CR$6:$CR$505="YES",ROW('2. Inventaire'!$B$6:$CR$505)-5),ROW(76:76)),1),"")} | C80: =IFERROR(VLOOKUP($B80,'2. Inventaire'!$B$6:$Q$505,2),"") | D80: =IFERROR(VLOOKUP($B80,'2. Inventaire'!B81:Q580,14),"") | E80: =IFERROR(VLOOKUP($B80,'2. Inventaire'!B81:Q580,15),"") | F80: =IF(VLOOKUP(B80,'2. Inventaire'!$B$6:$M$500,12,FALSE)="","",IF(VLOOKUP(B80,'2. Inventaire'!$B$6:$M$500,12,FALSE)="Substances annexe XIV de REACH","Oui","Non")) -> #N/A
B81: {=IFERROR(INDEX('2. Inventaire'!$B$6:$CR$505,SMALL(IF('2. Inventaire'!$CR$6:$CR$505="YES",ROW('2. Inventaire'!$B$6:$CR$505)-5),ROW(77:77)),1),"")} | C81: =IFERROR(VLOOKUP($B81,'2. Inventaire'!$B$6:$Q$505,2),"") | D81: =IFERROR(VLOOKUP($B81,'2. Inventaire'!B82:Q581,14),"") | E81: =IFERROR(VLOOKUP($B81,'2. Inventaire'!B82:Q581,15),"") | F81: =IF(VLOOKUP(B81,'2. Inventaire'!$B$6:$M$500,12,FALSE)="","",IF(VLOOKUP(B81,'2. Inventaire'!$B$6:$M$500,12,FALSE)="Substances annexe XIV de REACH","Oui","Non")) -> #N/A
B82: {=IFERROR(INDEX('2. Inventaire'!$B$6:$CR$505,SMALL(IF('2. Inventaire'!$CR$6:$CR$505="YES",ROW('2. Inventaire'!$B$6:$CR$505)-5),ROW(78:78)),1),"")} | C82: =IFERROR(VLOOKUP($B82,'2. Inventaire'!$B$6:$Q$505,2),"") | D82: =IFERROR(VLOOKUP($B82,'2. Inventaire'!B83:Q582,14),"") | E82: =IFERROR(VLOOKUP($B82,'2. Inventaire'!B83:Q582,15),"") | F82: =IF(VLOOKUP(B82,'2. Inventaire'!$B$6:$M$500,12,FALSE)="","",IF(VLOOKUP(B82,'2. Inventaire'!$B$6:$M$500,12,FALSE)="Substances annexe XIV de REACH","Oui","Non")) -> #N/A
B83: {=IFERROR(INDEX('2. Inventaire'!$B$6:$CR$505,SMALL(IF('2. Inventaire'!$CR$6:$CR$505="YES",ROW('2. Inventaire'!$B$6:$CR$505)-5),ROW(79:79)),1),"")} | C83: =IFERROR(VLOOKUP($B83,'2. Inventaire'!$B$6:$Q$505,2),"") | D83: =IFERROR(VLOOKUP($B83,'2. Inventaire'!B84:Q583,14),"") | E83: =IFERROR(VLOOKUP($B83,'2. Inventaire'!B84:Q583,15),"") | F83: =IF(VLOOKUP(B83,'2. Inventaire'!$B$6:$M$500,12,FALSE)="","",IF(VLOOKUP(B83,'2. Inventaire'!$B$6:$M$500,12,FALSE)="Substances annexe XIV de REACH","Oui","Non")) -> #N/A
B84: {=IFERROR(INDEX('2. Inventaire'!$B$6:$CR$505,SMALL(IF('2. Inventaire'!$CR$6:$CR$505="YES",ROW('2. Inventaire'!$B$6:$CR$505)-5),ROW(80:80)),1),"")} | C84: =IFERROR(VLOOKUP($B84,'2. Inventaire'!$B$6:$Q$505,2),"") | D84: =IFERROR(VLOOKUP($B84,'2. Inventaire'!B85:Q584,14),"") | E84: =IFERROR(VLOOKUP($B84,'2. Inventaire'!B85:Q584,15),"") | F84: =IF(VLOOKUP(B84,'2. Inventaire'!$B$6:$M$500,12,FALSE)="","",IF(VLOOKUP(B84,'2. Inventaire'!$B$6:$M$500,12,FALSE)="Substances annexe XIV de REACH","Oui","Non")) -> #N/A
B85: {=IFERROR(INDEX('2. Inventaire'!$B$6:$CR$505,SMALL(IF('2. Inventaire'!$CR$6:$CR$505="YES",ROW('2. Inventaire'!$B$6:$CR$505)-5),ROW(81:81)),1),"")} | C85: =IFERROR(VLOOKUP($B85,'2. Inventaire'!$B$6:$Q$505,2),"") | D85: =IFERROR(VLOOKUP($B85,'2. Inventaire'!B86:Q585,14),"") | E85: =IFERROR(VLOOKUP($B85,'2. Inventaire'!B86:Q585,15),"") | F85: =IF(VLOOKUP(B85,'2. Inventaire'!$B$6:$M$500,12,FALSE)="","",IF(VLOOKUP(B85,'2. Inventaire'!$B$6:$M$500,12,FALSE)="Substances annexe XIV de REACH","Oui","Non")) -> #N/A
B86: {=IFERROR(INDEX('2. Inventaire'!$B$6:$CR$505,SMALL(IF('2. Inventaire'!$CR$6:$CR$505="YES",ROW('2. Inventaire'!$B$6:$CR$505)-5),ROW(82:82)),1),"")} | C86: =IFERROR(VLOOKUP($B86,'2. Inventaire'!$B$6:$Q$505,2),"") | D86: =IFERROR(VLOOKUP($B86,'2. Inventaire'!B87:Q586,14),"") | E86: =IFERROR(VLOOKUP($B86,'2. Inventaire'!B87:Q586,15),"") | F86: =IF(VLOOKUP(B86,'2. Inventaire'!$B$6:$M$500,12,FALSE)="","",IF(VLOOKUP(B86,'2. Inventaire'!$B$6:$M$500,12,FALSE)="Substances annexe XIV de REACH","Oui","Non")) -> #N/A
B87: {=IFERROR(INDEX('2. Inventaire'!$B$6:$CR$505,SMALL(IF('2. Inventaire'!$CR$6:$CR$505="YES",ROW('2. Inventaire'!$B$6:$CR$505)-5),ROW(83:83)),1),"")} | C87: =IFERROR(VLOOKUP($B87,'2. Inventaire'!$B$6:$Q$505,2),"") | D87: =IFERROR(VLOOKUP($B87,'2. Inventaire'!B88:Q587,14),"") | E87: =IFERROR(VLOOKUP($B87,'2. Inventaire'!B88:Q587,15),"") | F87: =IF(VLOOKUP(B87,'2. Inventaire'!$B$6:$M$500,12,FALSE)="","",IF(VLOOKUP(B87,'2. Inventaire'!$B$6:$M$500,12,FALSE)="Substances annexe XIV de REACH","Oui","Non")) -> #N/A
B88: {=IFERROR(INDEX('2. Inventaire'!$B$6:$CR$505,SMALL(IF('2. Inventaire'!$CR$6:$CR$505="YES",ROW('2. Inventaire'!$B$6:$CR$505)-5),ROW(84:84)),1),"")} | C88: =IFERROR(VLOOKUP($B88,'2. Inventaire'!$B$6:$Q$505,2),"") | D88: =IFERROR(VLOOKUP($B88,'2. Inventaire'!B89:Q588,14),"") | E88: =IFERROR(VLOOKUP($B88,'2. Inventaire'!B89:Q588,15),"") | F88: =IF(VLOOKUP(B88,'2. Inventaire'!$B$6:$M$500,12,FALSE)="","",IF(VLOOKUP(B88,'2. Inventaire'!$B$6:$M$500,12,FALSE)="Substances annexe XIV de REACH","Oui","Non")) -> #N/A
B89: {=IFERROR(INDEX('2. Inventaire'!$B$6:$CR$505,SMALL(IF('2. Inventaire'!$CR$6:$CR$505="YES",ROW('2. Inventaire'!$B$6:$CR$505)-5),ROW(85:85)),1),"")} | C89: =IFERROR(VLOOKUP($B89,'2. Inventaire'!$B$6:$Q$505,2),"") | D89: =IFERROR(VLOOKUP($B89,'2. Inventaire'!B90:Q589,14),"") | E89: =IFERROR(VLOOKUP($B89,'2. Inventaire'!B90:Q589,15),"") | F89: =IF(VLOOKUP(B89,'2. Inventaire'!$B$6:$M$500,12,FALSE)="","",IF(VLOOKUP(B89,'2. Inventaire'!$B$6:$M$500,12,FALSE)="Substances annexe XIV de REACH","Oui","Non")) -> #N/A
B90: {=IFERROR(INDEX('2. Inventaire'!$B$6:$CR$505,SMALL(IF('2. Inventaire'!$CR$6:$CR$505="YES",ROW('2. Inventaire'!$B$6:$CR$505)-5),ROW(86:86)),1),"")} | C90: =IFERROR(VLOOKUP($B90,'2. Inventaire'!$B$6:$Q$505,2),"") | D90: =IFERROR(VLOOKUP($B90,'2. Inventaire'!B91:Q590,14),"") | E90: =IFERROR(VLOOKUP($B90,'2. Inventaire'!B91:Q590,15),"") | F90: =IF(VLOOKUP(B90,'2. Inventaire'!$B$6:$M$500,12,FALSE)="","",IF(VLOOKUP(B90,'2. Inventaire'!$B$6:$M$500,12,FALSE)="Substances annexe XIV de REACH","Oui","Non")) -> #N/A
B91: {=IFERROR(INDEX('2. Inventaire'!$B$6:$CR$505,SMALL(IF('2. Inventaire'!$CR$6:$CR$505="YES",ROW('2. Inventaire'!$B$6:$CR$505)-5),ROW(87:87)),1),"")} | C91: =IFERROR(VLOOKUP($B91,'2. Inventaire'!$B$6:$Q$505,2),"") | D91: =IFERROR(VLOOKUP($B91,'2. Inventaire'!B92:Q591,14),"") | E91: =IFERROR(VLOOKUP($B91,'2. Inventaire'!B92:Q591,15),"") | F91: =IF(VLOOKUP(B91,'2. Inventaire'!$B$6:$M$500,12,FALSE)="","",IF(VLOOKUP(B91,'2. Inventaire'!$B$6:$M$500,12,FALSE)="Substances annexe XIV de REACH","Oui","Non")) -> #N/A
B92: {=IFERROR(INDEX('2. Inventaire'!$B$6:$CR$505,SMALL(IF('2. Inventaire'!$CR$6:$CR$505="YES",ROW('2. Inventaire'!$B$6:$CR$505)-5),ROW(88:88)),1),"")} | C92: =IFERROR(VLOOKUP($B92,'2. Inventaire'!$B$6:$Q$505,2),"") | D92: =IFERROR(VLOOKUP($B92,'2. Inventaire'!B93:Q592,14),"") | E92: =IFERROR(VLOOKUP($B92,'2. Inventaire'!B93:Q592,15),"") | F92: =IF(VLOOKUP(B92,'2. Inventaire'!$B$6:$M$500,12,FALSE)="","",IF(VLOOKUP(B92,'2. Inventaire'!$B$6:$M$500,12,FALSE)="Substances annexe XIV de REACH","Oui","Non")) -> #N/A
B93: {=IFERROR(INDEX('2. Inventaire'!$B$6:$CR$505,SMALL(IF('2. Inventaire'!$CR$6:$CR$505="YES",ROW('2. Inventaire'!$B$6:$CR$505)-5),ROW(89:89)),1),"")} | C93: =IFERROR(VLOOKUP($B93,'2. Inventaire'!$B$6:$Q$505,2),"") | D93: =IFERROR(VLOOKUP($B93,'2. Inventaire'!B94:Q593,14),"") | E93: =IFERROR(VLOOKUP($B93,'2. Inventaire'!B94:Q593,15),"") | F93: =IF(VLOOKUP(B93,'2. Inventaire'!$B$6:$M$500,12,FALSE)="","",IF(VLOOKUP(B93,'2. Inventaire'!$B$6:$M$500,12,FALSE)="Substances annexe XIV de REACH","Oui","Non")) -> #N/A
B94: {=IFERROR(INDEX('2. Inventaire'!$B$6:$CR$505,SMALL(IF('2. Inventaire'!$CR$6:$CR$505="YES",ROW('2. Inventaire'!$B$6:$CR$505)-5),ROW(90:90)),1),"")} | C94: =IFERROR(VLOOKUP($B94,'2. Inventaire'!$B$6:$Q$505,2),"") | D94: =IFERROR(VLOOKUP($B94,'2. Inventaire'!B95:Q594,14),"") | E94: =IFERROR(VLOOKUP($B94,'2. Inventaire'!B95:Q594,15),"") | F94: =IF(VLOOKUP(B94,'2. Inventaire'!$B$6:$M$500,12,FALSE)="","",IF(VLOOKUP(B94,'2. Inventaire'!$B$6:$M$500,12,FALSE)="Substances annexe XIV de REACH","Oui","Non")) -> #N/A
B95: {=IFERROR(INDEX('2. Inventaire'!$B$6:$CR$505,SMALL(IF('2. Inventaire'!$CR$6:$CR$505="YES",ROW('2. Inventaire'!$B$6:$CR$505)-5),ROW(91:91)),1),"")} | C95: =IFERROR(VLOOKUP($B95,'2. Inventaire'!$B$6:$Q$505,2),"") | D95: =IFERROR(VLOOKUP($B95,'2. Inventaire'!B96:Q595,14),"") | E95: =IFERROR(VLOOKUP($B95,'2. Inventaire'!B96:Q595,15),"") | F95: =IF(VLOOKUP(B95,'2. Inventaire'!$B$6:$M$500,12,FALSE)="","",IF(VLOOKUP(B95,'2. Inventaire'!$B$6:$M$500,12,FALSE)="Substances annexe XIV de REACH","Oui","Non")) -> #N/A
B96: {=IFERROR(INDEX('2. Inventaire'!$B$6:$CR$505,SMALL(IF('2. Inventaire'!$CR$6:$CR$505="YES",ROW('2. Inventaire'!$B$6:$CR$505)-5),ROW(92:92)),1),"")} | C96: =IFERROR(VLOOKUP($B96,'2. Inventaire'!$B$6:$Q$505,2),"") | D96: =IFERROR(VLOOKUP($B96,'2. Inventaire'!B97:Q596,14),"") | E96: =IFERROR(VLOOKUP($B96,'2. Inventaire'!B97:Q596,15),"") | F96: =IF(VLOOKUP(B96,'2. Inventaire'!$B$6:$M$500,12,FALSE)="","",IF(VLOOKUP(B96,'2. Inventaire'!$B$6:$M$500,12,FALSE)="Substances annexe XIV de REACH","Oui","Non")) -> #N/A
B97: {=IFERROR(INDEX('2. Inventaire'!$B$6:$CR$505,SMALL(IF('2. Inventaire'!$CR$6:$CR$505="YES",ROW('2. Inventaire'!$B$6:$CR$505)-5),ROW(93:93)),1),"")} | C97: =IFERROR(VLOOKUP($B97,'2. Inventaire'!$B$6:$Q$505,2),"") | D97: =IFERROR(VLOOKUP($B97,'2. Inventaire'!B98:Q597,14),"") | E97: =IFERROR(VLOOKUP($B97,'2. Inventaire'!B98:Q597,15),"") | F97: =IF(VLOOKUP(B97,'2. Inventaire'!$B$6:$M$500,12,FALSE)="","",IF(VLOOKUP(B97,'2. Inventaire'!$B$6:$M$500,12,FALSE)="Substances annexe XIV de REACH","Oui","Non")) -> #N/A
B98: {=IFERROR(INDEX('2. Inventaire'!$B$6:$CR$505,SMALL(IF('2. Inventaire'!$CR$6:$CR$505="YES",ROW('2. Inventaire'!$B$6:$CR$505)-5),ROW(94:94)),1),"")} | C98: =IFERROR(VLOOKUP($B98,'2. Inventaire'!$B$6:$Q$505,2),"") | D98: =IFERROR(VLOOKUP($B98,'2. Inventaire'!B99:Q598,14),"") | E98: =IFERROR(VLOOKUP($B98,'2. Inventaire'!B99:Q598,15),"") | F98: =IF(VLOOKUP(B98,'2. Inventaire'!$B$6:$M$500,12,FALSE)="","",IF(VLOOKUP(B98,'2. Inventaire'!$B$6:$M$500,12,FALSE)="Substances annexe XIV de REACH","Oui","Non")) -> #N/A
B99: {=IFERROR(INDEX('2. Inventaire'!$B$6:$CR$505,SMALL(IF('2. Inventaire'!$CR$6:$CR$505="YES",ROW('2. Inventaire'!$B$6:$CR$505)-5),ROW(95:95)),1),"")} | C99: =IFERROR(VLOOKUP($B99,'2. Inventaire'!$B$6:$Q$505,2),"") | D99: =IFERROR(VLOOKUP($B99,'2. Inventaire'!B100:Q599,14),"") | E99: =IFERROR(VLOOKUP($B99,'2. Inventaire'!B100:Q599,15),"") | F99: =IF(VLOOKUP(B99,'2. Inventaire'!$B$6:$M$500,12,FALSE)="","",IF(VLOOKUP(B99,'2. Inventaire'!$B$6:$M$500,12,FALSE)="Substances annexe XIV de REACH","Oui","Non")) -> #N/A
B100: {=IFERROR(INDEX('2. Inventaire'!$B$6:$CR$505,SMALL(IF('2. Inventaire'!$CR$6:$CR$505="YES",ROW('2. Inventaire'!$B$6:$CR$505)-5),ROW(96:96)),1),"")} | C100: =IFERROR(VLOOKUP($B100,'2. Inventaire'!$B$6:$Q$505,2),"") | D100: =IFERROR(VLOOKUP($B100,'2. Inventaire'!B101:Q600,14),"") | E100: =IFERROR(VLOOKUP($B100,'2. Inventaire'!B101:Q600,15),"") | F100: =IF(VLOOKUP(B100,'2. Inventaire'!$B$6:$M$500,12,FALSE)="","",IF(VLOOKUP(B100,'2. Inventaire'!$B$6:$M$500,12,FALSE)="Substances annexe XIV de REACH","Oui","Non")) -> #N/A
...

Sheet 4. Erreurs
B2: 4. ERREURS
B4: Type erreur | C4: Numéros des produits concernés
B5: Quand le pictogramme de danger SGH04 (bouteille à gaz) est sélectionné, il est obligatoire de sélectionner un gaz comme type de produit dangereux. | C5: =IF(LEN(InventaireSignalitique!Q3)=0,"",InventaireSignalitique!Q3)
B6: Le point déclair ne correspond pas aux type de produit dangereux sélectionné (voir tableaux plus bas *). | C6: =IF(LEN(InventaireSignalitique!R3)=0,"",InventaireSignalitique!R3)
B7: Quand H224 (Liquide et vapeurs extrêmement inflammables) ou H225 (Liquide et vapeurs très inflammables) est sélectionné, il est obligatoire d'avoir un point d'éclair inférieur ou égal à 21°C. | C7: =IF(LEN(InventaireSignalitique!S3)=0,"",InventaireSignalitique!S3)
B8: Quand H226 (Liquide et vapeurs inflammables) est sélectionné, il est obligatoire d'avoir un point d'éclair supérieur à 21°C mais ne dépassant pas 55°C. Excepté mazout/diesel | C8: =IF(LEN(InventaireSignalitique!T3)=0,"",InventaireSignalitique!T3)
B9: *
B10: Type produit dangereux | C10: Point d'éclair
B11: Gaz : dépôts fixes | C11: Pas d'application
B12: Gaz : dépôts mobiles | C12: Pas d'application
B13: Gaz : aérosols | C13: Pas d'application
B14: Liquides inflammables : essence (dépôt enfoui) | C14: point d'éclair inférieur ou égal à 21°C
B15: Liquides inflammables : essence (dépôt non enfoui) | C15: point d'éclair inférieur ou égal à 21°C
B16: Liquides inflammables : autres (dépôt enfoui) | C16: liste déroulante : 3 options
B17: Liquides inflammables : autres (dépôt non enfoui) | C17: liste déroulante : 3 options
B18: Produits spécifiques : diesel, mazout, fioul, gazole (dépôt enfoui et/ou approvisionnement véhicules) | C18: point d'éclair supérieur à 55°C mais ne dépasse pas 100°C
B19: Produits spécifiques : diesel, mazout, fioul, gazole (dépôt non enfoui) | C19: point d'éclair supérieur à 55°C mais ne dépasse pas 100°C
B20: Produits spécifiques : fuel lourd, huiles minérales ou synthétiques et liquides analogues (dépôt enfoui et/ou approvisionnement véhicules) | C20: Pas d'application
B21: Produits spécifiques : fuel lourd, huiles minérales ou synthétiques et liquides analogues (dépôt non enfoui) | C21: Pas d'application
... B26: Substances ou mélanges dangereux non repris sous une autre rubrique | C26: Pas d'application

Sheet 5. Résultats (old)
B3: 5. RESULTATS
B6: (Sous-) Rubrique | C6: Total (sous-) rubrique | D6: Classement par (sous-) rubrique | E6: Classement par rubrique | G6: Explications :
B7: rub. 72 - dépôts fixes | C7: =SUM('2. Inventaire'!BU6:BU505) -> 0 | D7: =IF(C7<300,"Non classé",IF(C7<=1000,"Classe A","Classe B")) -> Non classé | E7: =IF(D7="Classe B","72 B",IF(D7="Classe A","72 A","Non classé")) -> Non classé | G7: Les rubriques qui apparaissent dans ce tableau doivent être reprises (rubrique + classe) dans votre demande de permis initiale. Elles représentent en effet la présence d'installations classées dans votre exploitation et doivent donc être déclarées en conséquence.
B8: rub. 74 1° - dépôts mobiles | C8: =SUM('2. Inventaire'!BW6:BW505) -> 0 | D8: =IF(C8<300,"Non classé",IF(C8<=3000,"Classe A","Classe B")) -> Non classé | E8: =IF(D8="Classe B","74 1°B",IF(D8="Classe A","74 1°A","Non classé")) -> Non classé
B9: rub. 74 2° - aérosols | C9: =SUM('2. Inventaire'!BX6:BX505) -> 0 | D9: =IF(C9<300,"Non classé",IF(C9<=3000,"Classe A","Classe B")) -> Non classé | E9: =IF(D9="Classe B","74 2°B",IF(D9="Classe A","74 2°A","Non classé")) -> Non classé
B10: rub. 88 1° - enfoui | C10: =SUM('2. Inventaire'!BY6:BY505) -> 0 | D10: =IF(C10<=0,"Non classé",IF(C10<=500,"Classe A","Classe B")) -> Non classé | E10: =IF(OR(D10="Classe B",D11="Classe B"),"88 1°B",IF(OR(D10="Classe A",D11="Classe A"),"88 1°A","Non classé")) -> Non classé
B11: rub. 88 1° - non enfoui | C11: =SUM('2. Inventaire'!BZ6:BZ505) -> 0 | D11: =IF(C11<50,"Non classé",IF(C11<=500,"Classe A","Classe B")) -> Non classé
B12: rub. 88 2° - enfoui | C12: =SUM('2. Inventaire'!CA6:CA505) -> 0 | D12: =IF(C12<=0,"Non classé",IF(C12<=500,"Classe A",IF(C12<=10000,"Classe B","Classe C"))) -> Non classé | E12: =IF(OR(D12="Classe C",D13="Classe C"),"88 2°C",IF(OR(D12="Classe B",D13="Classe B"),"88 2°B",IF(OR(D12="Classe A",D13="Classe A"),"88 2°A","Non classé"))) -> Non classé
B13: rub. 88 2° - non enfoui | C13: =SUM('2. Inventaire'!CB6:CB505) -> 0 | D13: =IF(C13<100,"Non classé",IF(C13<=500,"Classe A",IF(C13<=10000,"Classe B","Classe C"))) -> Non classé
B14: rub. 88 3° - enfoui/véhicules | C14: =SUM('2. Inventaire'!CC6:CC505) -> 0 | D14: =IF(C14<=0,"Non classé",IF(C14<=10000,"Classe A",IF(C14<=50000,"Classe B","Classe C"))) -> Non classé | E14: =IF(OR(D14="Classe C",D15="Classe C"),"88 3°C",IF(OR(D14="Classe B",D15="Classe B"),"88 3°B",IF(OR(D14="Classe A",D15="Classe A"),"88 3°A","Non classé"))) -> Non classé
B15: rub. 88 3° - non enfoui | C15: =SUM('2. Inventaire'!CD6:CD505) -> 0 | D15: =IF(C15<3000,"Non classé",IF(C15<=10000,"Classe A",IF(C15<=50000,"Classe B","Classe C"))) -> Non classé
B16: rub. 88 4° - enfoui/véhicules | C16: =SUM('2. Inventaire'!CE6:CE505) -> 0 | D16: =IF(C16<=0,"Non classé",IF(C16<=10000,"Classe A",IF(C16<=10000,"Classe B","Classe C"))) -> Non classé | E16: =IF(OR(D16="Classe C",D17="Classe C"),"88 4°C",IF(OR(D16="Classe B",D17="Classe B"),"88 4°B",IF(OR(D16="Classe A",D17="Classe A"),"88 4°A","Non classé"))) -> Non classé
B17: rub. 88 4° - non enfoui | C17: =SUM('2. Inventaire'!CF6:CF505) -> 0 | D17: =IF(C17<3000,"Non classé",IF(C17<=10000,"Classe A",IF(C17<=100000,"Classe B","Classe C"))) -> Non classé
B18: rub. 112 - usage professionnel | C18: =SUM('2. Inventaire'!CG6:CG505) -> 0 | D18: =IF(C18<=0,"Non classé",IF(C18<=100,"Classe A","Classe B")) -> Non classé | E18: =IF(OR(D18="Classe B",D19="Classe B"),"112 B",IF(OR(D18="Classe A",D19="Classe A"),"112 A","Non classé")) -> Non classé
B19: rub. 112 - usage non professionnel | C19: =SUM('2. Inventaire'!CI6:CI505) -> 0 | D19: =IF(C19<100,"Non classé",IF(C19<=1000,"Classe A","Classe B")) -> Non classé
B20: rub. 121 uniquement infl/noc/irr | C20: =SUM('2. Inventaire'!CK6:CK505) -> 0 | D20: =IF(C20<300,"Non classé",IF(C20<=1000,"Classe A",IF(C20<=5000,"Classe B","Classe C"))) -> Non classé | E20: =IF(OR(D20="Classe C",D21="Classe C"),"121 C",IF(OR(D20="Classe B",D21="Classe B"),"121 B",IF(OR(D20="Classe A",D21="Classe A"),"121 A","Non classé"))) -> Non classé
B21: rub. 121 autre que infl/noc/irr | C21: =SUM('2. Inventaire'!CL6:CL505) -> 0 | D21: =IF(C21<100,"Non classé",IF(C21<=300,"Classe A",IF(C21<=1000,"Classe B","Classe C"))) -> Non classé
B23: Produits particulièrement préoccupants | C23: Nombre de produits concernés | D23: Numéros des produits concernés | G23: Explications :
B24: Danger pour la santé (CMR, mortels, sensibilisants) | C24: =IF(LEN(D24)=0,"",LEN(D24)-LEN(SUBSTITUTE(D24,",",""))+1) | D24: =IF(LEN(InventaireSignalitique!B3)=0,"",LEFT(InventaireSignalitique!B3,LEN(InventaireSignalitique!B3)-1)) | G24: Les produits apparaissant à cet endroit sont des produits spécialement préoccupants. Ils nécessitent potentiellement d'être soumis à des conditions d'exploitation spécifiques. Merci de nous faire parvenir, les fiches de données de sécurité relatives à ces produits.
B26: Code de symbole de danger | C26: Pictogramme de danger | D26: Quantité totale (kg ou l) | E26: Numéros des produits concernés | G26: Explications :
B27: SGH01 | D27: =SUM('2. Inventaire'!BE6:BE505) -> 0 | E27: =IF(LEN(InventaireSignalitique!G3)=0,"",LEFT(InventaireSignalitique!G3,LEN(InventaireSignalitique!G3)-1)) | G27: Les quantités totales de produits dangereux, classés par pictogrammes de danger, devront être affichées dans l'exploitation afin de permettre aux pompiers d'être avertis de la présence de produits dangereux en cas d'interrvention. Cette obligation sera indiquée dans les conditions d'exploitation de votre permis.
B28: SGH02 | D28: =SUM('2. Inventaire'!BF6:BF505) -> 0 | E28: =IF(LEN(InventaireSignalitique!H3)=0,"",LEFT(InventaireSignalitique!H3,LEN(InventaireSignalitique!H3)-1))
B29: SGH03 | D29: =SUM('2. Inventaire'!BG6:BG505) -> 0 | E29: =IF(LEN(InventaireSignalitique!I3)=0,"",LEFT(InventaireSignalitique!I3,LEN(InventaireSignalitique!I3)-1))
B30: SGH04 | D30: =SUM('2. Inventaire'!BH6:BH505) -> 0 | E30: =IF(LEN(InventaireSignalitique!J3)=0,"",LEFT(InventaireSignalitique!J3,LEN(InventaireSignalitique!J3)-1))
B31: SGH05 | D31: =SUM('2. Inventaire'!BI6:BI505) -> 0 | E31: =IF(LEN(InventaireSignalitique!K3)=0,"",LEFT(InventaireSignalitique!K3,LEN(InventaireSignalitique!K3)-1))
B32: SGH06 | D32: =SUM('2. Inventaire'!BJ6:BJ505) -> 0 | E32: =IF(LEN(InventaireSignalitique!L3)=0,"",LEFT(InventaireSignalitique!L3,LEN(InventaireSignalitique!L3)-1))
B33: SGH07 | D33: =SUM('2. Inventaire'!BK6:BK505) -> 0 | E33: =IF(LEN(InventaireSignalitique!M3)=0,"",LEFT(InventaireSignalitique!M3,LEN(InventaireSignalitique!M3)-1))
B34: SGH08 | D34: =SUM('2. Inventaire'!BL6:BL505) -> 0 | E34: =IF(LEN(InventaireSignalitique!N3)=0,"",LEFT(InventaireSignalitique!N3,LEN(InventaireSignalitique!N3)-1))
B35: SGH09 | D35: =SUM('2. Inventaire'!BM6:BM505) -> 0 | E35: =IF(LEN(InventaireSignalitique!O3)=0,"",LEFT(InventaireSignalitique!O3,LEN(InventaireSignalitique!O3)-1))
B36: Pas de pictogramme | D36: =SUM('2. Inventaire'!BN6:BN505) -> 0 | E36: =IF(LEN(InventaireSignalitique!P3)=0,"",LEFT(InventaireSignalitique!P3,LEN(InventaireSignalitique!P3)-1))

Sheet 5. Résultats
B3: 5. RESULTATS
B6: (Sous-) Rubrique | D6: Total (sous-) rubrique | E6: Classement par (sous-)rubrique | F6: Classement par rubrique | H6: Explications :
B7: rub. 72 1° | C7: Dépôts fixes | D7: =SUM('2. Inventaire'!BU6:BU505) -> 0 | E7: =IF(D7<300,"Non classé",IF(D7<=3000,"Classe A","Classe B")) -> Non classé | F7: =IF(E7="Classe B","72 1° B",IF(E7="Classe A","72 1° A","Non classé")) -> Non classé | H7: Les rubriques qui apparaissent dans ce tableau doivent être reprises (rubrique + classe) dans votre demande de permis. Elles représentent en effet la présence d'installations classées dans votre exploitation et doivent donc être déclarées en conséquence.
B8: rub. 72 2° | C8: Gaz d'extinction | D8: =SUM('2. Inventaire'!BV6:BV505) -> 0 | E8: =IF(D8<300,"Non classé",IF(D8<=3000,"Classe A","Classe B")) -> Non classé | F8: =IF(E8="Classe B","72 2° B",IF(E8="Classe A","72 2° A","Non classé")) -> Non classé
B9: rub. 74 1° | C9: Dépôts mobiles | D9: =SUM('2. Inventaire'!BW6:BW505) -> 0 | E9: =IF(D9<300,"Non classé",IF(D9<=3000,"Classe A","Classe B")) -> Non classé | F9: =IF(E9="Classe B","74 1°B",IF(E9="Classe A","74 1°A","Non classé")) -> Non classé
B10: rub. 74 2° | C10: Aérosols | D10: =SUM('2. Inventaire'!BX6:BX505) -> 0 | E10: =IF(D10<300,"Non classé",IF(D10<=3000,"Classe A","Classe B")) -> Non classé | F10: =IF(E10="Classe B","74 2°B",IF(E10="Classe A","74 2°A","Non classé")) -> Non classé
B11: rub. 88 1° | C11: Enfoui | D11: =SUM('2. Inventaire'!BY6:BY505) -> 0 | E11: =IF(D11<=0,"Non classé",IF(D11<=500,"Classe A","Classe B")) -> Non classé | F11: =IF(OR(E11="Classe B",E12="Classe B"),"88 1°B",IF(OR(E11="Classe A",E12="Classe A"),"88 1°A","Non classé")) -> Non classé
C12: Non enfoui | D12: =SUM('2. Inventaire'!BZ6:BZ505) -> 0 | E12: =IF(D12<50,"Non classé",IF(D12<=500,"Classe A","Classe B")) -> Non classé
B13: rub. 88 2° | C13: Enfoui | D13: =SUM('2. Inventaire'!CA6:CA505) -> 0 | E13: =IF(D13<=0,"Non classé",IF(D13<=500,"Classe A",IF(D13<=10000,"Classe B","Classe C"))) -> Non classé | F13: =IF(OR(E13="Classe C",E14="Classe C"),"88 2°C",IF(OR(E13="Classe B",E14="Classe B"),"88 2°B",IF(OR(E13="Classe A",E14="Classe A"),"88 2°A","Non classé"))) -> Non classé
C14: Non enfoui | D14: =SUM('2. Inventaire'!CB6:CB505) -> 0 | E14: =IF(D14<100,"Non classé",IF(D14<=500,"Classe A",IF(D14<=10000,"Classe B","Classe C"))) -> Non classé
B15: rub. 88 3° | C15: Enfoui/véhicules | D15: =SUM('2. Inventaire'!CC6:CC505) -> 0 | E15: =IF(D15<=0,"Non classé",IF(D15<=10000,"Classe A",IF(D15<=50000,"Classe B","Classe C"))) -> Non classé | F15: =IF(OR(E15="Classe C",E16="Classe C"),"88 3°C",IF(OR(E15="Classe B",E16="Classe B"),"88 3°B",IF(OR(E15="Classe A",E16="Classe A"),"88 3°A","Non classé"))) -> Non classé
C16: Non enfoui | D16: =SUM('2. Inventaire'!CD6:CD505) -> 0 | E16: =IF(D16<3000,"Non classé",IF(D16<=10000,"Classe A",IF(D16<=50000,"Classe B","Classe C"))) -> Non classé
B17: rub. 88 4° | C17: Enfoui/véhicules | D17: =SUM('2. Inventaire'!CE6:CE505) -> 0 | E17: =IF(D17<=0,"Non classé",IF(D17<=10000,"Classe A",IF(D17<=10000,"Classe B","Classe C"))) -> Non classé | F17: =IF(OR(E17="Classe C",E18="Classe C"),"88 4°C",IF(OR(E17="Classe B",E18="Classe B"),"88 4°B",IF(OR(E17="Classe A",E18="Classe A"),"88 4°A","Non classé"))) -> Non classé
C18: Non enfoui | D18: =SUM('2. Inventaire'!CF6:CF505) -> 0 | E18: =IF(D18<3000,"Non classé",IF(D18<=10000,"Classe A",IF(D18<=100000,"Classe B","Classe C"))) -> Non classé
B19: rub. 112 | C19: Usage professionnel | D19: =SUM('2. Inventaire'!CG6:CG505) -> 0 | E19: =IF(D19<=0,"Non classé",IF(D19<=100,"Classe A","Classe B")) -> Non classé | F19: =IF(OR(E19="Classe B",E20="Classe B",E21="Classe B"),"112°B",IF(OR(E19="Classe A",E20="Classe A",E21="Classe A"),"112°A",IF(OR(E19="Classe C",E20="Classe C",E21="Classe C"),"112°C","Non Classé"))) -> Non Classé
C20: Usage non professionnel destiné à la vente | D20: =SUM('2. Inventaire'!CH6:CH505) -> 0 | E20: =IF(D20<=0,"Non classé",IF(D20<=100,"Classe C",IF(D20<=1000,"Classe A","Classe B"))) -> Non classé
C21: Usage non professionnel destiné au stockage | D21: =SUM('2. Inventaire'!CI6:CI505) -> 0 | E21: =IF(D21<=100,"Non classé",IF(D21<=1000,"Classe A","Classe B")) -> Non classé
B22: rub. 121 | C22: Uniquement infl/noc/irr | D22: =SUM('2. Inventaire'!CK6:CK505) -> 0 | E22: =IF(D22<300,"Non classé",IF(D22<=1000,"Classe A",IF(D22<=5000,"Classe B","Classe C"))) -> Non classé | F22: =IF(OR(E22="Classe C",E23="Classe C"),"121°C",IF(OR(E22="Classe B",E23="Classe B"),"121°B",IF(OR(E22="Classe A",E23="Classe A"),"121°A","Non classé"))) -> Non classé
C23: Autre que infl/noc/irr | D23: =SUM('2. Inventaire'!CL6:CL505) -> 0 | E23: =IF(D23<100,"Non classé",IF(D23<=300,"Classe A",IF(D23<=1000,"Classe B","Classe C"))) -> Non classé
B24: rub. 173 | C24: Substances annexe XIV de REACH | D24: =SUM('2. Inventaire'!CJ6:CJ505) -> 0 | E24: =IF(D24=0,"Non classé","Classé") -> Non classé | F24: =IF(E24="Classé",173,"Non classé") -> Non classé
B26: Produits particulièrement préoccupants | D26: Nombre de produits concernés | E26: Numéros des produits concernés | F26: =IF(E26="Classé",173,"Non classé") -> Non classé | H26: Explications :
B27: Danger pour la santé (CMR, mortels, sensibilisants) | D27: =IF(LEN(E27)=0,"",LEN(E27)-LEN(SUBSTITUTE(E27,",",""))+1) | E27: =IF(LEN(InventaireSignalitique!B3)=0,"",LEFT(InventaireSignalitique!B3,LEN(InventaireSignalitique!B3))) | H27: Les produits apparaissant à cet endroit sont des produits particulièrement préoccupants. Ils nécessitent potentiellement d'être soumis à des conditions d'exploitation spécifiques. Merci de nous faire parvenir les fiches de données de sécurité relatives à ces produits.
B28: Danger pour l'environnement | D28: =IF(LEN(E28)=0,"",LEN(E28)-LEN(SUBSTITUTE(E28,",",""))+1) | E28: =IF(LEN(InventaireSignalitique!C3)=0,"",LEFT(InventaireSignalitique!C3,LEN(InventaireSignalitique!C3)))
B29: Perturbateurs Endocriniens | D29: =IF(LEN(E29)=0,"",LEN(E29)-LEN(SUBSTITUTE(E29,",",""))+1) | E29: =IF(LEN(InventaireSignalitique!D3)=0,"",LEFT(InventaireSignalitique!D3,LEN(InventaireSignalitique!D3)))
B30: Produits chimiques persistants | D30: =IF(LEN(E30)=0,"",LEN(E30)-LEN(SUBSTITUTE(E30,",",""))+1) | E30: =IF(LEN(InventaireSignalitique!E3)=0,"",LEFT(InventaireSignalitique!E3,LEN(InventaireSignalitique!E3)))
B31: Substances reprises à l’Annexe XIV du règlement REACH | D31: =IF(LEN(E31)=0,"",LEN(E31)-LEN(SUBSTITUTE(E31,",",""))+1) | E31: =IF(LEN(InventaireSignalitique!F3)=0,"",LEFT(InventaireSignalitique!F3,LEN(InventaireSignalitique!F3)))
B33: Code de symbole de danger | C33: Pictogramme de danger | D33: Quantité totale (kg ou l) | E33: Numéros des produits concernés | F33: Quantité ajustée selon les règles de priorité* | H33: Explications :
B34: SGH01 | D34: =SUM('2. Inventaire'!BE6:BE505) -> 0 | E34: =IF(LEN(InventaireSignalitique!G3)=0,"",LEFT(InventaireSignalitique!G3,LEN(InventaireSignalitique!G3))) | H34: Il existe une obligation d'afficher la liste des produits dangereux, classés par pictogrammes de danger,ainsi que leurs quantités, et ce afin d'informer les pompiers des risques en cas d'intervention. Le tableau ci-contre peut vous servir de modèle pour réaliser votre signalisation. Ces règles (qui se retrouveront dans les Conditions d'Exlploitations de votre permis) diffèrent selon le type de lieu choisi pour stocker vos produits dangereux : Local spécifique : "Les indications suivantes doivent être affichées à proximité des accès au dépôt : i. les dangers (suivant les pictogrammes légaux) ; ii. les quantités maximales stockées par pictogramme de danger. Armoire de sécurité : "Les pictogrammes de danger qui se trouvent sur les emballages et les récipients des produits stockés doivent être apposés d'une manière claire et lisible sur une des parois extérieures des armoires de sécurité. " Autre (e.g. stockage en extérieur) : pas de conditions spécifiques.
B35: SGH02 | D35: =SUM('2. Inventaire'!BF6:BF505) -> 0 | E35: =IF(LEN(InventaireSignalitique!H3)=0,"",LEFT(InventaireSignalitique!H3,LEN(InventaireSignalitique!H3)))
B36: SGH03 | D36: =SUM('2. Inventaire'!BG6:BG505) -> 0 | E36: =IF(LEN(InventaireSignalitique!I3)=0,"",LEFT(InventaireSignalitique!I3,LEN(InventaireSignalitique!I3)))
B37: SGH04 | D37: =SUM('2. Inventaire'!BH6:BH505) -> 0 | E37: =IF(LEN(InventaireSignalitique!J3)=0,"",LEFT(InventaireSignalitique!J3,LEN(InventaireSignalitique!J3))) | F37: =D37 -> 0
B38: SGH05 | D38: =SUM('2. Inventaire'!BI6:BI505) -> 0 | E38: =IF(LEN(InventaireSignalitique!K3)=0,"",LEFT(InventaireSignalitique!K3,LEN(InventaireSignalitique!K3))) | F38: =SUM('2. Inventaire'!BP6:BP505) -> 0
B39: SGH06 | D39: =SUM('2. Inventaire'!BJ6:BJ505) -> 0 | E39: =IF(LEN(InventaireSignalitique!L3)=0,"",LEFT(InventaireSignalitique!L3,LEN(InventaireSignalitique!L3))) | F39: =SUM('2. Inventaire'!BQ7:BQ506) -> 0
B40: SGH07 | D40: =SUM('2. Inventaire'!BK6:BK505) -> 0 | E40: =IF(LEN(InventaireSignalitique!M3)=0,"",LEFT(InventaireSignalitique!M3,LEN(InventaireSignalitique!M3))) | F40: =SUM('2. Inventaire'!BR8:BR507) -> 0
B41: SGH08 | D41: =SUM('2. Inventaire'!BL6:BL505) -> 0 | E41: =IF(LEN(InventaireSignalitique!N3)=0,"",LEFT(InventaireSignalitique!N3,LEN(InventaireSignalitique!N3))) | F41: =SUM('2. Inventaire'!BS9:BS508) -> 0
B42: SGH09 | D42: =SUM('2. Inventaire'!BM6:BM505) -> 0 | E42: =IF(LEN(InventaireSignalitique!O3)=0,"",LEFT(InventaireSignalitique!O3,LEN(InventaireSignalitique!O3))) | F42: =SUM('2. Inventaire'!BT10:BT509) -> 0
B43: Pas de pictogramme | D43: =SUM('2. Inventaire'!BN6:BN505) -> 0 | E43: =IF(LEN(InventaireSignalitique!P3)=0,"",LEFT(InventaireSignalitique!P3,LEN(InventaireSignalitique!P3))) | F43: =D43 -> 0

Sheet InventaireSignalitique
B2: Danger pour la santé | C2: Danger pour l'environnement | D2: Perturbateurs endocriniens | E2: Produits chimiques persistants | F2: Annexe XIV Reach | G2: Picto SGH01 | H2: Picto SGH02 | I2: Picto SGH03 | J2: Picto SGH04 | K2: Picto SGH05 | L2: Picto SGH06 | M2: Picto SGH07 | N2: Picto SGH08 | O2: Picto SGH09 | P2: Pas de pictogramme | Q2: Pour Erreurs !B2 | R2: Pour Erreurs !B3 | S2: Pour Erreurs !B4 | T2: Pour Erreurs !B5 | U2: Pour Erreur !B6
B3: =_xlfn.TEXTJOIN(",","true",'2. Inventaire'!CM6:CM505) | C3: =_xlfn.TEXTJOIN(",","true",'2. Inventaire'!CN6:CN505) | D3: =_xlfn.TEXTJOIN(",","true",'2. Inventaire'!CO6:CO505) | E3: =_xlfn.TEXTJOIN(",","true",'2. Inventaire'!CP6:CP505) | F3: =_xlfn.TEXTJOIN(",","true",'2. Inventaire'!CQ6:CQ505) | G3: =_xlfn.TEXTJOIN(",","true",'2. Inventaire'!CS6:CS505) | H3: =_xlfn.TEXTJOIN(",","true",'2. Inventaire'!CT6:CT505) | I3: =_xlfn.TEXTJOIN(",","true",'2. Inventaire'!CU6:CU505) | J3: =_xlfn.TEXTJOIN(",","true",'2. Inventaire'!CV6:CV505) | K3: =_xlfn.TEXTJOIN(",","true",'2. Inventaire'!CW6:CW505) | L3: =_xlfn.TEXTJOIN(",","true",'2. Inventaire'!CX6:CX505) | M3: =_xlfn.TEXTJOIN(",","true",'2. Inventaire'!CY6:CY505) | N3: =_xlfn.TEXTJOIN(",","true",'2. Inventaire'!CZ6:CZ505) | ... T3: =_xlfn.TEXTJOIN(",","true",'2. Inventaire'!DF6:DF505)
B12: =_xlfn.TEXTJOIN(",",TRUE,'2. Inventaire'!CM6:'2. Inventaire'!CM7)

Sheet ComboValue
A1: Pictogramme de danger | B1: Gevarenpictogram | C1: Id_Picto | D1: Type produit dangereux | E1: Type gevaarlijk product | F1: Id_TPD_Fr | G1: Id_TPD_Nl | H1: Unite | I1: Eenheid | J1: Point d'éclair | K1: Vlampunt | L1: Id_PE | M1: Code H | N1: H code | O1: Id_H | P1: CMR | Q1: infl/noc/irr | R1: Danger pour l'environnement | S1: Perturbateurs endocriniens | T1: Produits chimiques persistants | U1: Conditionnement | V1: Conditionering | W1: Id_C | X1: Lieu | Y1: Locatie | Z1: Id_L | AB1: C_01 | AC1: C_01b | AD1: C_02 | AE1: C_03 | AF1: C_04 | AG1: C_05 | AH1: C_06 | AI1: C_07 | AJ1: C_08 | AK1: C_09 | AL1: C_10 | AM1: C_11 | AN1: C_12 | AO1: C_13 | AP1: C_14 | AQ1: C_15 | AR1: C_16 | AS1: C_17
A2: SGH01 (bombe explosant) | B2: GHS01 (ontploffende bom) | C2: 01 | D2: Gaz : dépôts fixes | E2: Gas : vaste opslag | F2: C_01 | G2: D_01 | H2: litres | I2: liter | J2: point d'éclair inférieur ou égal à 21°C | K2: vlampunt lager of gelijk aan 21°C | L2: 01 | M2: H200 : Explosif instable | N2: H200 : Instabiele ontplofbare stof | O2: 01 | U2: Petits conditionnements individuels fermés de maximum 30 l/kg | V2: Kleine afgesloten individuele verpakkingen van maximaal 30 l/kg | W2: 01 | X2: Dans un local spécifique produits dangereux et/ou inflammables | Y2: In een specifiek lokaal voor gevaarlijke en/of ontvlambare producten | Z2: 01 | AB2: Pas d'application | AC2: Pas d'application | AD2: Pas d'application | AE2: Pas d'application | AF2: point d'éclair inférieur ou égal à 21°C | AG2: point d'éclair inférieur ou égal à 21°C | AH2: point d'éclair inférieur ou égal à 21°C | AI2: point d'éclair inférieur ou égal à 21°C | AJ2: point d'éclair supérieur à 55°C mais ne dépasse pas 100°C | AK2: point d'éclair supérieur à 55°C mais ne dépasse pas 100°C | AL2: Pas d'application | AM2: Pas d'application | AN2: Pas d'application | AO2: Pas d'application | AP2: Pas d'application | AQ2: Pas d'application | AR2: Pas d'application | AS2: Pas d'application
A3: SGH02 (flamme) | B3: GHS02 (vlam) | C3: 02 | D3: Gaz : gaz d'extinction | E3: Gas : blusgazen | F3: C_01b | G3: D_01b | H3: litres | I3: liter | J3: point d'éclair supérieur à 21°C mais ne dépasse pas 55°C | K3: vlampunt hoger dan 21°C maar niet hoger dan 55°C | L3: 02 | M3: H201 : Explosif ; danger d’explosion en masse | N3: H201 : Ontplofbaar; gevaar voor massa- explosie | O3: 02 | U3: Fût (environ 200 litres) | V3: Vat (ongeveer 200 liter) | W3: 02 | X3: Dans un atelier | Y3: In een atelier | Z3: 02 | AH3: point d'éclair supérieur à 21°C mais ne dépasse pas 55°C | AI3: point d'éclair supérieur à 21°C mais ne dépasse pas 55°C
A4: SGH03 ( flamme au-dessus d'un cercle) | B4: GHS03 (vlam boven cirkel) | C4: 03 | D4: Gaz : dépôts mobiles | E4: Gas : mobiele opslag | F4: C_02 | G4: D_02 | H4: litres | I4: liter | J4: point d'éclair supérieur à 55°C mais ne dépasse pas 100°C | K4: vlampunt hoger dan 55°C maar niet hoger dan 100°C | L4: 03 | M4: H202 : Explosif ; danger sérieux de projection | N4: H202 : Ontplofbaar; ernstig gevaar voor scherfwerking | O4: 03 | U4: Bonbonne/bombe | V4: Gasfles/spuitbus | W4: 03 | X4: Dans un laboratoire | Y4: In een laboratorium | Z4: 03 | AH4: point d'éclair supérieur à 55°C mais ne dépasse pas 100°C | AI4: point d'éclair supérieur à 55°C mais ne dépasse pas 100°C
A5: SGH04 (bouteille à gaz) | B5: GHS04 (gasfles) | C5: 04 | D5: Gaz : aérosols | E5: Gas : spuitbussen | F5: C_03 | G5: D_03 | H5: litres | I5: liter | J5: Pas d'application | K5: Niet van toepassing | L5: 04 | M5: H203 : Explosif ; danger d’incendie, d’effet de souffle ou de projection | N5: H203 : Ontplofbaar; gevaar voor brand, luchtdrukwerking of scherfwerking | O5: 04 | U5: Réservoir enfoui | V5: Ondergrondse tank | W5: 04 | X5: Dans une zone de stockage au sein d’un local non dédié au stockage de produits dangereux | Y5: In een opslagzone in een lokaal dat niet bestemd is voor de opslag van gevaarlijke producten | Z5: 04
A6: SGH05 (corrosion) | B6: GHS05 (corrosie) | C6: 05 | D6: Liquides inflammables : essence (dépôt enfoui) | E6: Ontvlambare vloeistoffen : benzine (ondergrondse opslag) | F6: C_04 | G6: D_04 | H6: litres | I6: liter | M6: H204 : Danger d’incendie ou de projection | N6: H204 : Gevaar voor brand of scherfwerking | O6: 05 | U6: Citerne aérienne horizontale | V6: Horizontale bovengrondse tank | W6: 05 | X6: Dans une armoire de sécurité coupe-feu (normes NEN2678 ou EN-14470-1) | Y6: In een brandwerende veiligheidskast (norm NEN2678 of EN-14470-1) | Z6: 05
A7: SGH06 (tête de mort sur 2 tibias) | B7: GHS06 (doodshoofd met gekruiste beenderen) | C7: 06 | D7: Liquides inflammables : essence (dépôt non enfoui) | E7: Ontvlambare vloeistoffen : benzine (niet-ondergrondse opslag) | F7: C_05 | G7: D_05 | H7: litres | I7: liter | M7: H205 : Danger d’explosion en masse en cas d’incendie | N7: H205 : Gevaar voor massa-explosie bij brand | O7: 06 | U7: Citerne aérienne verticale | V7: Verticale bovengrondse tank | W7: 06 | X7: A l’air libre (à l’abri de la pluie et du soleil) | Y7: In open lucht (afgeschermd van regen en zon) | Z7: 06 | AB7: D_01 | AC7: D_01b | AD7: D_02 | AE7: D_03 | AF7: D_04 | AG7: D_05 | AH7: D_06 | AI7: D_07 | AJ7: D_08 | AK7: D_09 | AL7: D_10 | AM7: D_11 | AN7: D_12 | AO7: D_13 | AP7: D_14 | AQ7: D_15 | AR7: D_16 | AS7: D_17
A8: SGH07 (point d'exclamation) | B8: GHS07 (uitroepteken) | C8: 07 | D8: Liquides inflammables : autres (dépôt enfoui) | E8: Ontvlambare vloeistoffen : andere (ondergrondse opslag) | F8: C_06 | G8: D_06 | H8: litres | I8: liter | M8: H220 : Gaz extrêmement inflammable | N8: H220 : Zeer licht ontvlambaar gas | O8: 07 | U8: Réservoir aérien ouvert (genre silo) | V8: Open bovengronds reservoir (type silo) | W8: 07 | X8: A l’air libre (à la pluie et/ou au soleil) | Y8: In open lucht (in regen en/of zon) | Z8: 07 | AB8: Niet van toepassing | AC8: Niet van toepassing | AD8: Niet van toepassing | AE8: Niet van toepassing | AF8: vlampunt lager of gelijk aan 21°C | AG8: vlampunt lager of gelijk aan 21°C | AH8: vlampunt lager of gelijk aan 21°C | AI8: vlampunt lager of gelijk aan 21°C | AJ8: vlampunt hoger dan 55°C maar niet hoger dan 100°C | AK8: vlampunt hoger dan 55°C maar niet hoger dan 100°C | AL8: Niet van toepassing | AM8: Niet van toepassing | AN8: Niet van toepassing | AO8: Niet van toepassing | AP8: Niet van toepassing | AQ8: Niet van toepassing | AR8: Niet van toepassing | AS8: Niet van toepassing
A9: SGH08 (danger pour la santé) | B9: GHS08 (gezondheidsgevaar) | C9: 08 | D9: Liquides inflammables : autres (dépôt non enfoui) | E9: Ontvlambare vloeistoffen : andere (niet-ondergrondse opslag) | F9: C_07 | G9: D_07 | H9: litres | I9: liter | M9: H221 : Gaz inflammable | N9: H221 : Ontvlambaar gas | O9: 08 | U9: Autre | V9: Andere | W9: 08 | X9: En rayon de magasin (commerce de vente au détail) | Y9: In winkelrek (verkooppunt voor detailhandel) | Z9: 08 | AH9: vlampunt hoger dan 21°C maar niet hoger dan 55°C | AI9: vlampunt hoger dan 21°C maar niet hoger dan 55°C
A10: SGH09 (environnement) | B10: GHS09 (milieu) | C10: 09 | D10: Produits spécifiques : diesel, mazout, fioul, gazole (dépôt enfoui et/ou approvisionnement véhicules) | E10: Specifieke producten : diesel, stookolie, gasolie (ondergrondse opslag en/of bevoorrading voertuigen) | F10: C_08 | G10: D_08 | H10: litres | I10: liter | M10: H222 : Aérosol extrêmement inflammable | N10: H222 : Zeer licht ontvlambaar aërosol | O10: 09 | X10: Autre | Y10: Andere | Z10: 09 | AH10: vlampunt hoger dan 55°C maar niet hoger dan 100°C | AI10: vlampunt hoger dan 55°C maar niet hoger dan 100°C
A11: pas de pictogramme | B11: geen pictogram | C11: 10 | D11: Produits spécifiques : diesel, mazout, fioul, gazole (dépôt non enfoui) | E11: Specifieke producten : diesel, stookoloie, gasolie (niet-ondergrondse opslag) | F11: C_09 | G11: D_09 | H11: litres | I11: liter | M11: H223 : Aérosol inflammable | N11: H223 : Ontvlambaar aërosol | O11: 10
D12: Produits spécifiques : fuel lourd, huiles minérales ou synthétiques et liquides analogues (dépôt enfoui et/ou approvisionnement véhicules) | E12: Specifieke producten : zware stookolie, minerale of synthetische oliën en analoge vloeistoffen (ondergrondse opslag en/of bevoorrading voertuigen) | F12: C_10 | G12: D_10 | H12: litres | I12: liter | M12: H224 : Liquide et vapeurs extrêmement inflammables | N12: H224 : Zeer licht ontvlambare vloeistof en damp | O12: 11
D13: Produits spécifiques : fuel lourd, huiles minérales ou synthétiques et liquides analogues (dépôt non enfoui) | E13: Specifieke producten : zware stookolie, minerale of synthetische oliën en analoge vloeistoffen (niet-ondergrondse opslag) | F13: C_11 | G13: D_11 | H13: litres | I13: liter | M13: H225 : Liquide et vapeurs très inflammables | N13: H225 : Licht ontvlambare vloeistof en damp | O13: 12
D14: Produits spécifiques : produits phytopharmaceutiques (à usage professionnel) | E14: Specifieke producten : fytofarmaceutische producten (voor professioneel gebruik) | F14: C_12 | G14: D_12 | H14: kg | I14: kg | M14: H226 : Liquide et vapeurs inflammables | N14: H226 : Ontvlambare vloeistof en damp | O14: 13
D15: Produits spécifiques : produits phytopharmaceutiques (à usage non professionnel destiné à la vente) | E15: Specifieke producten : fytofarmaceutische producten (voor niet-professioneel gebruik bestemd voor verkoop) | F15: C_13 | G15: D_13 | H15: kg | I15: kg | M15: H228 : Matière solide inflammable | N15: H228 : Ontvlambare vaste stof | O15: 14 | Q15: x
D16: Produits spécifiques : produits phytopharmaceutiques (à usage non professionnel destiné au stockage) | E16: Specifieke producten : fytofarmaceutische producten (voor niet-professioneel gebruik bestemd voor opslag) | F16: C_14 | G16: C_14 | H16: kg | I16: kg | M16: H229 : Récipient sous pression ; peut éclater sous l’effet de la chaleur | N16: H229 : Houder onder druk: kan openbarsten bij verhitting | O16: 15
D17: Substances annexe XIV de REACH | E17: Substanties bijlage XIV van REACH | F17: C_15 | G17: D_15 | H17: litres | I17: liters | M17: H230 : Peut exploser même en l’absence d’air | N17: H230 : Kan explosief reageren zelfs in afwezigheid van lucht | O17: 16
D18: Substances ou mélanges dangereux non repris sous une autre rubrique | E18: Gevaarlijke substanties of mengels die niet in een andere rubriek zijn opgenomen (uitsluitend ontvlambaar, schadelijk, irriterend) | F18: C_16 | G18: D_16 | H18: kg/litres | I18: kg/liters | M18: H231 : Peut exploser même en l’absence d’air à une pression et/ou une température élevée(s) | N18: H231 : Kan explosief reageren zelfs in afwezigheid van lucht bij verhoogde druk en/of temperatuur | O18: 17
M19: H241 : Peut s’enflammer ou exploser sous l’effet de la chaleur | N19: H241 : Brand- of ontploffingsgevaar bij verwarming | O19: 19
M20: H242 : Peut s’enflammer sous l’effet de la chaleur | N20: H242 : Brandgevaar bij verwarming | O20: 20
M21: H250 : S’enflamme spontanément au contact de l’air | N21: H250 : Vat spontaan vlam bij blootstelling aan lucht | O21: 21
M22: H251 : Matière auto-échauffante ; peut s’enflammer | N22: H251 : Vatbaar voor zelfverhitting; kan vlam vatten | O22: 22
M23: H252 : Matière auto-échauffante en grandes quantités ; peut s’enflammer | N23: H252 : In grote hoeveelheden vatbaar voor zelfverhitting; kan vlam vatten | O23: 23
M24: H260 : Dégage au contact de l’eau des gaz inflammables qui peuvent s’enflammer spontanément | N24: H260 : In contact met water komen ontvlambare gassen vrij die spontaan kunnen ontbranden | O24: 24
M25: H261 : Dégage au contact de l’eau des gaz inflammables | N25: H261 : In contact met water komen ontvlambare gassen vrij | O25: 25
M26: H270 : Peut provoquer ou aggraver un incendie ; comburant | N26: H270 : Kan brand veroorzaken of bevorderen; oxiderend | O26: 26
M27: H271 : Peut provoquer un incendie ou une explosion ; comburant puissant | N27: H271 : Kan brand of ontploffingen veroorzaken; sterk oxiderend | O27: 27
M28: H272 : Peut aggraver un incendie ; comburant | N28: H272 : Kan brand bevorderen; oxiderend | O28: 28
M29: H280 : Contient un gaz sous pression ; peut exploser sous l’effet de la chaleur | N29: H280 : Bevat gas onder druk; kan ontploffen bij verwarming | O29: 29
M30: H281 : Contient un gaz réfrigéré ; peut causer des brûlures ou blessures cryogéniques | N30: H281 : Bevat sterk gekoeld gas; kan cryogene brandwonden of letsel veroorzaken | O30: 30
M31: H290 : Peut être corrosif pour les métaux | N31: H290 : Kan bijtend zijn voor metalen | O31: 31
M32: H300 : Mortel en cas d’ingestion | N32: H300 : Dodelijk bij inslikken | O32: 32 | P32: x
M33: H301 : Toxique en cas d’ingestion | N33: H301 : Giftig bij inslikken | O33: 33
M34: H302 : Nocif en cas d’ingestion | N34: H302 : Schadelijk bij inslikken | O34: 34 | Q34: x
M35: H304 : Peut être mortel en cas d’ingestion et de pénétration dans les voies respiratoires | N35: H304 : Kan dodelijk zijn als de stof bij inslikken in de luchtwegen terechtkomt | O35: 35 | P35: x
M36: H310 : Mortel par contact cutané | N36: H310 : Dodelijk bij contact met de huid | O36: 36 | P36: x
M37: H311 : Toxique par contact cutané | N37: H311 : Giftig bij contact met de huid | O37: 37
M38: H312 : Nocif par contact cutané | N38: H312 : Schadelijk bij contact met de huid | O38: 38 | Q38: x
M39: H314 : Provoque des brûlures de la peau et des lésions oculaires graves | N39: H314 : Veroorzaakt ernstige brandwonden en oogletsel | O39: 39
M40: H315 : Provoque une irritation cutanée | N40: H315 : Veroorzaakt huidirritatie | O40: 40 | Q40: x
M41: H317 : Peut provoquer une allergie cutanée | N41: H317 : Kan een allergische huidreactie veroorzaken | O41: 41 | Q41: x
M42: H318 : Provoque des lésions oculaires graves | N42: H318 : Veroorzaakt ernstig oogletsel | O42: 42 | Q42: x
M43: H319 : Provoque une sévère irritation des yeux | N43: H319 : Veroorzaakt ernstige oogirritatie | O43: 43 | Q43: x
M44: H330 : Mortel par inhalation | N44: H330 : Dodelijk bij inademing | O44: 44 | P44: x
M45: H331 : Toxique par inhalation | N45: H331 : Giftig bij inademing | O45: 45 | P45: x
M46: H332 : Nocif par inhalation | N46: H332 : Schadelijk bij inademing | O46: 46 | Q46: x
M47: H334 : Peut provoquer des symptômes allergiques ou d’asthme ou des difficultés respiratoires par inhalation | N47: H334 : Kan bij inademing allergie- of astmasymptomen of ademhalingsmoeilijkheden veroorzaken | O47: 47 | P47: x
M48: H335 : Peut irriter les voies respiratoires | N48: H335 : Kan irritatie van de luchtwegen veroorzaken | O48: 48 | Q48: x
M49: H336 : Peut provoquer somnolence ou vertiges | N49: H336 : Kan slaperigheid of duizeligheid veroorzaken | O49: 49
M50: H340 : Peut induire des anomalies génétiques | N50: H340 : Kan genetische schade veroorzaken | O50: 50 | P50: x
M51: H341 : Susceptible d’induire des anomalies génétiques | N51: H341 : Verdacht van het veroorzaken van genetische schade | O51: 51 | P51: x
M52: H350 : Peut provoquer le cancer | N52: H350 : Kan kanker veroorzaken | O52: 52 | P52: x
M53: H351 : Susceptible de provoquer le cancer | N53: H351 : Verdacht van het veroorzaken van kanker | O53: 53 | P53: x
M54: H360 : Peut nuire à la fertilité ou au foetus | N54: H360 : Kan de vruchtbaarheid of het ongeboren kind schaden | O54: 54 | P54: x
M55: H361 : Susceptible de nuire à la fertilité ou au fœtus | N55: H361 : Kan mogelijks de vruchtbaarheid of het ongeboren kind schaden | O55: 55 | P55: x
M56: H362 : Peut être nocif pour les bébés nourris au lait maternel | N56: H362 : Kan schadelijk zijn via de borstvoeding | O56: 56 | Q56: x
M57: H370 : Risque avéré d’effets graves pour les organes | N57: H370 : Veroorzaakt schade aan organen | O57: 57 | P57: x
M58: H371 : Risque présumé d’effets graves pour les organes | N58: H371 : Kan schade aan organen veroorzaken | O58: 58 | P58: x
M59: H372 : Risque avéré d’effets graves pour les organes à la suite d’expositions répétées ou d’une exposition prolongée | N59: H372 : Veroorzaakt schade aan organen bij langdurige of herhaalde blootstelling | O59: 59 | P59: x
M60: H373 : Risque présumé d’effets graves pour les organes à la suite d’expositions répétées ou d’une exposition prolongée | N60: H373 : Kan schade aan organen veroorzaken bij langdurige of herhaalde blootstelling | O60: 60 | P60: x
M61: H400 : Très toxique pour les organismes aquatiques | N61: H400 : Zeer giftig voor in het water levende organismen | O61: 61 | R61: x
M62: H410 : Très toxique pour les organismes aquatiques, entraîne des effets néfastes à long terme | N62: H410 : Zeer giftig voor in het water levende organismen, met langdurige gevolgen | O62: 62 | R62: x
M63: H411 : Toxique pour les organismes aquatiques, entraîne des effets néfastes à long terme | N63: H411 : Giftig voor in het water levende organismen, met langdurige gevolgen | O63: 63
M64: H412 : Nocif pour les organismes aquatiques, entraîne des effets néfastes à long terme | N64: H412 : Schadelijk voor in het water levende organismen, met langdurige gevolgen | O64: 64 | Q64: x
M65: H413 : Peut être nocif à long terme pour les organismes aquatiques | N65: H413 : Kan langdurige schadelijke gevolgen voor in het water levende organismen hebben | O65: 65 | Q65: x
M66: H420 : Nuit à la santé publique et à l’environnement en détruisant l’ozone dans la haute atmosphère | N66: H420 : Schadelijk voor de volksgezondheid en het milieu door afbraak van ozon in de bovenste lagen van de atmosfeer | O66: 66
M67: EUH380: Peut provoquer une perturbation endocrinienne chez l’être humain | N67: EUH380: Kan endocriene verstoring veroorzaken bij de mens | O67: 68 | S67: x
M68: EUH381: Susceptible de provoquer une perturbation endocrinienne chez l’être humain | N68: EUH381: Verdacht van het veroorzaken van endocriene verstoring bij de mens | O68: 69 | S68: x
M69: EUH430: Peut provoquer une perturbation endocrinienne dans l’environnement | N69: EUH430: Kan endocriene verstoring veroorzaken in het milieu | O69: 70 | S69: x
M70: EUH431: Susceptible de provoquer une perturbation endocrinienne dans l’environnement | N70: EUH431: Verdacht van het veroorzaken van endocriene verstoring in het milieu | O70: 71 | S70: x
M71: EUH440: S’accumule dans l’environnement et dans les organismes vivants, y compris chez l’être humain | N71: EUH440: Hoopt zich op in het milieu en levende organismen, waaronder de mens | O71: 72 | T71: x
M72: EUH441: S’accumule fortement dans l’environnement et dans les organismes vivants, y compris chez l’être humain | N72: EUH441: Hoopt zich sterk op in het milieu en levende organismen, waaronder de mens | O72: 73 | T72: x
M73: EUH450: Peut entraîner une contamination diffuse à long terme des ressources en eau | N73: EUH450: Kan langdurige en diffuse verontreiniging van waterbronnen veroorzaken | O73: 74 | T73: x
M74: EUH451: Peut provoquer une contamination diffuse à très long terme des ressources en eau | N74: EUH451: Kan zeer langdurige en diffuse verontreiniging van waterbronnen veroorzaken | O74: 75 | T74: x
M75: Produit dangereux non soumis à fiche de données de sécurité | N75: Gevaarlijke producten niet onderworpen aan veiligheidsinformatieblad | O75: 67

Sheet Seuils
F2: Seuils | J2: Rubrique (kg ou l) | V2: Rubrique (kg ou l)
A3: Rubriques | C3: Description | D3: Type prod dangereux | E3: Pts éclair | F3: A | G3: B | H3: C | J3: 0 | K3: 50 | L3: 100 | M3: 300 | N3: 500 | O3: 1000 | P3: 3000 | Q3: 5000 | R3: 10000 | S3: 50000 | T3: 100000 | V3: 0 | W3: 50 | X3: 100 | Y3: 300 | Z3: 500 | AA3: 1000 | AB3: 3000 | AC3: 5000 | AD3: 10000 | AE3: 50000 | AF3: 100000
A4: rub. 72 - dépôts fixes | B4: 72 1° | C4: Gaz : dépôts fixes (rub. 72 1°) | D4: C_01 | E4: / | F4: 300 | G4: 3000 | H4: 1000000 | J4: =IF(J$3<$F4,"NC",IF(J$3<=$G4,"A","B")) -> NC | K4: =IF(K$3<$F4,"NC",IF(K$3<=$G4,"A","B")) -> NC | L4: =IF(L$3<$F4,"NC",IF(L$3<=$G4,"A","B")) -> NC | M4: =IF(M$3<$F4,"NC",IF(M$3<=$G4,"A","B")) -> A | N4: =IF(N$3<$F4,"NC",IF(N$3<=$G4,"A","B")) -> A | O4: =IF(O$3<$F4,"NC",IF(O$3<=$G4,"A","B")) -> A | P4: =IF(P$3<$F4,"NC",IF(P$3<=$G4,"A","B")) -> A | Q4: =IF(Q$3<$F4,"NC",IF(Q$3<=$G4,"A","B")) -> B | ... T4: =IF(T$3<$F4,"NC",IF(T$3<=$G4,"A","B")) -> B | V4: =IF(J4="NC",J4, _xlfn.CONCAT($B4," ",J4)) -> NC | W4: =IF(K4="NC",K4, _xlfn.CONCAT($B4," ",K4)) -> NC | X4: =IF(L4="NC",L4, _xlfn.CONCAT($B4," ",L4)) -> NC | Y4: =IF(M4="NC",M4, _xlfn.CONCAT($B4," ",M4)) -> 72 1° A | Z4: =IF(N4="NC",N4, _xlfn.CONCAT($B4," ",N4)) -> 72 1° A | AA4: =IF(O4="NC",O4, _xlfn.CONCAT($B4," ",O4)) -> 72 1° A | AB4: =IF(P4="NC",P4, _xlfn.CONCAT($B4," ",P4)) -> 72 1° A | AC4: =IF(Q4="NC",Q4, _xlfn.CONCAT($B4," ",Q4)) -> 72 1° B | ... AF4: =IF(T4="NC",T4, _xlfn.CONCAT($B4," ",T4)) -> 72 1° B
A5: rub. 72 - Gaz d'extinction | B5: 72 2° | C5: Gaz : Gaz d'extinction (rub. 72 2°) | D5: C_01b | E5: / | F5: 300 | G5: 3000 | H5: 1000000 | I5: l | J5: =IF(J$3<$F5,"NC",IF(J$3<=$G5,"A","B")) -> NC | K5: =IF(K$3<$F5,"NC",IF(K$3<=$G5,"A","B")) -> NC | L5: =IF(L$3<$F5,"NC",IF(L$3<=$G5,"A","B")) -> NC | M5: =IF(M$3<$F5,"NC",IF(M$3<=$G5,"A","B")) -> A | N5: =IF(N$3<$F5,"NC",IF(N$3<=$G5,"A","B")) -> A | O5: =IF(O$3<$F5,"NC",IF(O$3<=$G5,"A","B")) -> A | P5: =IF(P$3<$F5,"NC",IF(P$3<=$G5,"A","B")) -> A | Q5: =IF(Q$3<$F5,"NC",IF(Q$3<=$G5,"A","B")) -> B | ... T5: =IF(T$3<$F5,"NC",IF(T$3<=$G5,"A","B")) -> B | V5: =IF(J5="NC",J5, _xlfn.CONCAT($B5," ",J5)) -> NC | W5: =IF(K5="NC",K5, _xlfn.CONCAT($B5," ",K5)) -> NC | X5: =IF(L5="NC",L5, _xlfn.CONCAT($B5," ",L5)) -> NC | Y5: =IF(M5="NC",M5, _xlfn.CONCAT($B5," ",M5)) -> 72 2° A | Z5: =IF(N5="NC",N5, _xlfn.CONCAT($B5," ",N5)) -> 72 2° A | AA5: =IF(O5="NC",O5, _xlfn.CONCAT($B5," ",O5)) -> 72 2° A | AB5: =IF(P5="NC",P5, _xlfn.CONCAT($B5," ",P5)) -> 72 2° A | AC5: =IF(Q5="NC",Q5, _xlfn.CONCAT($B5," ",Q5)) -> 72 2° B | ... AF5: =IF(T5="NC",T5, _xlfn.CONCAT($B5," ",T5)) -> 72 2° B
A6: rub. 74 1° - dépôts mobiles | B6: 74 1° | C6: Gaz : dépôts mobiles (rub. 74 1°) | D6: C_02 | E6: / | F6: 300 | G6: 3000 | H6: / | I6: l | J6: =IF(J$3<$F6,"NC",IF(J$3<=$G6,"A","B")) -> NC | K6: =IF(K$3<$F6,"NC",IF(K$3<=$G6,"A","B")) -> NC | L6: =IF(L$3<$F6,"NC",IF(L$3<=$G6,"A","B")) -> NC | M6: =IF(M$3<$F6,"NC",IF(M$3<=$G6,"A","B")) -> A | N6: =IF(N$3<$F6,"NC",IF(N$3<=$G6,"A","B")) -> A | O6: =IF(O$3<$F6,"NC",IF(O$3<=$G6,"A","B")) -> A | P6: =IF(P$3<$F6,"NC",IF(P$3<=$G6,"A","B")) -> A | Q6: =IF(Q$3<$F6,"NC",IF(Q$3<=$G6,"A","B")) -> B | ... T6: =IF(T$3<$F6,"NC",IF(T$3<=$G6,"A","B")) -> B | V6: =IF(J6="NC",J6, _xlfn.CONCAT($B6," ",J6)) -> NC | W6: =IF(K6="NC",K6, _xlfn.CONCAT($B6," ",K6)) -> NC | X6: =IF(L6="NC",L6, _xlfn.CONCAT($B6," ",L6)) -> NC | Y6: =IF(M6="NC",M6, _xlfn.CONCAT($B6," ",M6)) -> 74 1° A | Z6: =IF(N6="NC",N6, _xlfn.CONCAT($B6," ",N6)) -> 74 1° A | AA6: =IF(O6="NC",O6, _xlfn.CONCAT($B6," ",O6)) -> 74 1° A | AB6: =IF(P6="NC",P6, _xlfn.CONCAT($B6," ",P6)) -> 74 1° A | AC6: =IF(Q6="NC",Q6, _xlfn.CONCAT($B6," ",Q6)) -> 74 1° B | ... AF6: =IF(T6="NC",T6, _xlfn.CONCAT($B6," ",T6)) -> 74 1° B
A7: rub. 74 2° - aérosols | B7: 74 2° | C7: Gaz : aérosols (rub. 74 2°) | D7: C_03 | E7: / | F7: 300 | G7: 3000 | H7: / | I7: l | J7: =IF(J$3<$F7,"NC",IF(J$3<=$G7,"A","B")) -> NC | K7: =IF(K$3<$F7,"NC",IF(K$3<=$G7,"A","B")) -> NC | L7: =IF(L$3<$F7,"NC",IF(L$3<=$G7,"A","B")) -> NC | M7: =IF(M$3<$F7,"NC",IF(M$3<=$G7,"A","B")) -> A | N7: =IF(N$3<$F7,"NC",IF(N$3<=$G7,"A","B")) -> A | O7: =IF(O$3<$F7,"NC",IF(O$3<=$G7,"A","B")) -> A | P7: =IF(P$3<$F7,"NC",IF(P$3<=$G7,"A","B")) -> A | Q7: =IF(Q$3<$F7,"NC",IF(Q$3<=$G7,"A","B")) -> B | ... T7: =IF(T$3<$F7,"NC",IF(T$3<=$G7,"A","B")) -> B | V7: =IF(J7="NC",J7, _xlfn.CONCAT($B7," ",J7)) -> NC | W7: =IF(K7="NC",K7, _xlfn.CONCAT($B7," ",K7)) -> NC | X7: =IF(L7="NC",L7, _xlfn.CONCAT($B7," ",L7)) -> NC | Y7: =IF(M7="NC",M7, _xlfn.CONCAT($B7," ",M7)) -> 74 2° A | Z7: =IF(N7="NC",N7, _xlfn.CONCAT($B7," ",N7)) -> 74 2° A | AA7: =IF(O7="NC",O7, _xlfn.CONCAT($B7," ",O7)) -> 74 2° A | AB7: =IF(P7="NC",P7, _xlfn.CONCAT($B7," ",P7)) -> 74 2° A | AC7: =IF(Q7="NC",Q7, _xlfn.CONCAT($B7," ",Q7)) -> 74 2° B | ... AF7: =IF(T7="NC",T7, _xlfn.CONCAT($B7," ",T7)) -> 74 2° B
A8: rub. 88 1° - enfoui | B8: 88 1° | C8: "Liquides inflammables : autres (dépôt enfoui) (<21°C)" + "Liquides inflammables : essence (dépôt enfoui) (<21°C)" (rub. 88 1°(enfoui)) | D8: C_04 ou C_06 | E8: 01 | F8: 0 | G8: 500 | H8: / | I8: l | J8: =IF(J$3<$F8,"NC",IF(J$3<=$G8,"A","B")) -> A | K8: =IF(K$3<$F8,"NC",IF(K$3<=$G8,"A","B")) -> A | L8: =IF(L$3<$F8,"NC",IF(L$3<=$G8,"A","B")) -> A | M8: =IF(M$3<$F8,"NC",IF(M$3<=$G8,"A","B")) -> A | N8: =IF(N$3<$F8,"NC",IF(N$3<=$G8,"A","B")) -> A | O8: =IF(O$3<$F8,"NC",IF(O$3<=$G8,"A","B")) -> B | P8: =IF(P$3<$F8,"NC",IF(P$3<=$G8,"A","B")) -> B | Q8: =IF(Q$3<$F8,"NC",IF(Q$3<=$G8,"A","B")) -> B | ... T8: =IF(T$3<$F8,"NC",IF(T$3<=$G8,"A","B")) -> B | V8: =IF(J8="NC",J8, _xlfn.CONCAT($B8," ",J8)) -> 88 1° A | W8: =IF(K8="NC",K8, _xlfn.CONCAT($B8," ",K8)) -> 88 1° A | X8: =IF(L8="NC",L8, _xlfn.CONCAT($B8," ",L8)) -> 88 1° A | Y8: =IF(M8="NC",M8, _xlfn.CONCAT($B8," ",M8)) -> 88 1° A | Z8: =IF(N8="NC",N8, _xlfn.CONCAT($B8," ",N8)) -> 88 1° A | AA8: =IF(O8="NC",O8, _xlfn.CONCAT($B8," ",O8)) -> 88 1° B | AB8: =IF(P8="NC",P8, _xlfn.CONCAT($B8," ",P8)) -> 88 1° B | AC8: =IF(Q8="NC",Q8, _xlfn.CONCAT($B8," ",Q8)) -> 88 1° B | ... AF8: =IF(T8="NC",T8, _xlfn.CONCAT($B8," ",T8)) -> 88 1° B
A9: rub. 88 1° - non enfoui | B9: 88 1° | C9: "Liquides inflammables : autres (dépôt non enfoui) (<21°C)" + "Liquides inflammables : essence (dépôt non enfoui) (<21°C)" (rub. 88 1°(non enfoui)) | D9: C_05 ou C_07 | E9: 01 | F9: 50 | G9: 500 | H9: / | I9: l | J9: =IF(J$3<$F9,"NC",IF(J$3<=$G9,"A","B")) -> NC | K9: =IF(K$3<$F9,"NC",IF(K$3<=$G9,"A","B")) -> A | L9: =IF(L$3<$F9,"NC",IF(L$3<=$G9,"A","B")) -> A | M9: =IF(M$3<$F9,"NC",IF(M$3<=$G9,"A","B")) -> A | N9: =IF(N$3<$F9,"NC",IF(N$3<=$G9,"A","B")) -> A | O9: =IF(O$3<$F9,"NC",IF(O$3<=$G9,"A","B")) -> B | P9: =IF(P$3<$F9,"NC",IF(P$3<=$G9,"A","B")) -> B | Q9: =IF(Q$3<$F9,"NC",IF(Q$3<=$G9,"A","B")) -> B | ... T9: =IF(T$3<$F9,"NC",IF(T$3<=$G9,"A","B")) -> B | V9: =IF(J9="NC",J9, _xlfn.CONCAT($B9," ",J9)) -> NC | W9: =IF(K9="NC",K9, _xlfn.CONCAT($B9," ",K9)) -> 88 1° A | X9: =IF(L9="NC",L9, _xlfn.CONCAT($B9," ",L9)) -> 88 1° A | Y9: =IF(M9="NC",M9, _xlfn.CONCAT($B9," ",M9)) -> 88 1° A | Z9: =IF(N9="NC",N9, _xlfn.CONCAT($B9," ",N9)) -> 88 1° A | AA9: =IF(O9="NC",O9, _xlfn.CONCAT($B9," ",O9)) -> 88 1° B | AB9: =IF(P9="NC",P9, _xlfn.CONCAT($B9," ",P9)) -> 88 1° B | AC9: =IF(Q9="NC",Q9, _xlfn.CONCAT($B9," ",Q9)) -> 88 1° B | ... AF9: =IF(T9="NC",T9, _xlfn.CONCAT($B9," ",T9)) -> 88 1° B
A10: rub. 88 2° - enfoui | B10: 88 2° | C10: Liquides inflammables : autres (dépôt enfoui) (>21°C <55°C) (rub. 88 2°(enfoui)) | D10: C_06 | E10: 02 | F10: 0 | G10: 500 | H10: 10000 | I10: l | J10: =IF(J$3<=$F10,"NC",IF(J$3<=$G10,"A",IF(J$3<=$H10,"B","C"))) -> NC | K10: =IF(K$3<=$F10,"NC",IF(K$3<=$G10,"A",IF(K$3<=$H10,"B","C"))) -> A | L10: =IF(L$3<=$F10,"NC",IF(L$3<=$G10,"A",IF(L$3<=$H10,"B","C"))) -> A | M10: =IF(M$3<=$F10,"NC",IF(M$3<=$G10,"A",IF(M$3<=$H10,"B","C"))) -> A | N10: =IF(N$3<=$F10,"NC",IF(N$3<=$G10,"A",IF(N$3<=$H10,"B","C"))) -> A | O10: =IF(O$3<=$F10,"NC",IF(O$3<=$G10,"A",IF(O$3<=$H10,"B","C"))) -> B | P10: =IF(P$3<=$F10,"NC",IF(P$3<=$G10,"A",IF(P$3<=$H10,"B","C"))) -> B | Q10: =IF(Q$3<=$F10,"NC",IF(Q$3<=$G10,"A",IF(Q$3<=$H10,"B","C"))) -> B | ... T10: =IF(T$3<=$F10,"NC",IF(T$3<=$G10,"A",IF(T$3<=$H10,"B","C"))) -> C | V10: =IF(J10="NC",J10, _xlfn.CONCAT($B10," ",J10)) -> NC | W10: =IF(K10="NC",K10, _xlfn.CONCAT($B10," ",K10)) -> 88 2° A | X10: =IF(L10="NC",L10, _xlfn.CONCAT($B10," ",L10)) -> 88 2° A | Y10: =IF(M10="NC",M10, _xlfn.CONCAT($B10," ",M10)) -> 88 2° A | Z10: =IF(N10="NC",N10, _xlfn.CONCAT($B10," ",N10)) -> 88 2° A | AA10: =IF(O10="NC",O10, _xlfn.CONCAT($B10," ",O10)) -> 88 2° B | AB10: =IF(P10="NC",P10, _xlfn.CONCAT($B10," ",P10)) -> 88 2° B | AC10: =IF(Q10="NC",Q10, _xlfn.CONCAT($B10," ",Q10)) -> 88 2° B | ... AF10: =IF(T10="NC",T10, _xlfn.CONCAT($B10," ",T10)) -> 88 2° C
A11: rub. 88 2° - non enfoui | B11: 88 2° | C11: Liquides inflammables : autres (dépôt non enfoui) (>21°C <55°C) (rub. 88 2°(non enfoui)) | D11: C_07 | E11: 02 | F11: 100 | G11: 500 | H11: 10000 | I11: l | J11: =IF(J$3<=$F11,"NC",IF(J$3<=$G11,"A",IF(J$3<=$H11,"B","C"))) -> NC | K11: =IF(K$3<=$F11,"NC",IF(K$3<=$G11,"A",IF(K$3<=$H11,"B","C"))) -> NC | L11: =IF(L$3<=$F11,"NC",IF(L$3<=$G11,"A",IF(L$3<=$H11,"B","C"))) -> NC | M11: =IF(M$3<=$F11,"NC",IF(M$3<=$G11,"A",IF(M$3<=$H11,"B","C"))) -> A | N11: =IF(N$3<=$F11,"NC",IF(N$3<=$G11,"A",IF(N$3<=$H11,"B","C"))) -> A | O11: =IF(O$3<=$F11,"NC",IF(O$3<=$G11,"A",IF(O$3<=$H11,"B","C"))) -> B | P11: =IF(P$3<=$F11,"NC",IF(P$3<=$G11,"A",IF(P$3<=$H11,"B","C"))) -> B | Q11: =IF(Q$3<=$F11,"NC",IF(Q$3<=$G11,"A",IF(Q$3<=$H11,"B","C"))) -> B | ... T11: =IF(T$3<=$F11,"NC",IF(T$3<=$G11,"A",IF(T$3<=$H11,"B","C"))) -> C | V11: =IF(J11="NC",J11, _xlfn.CONCAT($B11," ",J11)) -> NC | W11: =IF(K11="NC",K11, _xlfn.CONCAT($B11," ",K11)) -> NC | X11: =IF(L11="NC",L11, _xlfn.CONCAT($B11," ",L11)) -> NC | Y11: =IF(M11="NC",M11, _xlfn.CONCAT($B11," ",M11)) -> 88 2° A | Z11: =IF(N11="NC",N11, _xlfn.CONCAT($B11," ",N11)) -> 88 2° A | AA11: =IF(O11="NC",O11, _xlfn.CONCAT($B11," ",O11)) -> 88 2° B | AB11: =IF(P11="NC",P11, _xlfn.CONCAT($B11," ",P11)) -> 88 2° B | AC11: =IF(Q11="NC",Q11, _xlfn.CONCAT($B11," ",Q11)) -> 88 2° B | ... AF11: =IF(T11="NC",T11, _xlfn.CONCAT($B11," ",T11)) -> 88 2° C
A12: rub. 88 3° - enfoui/véhicules | B12: 88 3° | C12: "Liquides inflammables : autres (dépôt enfoui) (>55°C <100°C)" + "Produits spécifiques : diesel, mazout, fioul, gazole (dépôt enfoui et/ou approvisionnement véhicules) (>55°C <100°C)" (rub. 88 3°(enfoui/véhicules)) | D12: C_06 ou C_08 | E12: 03 | F12: 0 | G12: 1000 | H12: 50000 | I12: l | J12: =IF(J$3<=$F12,"NC",IF(J$3<=$G12,"A",IF(J$3<=$H12,"B","C"))) -> NC | K12: =IF(K$3<=$F12,"NC",IF(K$3<=$G12,"A",IF(K$3<=$H12,"B","C"))) -> A | L12: =IF(L$3<=$F12,"NC",IF(L$3<=$G12,"A",IF(L$3<=$H12,"B","C"))) -> A | M12: =IF(M$3<=$F12,"NC",IF(M$3<=$G12,"A",IF(M$3<=$H12,"B","C"))) -> A | N12: =IF(N$3<=$F12,"NC",IF(N$3<=$G12,"A",IF(N$3<=$H12,"B","C"))) -> A | O12: =IF(O$3<=$F12,"NC",IF(O$3<=$G12,"A",IF(O$3<=$H12,"B","C"))) -> A | P12: =IF(P$3<=$F12,"NC",IF(P$3<=$G12,"A",IF(P$3<=$H12,"B","C"))) -> B | Q12: =IF(Q$3<=$F12,"NC",IF(Q$3<=$G12,"A",IF(Q$3<=$H12,"B","C"))) -> B | ... T12: =IF(T$3<=$F12,"NC",IF(T$3<=$G12,"A",IF(T$3<=$H12,"B","C"))) -> C | V12: =IF(J12="NC",J12, _xlfn.CONCAT($B12," ",J12)) -> NC | W12: =IF(K12="NC",K12, _xlfn.CONCAT($B12," ",K12)) -> 88 3° A | X12: =IF(L12="NC",L12, _xlfn.CONCAT($B12," ",L12)) -> 88 3° A | Y12: =IF(M12="NC",M12, _xlfn.CONCAT($B12," ",M12)) -> 88 3° A | Z12: =IF(N12="NC",N12, _xlfn.CONCAT($B12," ",N12)) -> 88 3° A | AA12: =IF(O12="NC",O12, _xlfn.CONCAT($B12," ",O12)) -> 88 3° A | AB12: =IF(P12="NC",P12, _xlfn.CONCAT($B12," ",P12)) -> 88 3° B | AC12: =IF(Q12="NC",Q12, _xlfn.CONCAT($B12," ",Q12)) -> 88 3° B | ... AF12: =IF(T12="NC",T12, _xlfn.CONCAT($B12," ",T12)) -> 88 3° C
A13: rub. 88 3° - non enfoui | B13: 88 3° | C13: "Liquides inflammables : autres (dépôt non enfoui) (>55°C <100°C)" + "Produits spécifiques : diesel, mazout, fioul, gazole (dépôt non enfoui) (>55°C <100°C)" (rub. 88 3° (non enfoui)) | D13: C_07 ou C_09 | E13: 03 | F13: 3000 | G13: 1000 | H13: 50000 | I13: l | J13: =IF(J$3<=$F13,"NC",IF(J$3<=$G13,"A",IF(J$3<=$H13,"B","C"))) -> NC | K13: =IF(K$3<=$F13,"NC",IF(K$3<=$G13,"A",IF(K$3<=$H13,"B","C"))) -> NC | L13: =IF(L$3<=$F13,"NC",IF(L$3<=$G13,"A",IF(L$3<=$H13,"B","C"))) -> NC | M13: =IF(M$3<=$F13,"NC",IF(M$3<=$G13,"A",IF(M$3<=$H13,"B","C"))) -> NC | N13: =IF(N$3<=$F13,"NC",IF(N$3<=$G13,"A",IF(N$3<=$H13,"B","C"))) -> NC | O13: =IF(O$3<=$F13,"NC",IF(O$3<=$G13,"A",IF(O$3<=$H13,"B","C"))) -> NC | P13: =IF(P$3<=$F13,"NC",IF(P$3<=$G13,"A",IF(P$3<=$H13,"B","C"))) -> NC | Q13: =IF(Q$3<=$F13,"NC",IF(Q$3<=$G13,"A",IF(Q$3<=$H13,"B","C"))) -> B | ... T13: =IF(T$3<=$F13,"NC",IF(T$3<=$G13,"A",IF(T$3<=$H13,"B","C"))) -> C | V13: =IF(J13="NC",J13, _xlfn.CONCAT($B13," ",J13)) -> NC | W13: =IF(K13="NC",K13, _xlfn.CONCAT($B13," ",K13)) -> NC | X13: =IF(L13="NC",L13, _xlfn.CONCAT($B13," ",L13)) -> NC | Y13: =IF(M13="NC",M13, _xlfn.CONCAT($B13," ",M13)) -> NC | Z13: =IF(N13="NC",N13, _xlfn.CONCAT($B13," ",N13)) -> NC | AA13: =IF(O13="NC",O13, _xlfn.CONCAT($B13," ",O13)) -> NC | AB13: =IF(P13="NC",P13, _xlfn.CONCAT($B13," ",P13)) -> NC | AC13: =IF(Q13="NC",Q13, _xlfn.CONCAT($B13," ",Q13)) -> 88 3° B | ... AF13: =IF(T13="NC",T13, _xlfn.CONCAT($B13," ",T13)) -> 88 3° C
A14: rub. 88 4° - enfoui/véhicules | B14: 88 4° | C14: Produits spécifiques : fuel lourd, huiles minérales ou synthétiques et liquides analogue (dépôt enfoui et/ou approvisionnement véhicules) (rub. 88 4°(enfoui/véhicules)) | D14: C_10 | E14: / | F14: 0 | G14: / | H14: 10000 | I14: l | J14: =IF(J$3<=$F14,"NC",IF(J$3<=$G14,"A",IF(J$3<=$H14,"B","C"))) -> NC | K14: =IF(K$3<=$F14,"NC",IF(K$3<=$G14,"A",IF(K$3<=$H14,"B","C"))) -> A | L14: =IF(L$3<=$F14,"NC",IF(L$3<=$G14,"A",IF(L$3<=$H14,"B","C"))) -> A | M14: =IF(M$3<=$F14,"NC",IF(M$3<=$G14,"A",IF(M$3<=$H14,"B","C"))) -> A | N14: =IF(N$3<=$F14,"NC",IF(N$3<=$G14,"A",IF(N$3<=$H14,"B","C"))) -> A | O14: =IF(O$3<=$F14,"NC",IF(O$3<=$G14,"A",IF(O$3<=$H14,"B","C"))) -> A | P14: =IF(P$3<=$F14,"NC",IF(P$3<=$G14,"A",IF(P$3<=$H14,"B","C"))) -> A | Q14: =IF(Q$3<=$F14,"NC",IF(Q$3<=$G14,"A",IF(Q$3<=$H14,"B","C"))) -> A | ... T14: =IF(T$3<=$F14,"NC",IF(T$3<=$G14,"A",IF(T$3<=$H14,"B","C"))) -> A | V14: =IF(J14="NC",J14, _xlfn.CONCAT($B14," ",J14)) -> NC | W14: =IF(K14="NC",K14, _xlfn.CONCAT($B14," ",K14)) -> 88 4° A | X14: =IF(L14="NC",L14, _xlfn.CONCAT($B14," ",L14)) -> 88 4° A | Y14: =IF(M14="NC",M14, _xlfn.CONCAT($B14," ",M14)) -> 88 4° A | Z14: =IF(N14="NC",N14, _xlfn.CONCAT($B14," ",N14)) -> 88 4° A | AA14: =IF(O14="NC",O14, _xlfn.CONCAT($B14," ",O14)) -> 88 4° A | AB14: =IF(P14="NC",P14, _xlfn.CONCAT($B14," ",P14)) -> 88 4° A | AC14: =IF(Q14="NC",Q14, _xlfn.CONCAT($B14," ",Q14)) -> 88 4° A | ... AF14: =IF(T14="NC",T14, _xlfn.CONCAT($B14," ",T14)) -> 88 4° A
A15: rub. 88 4° - non enfoui | B15: 88 4° | C15: Produits spécifiques : fuel lourd, huiles minérales ou synthétiques et liquides analogue (dépôt non enfoui) (rub.88 4°(non enfoui)) | D15: C_11 | E15: / | F15: 3000 | G15: 10000 | H15: 100000 | I15: l | J15: =IF(J$3<=$F15,"NC",IF(J$3<=$G15,"A",IF(J$3<=$H15,"B","C"))) -> NC | K15: =IF(K$3<=$F15,"NC",IF(K$3<=$G15,"A",IF(K$3<=$H15,"B","C"))) -> NC | L15: =IF(L$3<=$F15,"NC",IF(L$3<=$G15,"A",IF(L$3<=$H15,"B","C"))) -> NC | M15: =IF(M$3<=$F15,"NC",IF(M$3<=$G15,"A",IF(M$3<=$H15,"B","C"))) -> NC | N15: =IF(N$3<=$F15,"NC",IF(N$3<=$G15,"A",IF(N$3<=$H15,"B","C"))) -> NC | O15: =IF(O$3<=$F15,"NC",IF(O$3<=$G15,"A",IF(O$3<=$H15,"B","C"))) -> NC | P15: =IF(P$3<=$F15,"NC",IF(P$3<=$G15,"A",IF(P$3<=$H15,"B","C"))) -> NC | Q15: =IF(Q$3<=$F15,"NC",IF(Q$3<=$G15,"A",IF(Q$3<=$H15,"B","C"))) -> A | ... T15: =IF(T$3<=$F15,"NC",IF(T$3<=$G15,"A",IF(T$3<=$H15,"B","C"))) -> B | V15: =IF(J15="NC",J15, _xlfn.CONCAT($B15," ",J15)) -> NC | W15: =IF(K15="NC",K15, _xlfn.CONCAT($B15," ",K15)) -> NC | X15: =IF(L15="NC",L15, _xlfn.CONCAT($B15," ",L15)) -> NC | Y15: =IF(M15="NC",M15, _xlfn.CONCAT($B15," ",M15)) -> NC | Z15: =IF(N15="NC",N15, _xlfn.CONCAT($B15," ",N15)) -> NC | AA15: =IF(O15="NC",O15, _xlfn.CONCAT($B15," ",O15)) -> NC | AB15: =IF(P15="NC",P15, _xlfn.CONCAT($B15," ",P15)) -> NC | AC15: =IF(Q15="NC",Q15, _xlfn.CONCAT($B15," ",Q15)) -> 88 4° A | ... AF15: =IF(T15="NC",T15, _xlfn.CONCAT($B15," ",T15)) -> 88 4° B
A16: rub. 112 - usage professionnel | B16: 112 | C16: Produits spécifiques : produits phytopharmaceutiques (à usage professionnel) (rub. 112 pro) | D16: C_12 | E16: / | F16: 0 | G16: 100 | H16: / | I16: kg | J16: =IF(J$3<=$F16,"NC",IF(J$3<=$G16,"A",IF(J$3<=$H16,"B","C"))) -> NC | K16: =IF(K$3<=$F16,"NC",IF(K$3<=$G16,"A",IF(K$3<=$H16,"B","C"))) -> A | L16: =IF(L$3<=$F16,"NC",IF(L$3<=$G16,"A",IF(L$3<=$H16,"B","C"))) -> A | M16: =IF(M$3<=$F16,"NC",IF(M$3<=$G16,"A",IF(M$3<=$H16,"B","C"))) -> B | N16: =IF(N$3<=$F16,"NC",IF(N$3<=$G16,"A",IF(N$3<=$H16,"B","C"))) -> B | O16: =IF(O$3<=$F16,"NC",IF(O$3<=$G16,"A",IF(O$3<=$H16,"B","C"))) -> B | P16: =IF(P$3<=$F16,"NC",IF(P$3<=$G16,"A",IF(P$3<=$H16,"B","C"))) -> B | Q16: =IF(Q$3<=$F16,"NC",IF(Q$3<=$G16,"A",IF(Q$3<=$H16,"B","C"))) -> B | ... T16: =IF(T$3<=$F16,"NC",IF(T$3<=$G16,"A",IF(T$3<=$H16,"B","C"))) -> B | V16: =IF(J16="NC",J16, _xlfn.CONCAT($B16," ",J16)) -> NC | W16: =IF(K16="NC",K16, _xlfn.CONCAT($B16," ",K16)) -> 112 A | X16: =IF(L16="NC",L16, _xlfn.CONCAT($B16," ",L16)) -> 112 A | Y16: =IF(M16="NC",M16, _xlfn.CONCAT($B16," ",M16)) -> 112 B | Z16: =IF(N16="NC",N16, _xlfn.CONCAT($B16," ",N16)) -> 112 B | AA16: =IF(O16="NC",O16, _xlfn.CONCAT($B16," ",O16)) -> 112 B | AB16: =IF(P16="NC",P16, _xlfn.CONCAT($B16," ",P16)) -> 112 B | AC16: =IF(Q16="NC",Q16, _xlfn.CONCAT($B16," ",Q16)) -> 112 B | ... AF16: =IF(T16="NC",T16, _xlfn.CONCAT($B16," ",T16)) -> 112 B
A17: rub. 112 - usage non professionnel | B17: 112 | C17: Produits spécifiques : produits phytopharmaceutiques (à usage non professionnel) (rub. 112 non-pro) | D17: C_13 | E17: / | F17: 100 | G17: 1000 | H17: / | I17: kg | J17: =IF(J$3<=$F17,"NC",IF(J$3<=$G17,"A",IF(J$3<=$H17,"B","C"))) -> NC | K17: =IF(K$3<=$F17,"NC",IF(K$3<=$G17,"A",IF(K$3<=$H17,"B","C"))) -> NC | L17: =IF(L$3<=$F17,"NC",IF(L$3<=$G17,"A",IF(L$3<=$H17,"B","C"))) -> NC | M17: =IF(M$3<=$F17,"NC",IF(M$3<=$G17,"A",IF(M$3<=$H17,"B","C"))) -> A | N17: =IF(N$3<=$F17,"NC",IF(N$3<=$G17,"A",IF(N$3<=$H17,"B","C"))) -> A | O17: =IF(O$3<=$F17,"NC",IF(O$3<=$G17,"A",IF(O$3<=$H17,"B","C"))) -> A | P17: =IF(P$3<=$F17,"NC",IF(P$3<=$G17,"A",IF(P$3<=$H17,"B","C"))) -> B | Q17: =IF(Q$3<=$F17,"NC",IF(Q$3<=$G17,"A",IF(Q$3<=$H17,"B","C"))) -> B | ... T17: =IF(T$3<=$F17,"NC",IF(T$3<=$G17,"A",IF(T$3<=$H17,"B","C"))) -> B | V17: =IF(J17="NC",J17, _xlfn.CONCAT($B17," ",J17)) -> NC | W17: =IF(K17="NC",K17, _xlfn.CONCAT($B17," ",K17)) -> NC | X17: =IF(L17="NC",L17, _xlfn.CONCAT($B17," ",L17)) -> NC | Y17: =IF(M17="NC",M17, _xlfn.CONCAT($B17," ",M17)) -> 112 A | Z17: =IF(N17="NC",N17, _xlfn.CONCAT($B17," ",N17)) -> 112 A | AA17: =IF(O17="NC",O17, _xlfn.CONCAT($B17," ",O17)) -> 112 A | AB17: =IF(P17="NC",P17, _xlfn.CONCAT($B17," ",P17)) -> 112 B | AC17: =IF(Q17="NC",Q17, _xlfn.CONCAT($B17," ",Q17)) -> 112 B | ... AF17: =IF(T17="NC",T17, _xlfn.CONCAT($B17," ",T17)) -> 112 B
A18: rub. 121 uniquement infl/noc/irr | B18: 121 | C18: Substances ou mélanges dangereux non repris sous une autre rubrique (H302, H304, ….) (uniquement infl/noc/irr) (rub. 121 1°) | D18: C_14 | E18: / | F18: 300 | G18: 1000 | H18: 5000 | I18: kg | J18: =IF(J$3<=$F18,"NC",IF(J$3<=$G18,"A",IF(J$3<=$H18,"B","C"))) -> NC | K18: =IF(K$3<=$F18,"NC",IF(K$3<=$G18,"A",IF(K$3<=$H18,"B","C"))) -> NC | L18: =IF(L$3<=$F18,"NC",IF(L$3<=$G18,"A",IF(L$3<=$H18,"B","C"))) -> NC | M18: =IF(M$3<=$F18,"NC",IF(M$3<=$G18,"A",IF(M$3<=$H18,"B","C"))) -> NC | N18: =IF(N$3<=$F18,"NC",IF(N$3<=$G18,"A",IF(N$3<=$H18,"B","C"))) -> A | O18: =IF(O$3<=$F18,"NC",IF(O$3<=$G18,"A",IF(O$3<=$H18,"B","C"))) -> A | P18: =IF(P$3<=$F18,"NC",IF(P$3<=$G18,"A",IF(P$3<=$H18,"B","C"))) -> B | Q18: =IF(Q$3<=$F18,"NC",IF(Q$3<=$G18,"A",IF(Q$3<=$H18,"B","C"))) -> B | ... T18: =IF(T$3<=$F18,"NC",IF(T$3<=$G18,"A",IF(T$3<=$H18,"B","C"))) -> C | V18: =IF(J18="NC",J18, _xlfn.CONCAT($B18," ",J18)) -> NC | W18: =IF(K18="NC",K18, _xlfn.CONCAT($B18," ",K18)) -> NC | X18: =IF(L18="NC",L18, _xlfn.CONCAT($B18," ",L18)) -> NC | Y18: =IF(M18="NC",M18, _xlfn.CONCAT($B18," ",M18)) -> NC | Z18: =IF(N18="NC",N18, _xlfn.CONCAT($B18," ",N18)) -> 121 A | AA18: =IF(O18="NC",O18, _xlfn.CONCAT($B18," ",O18)) -> 121 A | AB18: =IF(P18="NC",P18, _xlfn.CONCAT($B18," ",P18)) -> 121 B | AC18: =IF(Q18="NC",Q18, _xlfn.CONCAT($B18," ",Q18)) -> 121 B | ... AF18: =IF(T18="NC",T18, _xlfn.CONCAT($B18," ",T18)) -> 121 C
A19: rub. 121 autre que infl/noc/irr | B19: 121 | C19: Substances ou mélanges dangereux non repris sous une autre rubrique (H200, H201, ….) (autre que infl/noc/irr) (rub. 121 2°) | D19: C_14 | E19: / | F19: 100 | G19: 300 | H19: 1000 | I19: kg | J19: =IF(J$3<=$F19,"NC",IF(J$3<=$G19,"A",IF(J$3<=$H19,"B","C"))) -> NC | K19: =IF(K$3<=$F19,"NC",IF(K$3<=$G19,"A",IF(K$3<=$H19,"B","C"))) -> NC | L19: =IF(L$3<=$F19,"NC",IF(L$3<=$G19,"A",IF(L$3<=$H19,"B","C"))) -> NC | M19: =IF(M$3<=$F19,"NC",IF(M$3<=$G19,"A",IF(M$3<=$H19,"B","C"))) -> A | N19: =IF(N$3<=$F19,"NC",IF(N$3<=$G19,"A",IF(N$3<=$H19,"B","C"))) -> B | O19: =IF(O$3<=$F19,"NC",IF(O$3<=$G19,"A",IF(O$3<=$H19,"B","C"))) -> B | P19: =IF(P$3<=$F19,"NC",IF(P$3<=$G19,"A",IF(P$3<=$H19,"B","C"))) -> C | Q19: =IF(Q$3<=$F19,"NC",IF(Q$3<=$G19,"A",IF(Q$3<=$H19,"B","C"))) -> C | ... T19: =IF(T$3<=$F19,"NC",IF(T$3<=$G19,"A",IF(T$3<=$H19,"B","C"))) -> C | V19: =IF(J19="NC",J19, _xlfn.CONCAT($B19," ",J19)) -> NC | W19: =IF(K19="NC",K19, _xlfn.CONCAT($B19," ",K19)) -> NC | X19: =IF(L19="NC",L19, _xlfn.CONCAT($B19," ",L19)) -> NC | Y19: =IF(M19="NC",M19, _xlfn.CONCAT($B19," ",M19)) -> 121 A | Z19: =IF(N19="NC",N19, _xlfn.CONCAT($B19," ",N19)) -> 121 B | AA19: =IF(O19="NC",O19, _xlfn.CONCAT($B19," ",O19)) -> 121 B | AB19: =IF(P19="NC",P19, _xlfn.CONCAT($B19," ",P19)) -> 121 C | AC19: =IF(Q19="NC",Q19, _xlfn.CONCAT($B19," ",Q19)) -> 121 C | ... AF19: =IF(T19="NC",T19, _xlfn.CONCAT($B19," ",T19)) -> 121 C
A22: /!\ Seuils à revalider
A23: /!\ impact < vs. ≤
C27: Type produit dangereux = INPUT | D27: Id_TPD_Fr | E27: Unités
C28: Gaz : dépôts fixes | D28: C_01 | E28: Litres
C29: Gaz : dépôts mobiles | D29: C_02 | E29: Litres
C30: Gaz : aérosols | D30: C_03 | E30: Litres
C31: Liquides inflammables : essence (dépôt enfoui) | D31: C_04 | E31: Litres
C32: Liquides inflammables : essence (dépôt non enfoui) | D32: C_05 | E32: Litres
C33: Liquides inflammables : autres (dépôt enfoui) | D33: C_06 | E33: Litres
C34: Liquides inflammables : autres (dépôt non enfoui) | D34: C_07 | E34: Litres
C35: Produits spécifiques : diesel, mazout, fioul, gazole (dépôt enfoui et/ou approvisionnement véhicules) | D35: C_08 | E35: Litres
C36: Produits spécifiques : diesel, mazout, fioul, gazole (dépôt non enfoui) | D36: C_09 | E36: Litres
C37: Produits spécifiques : fuel lourd, huiles minérales ou synthétiques et liquides analogues (dépôt enfoui et/ou approvisionnement véhicules) | D37: C_10 | E37: Litres
C38: Produits spécifiques : fuel lourd, huiles minérales ou synthétiques et liquides analogues (dépôt non enfoui) | D38: C_11 | E38: Litres
... C41: Substances ou mélanges dangereux non repris sous une autre rubrique | D41: C_14 | E41: kg
C43: Point d'éclair | D43: Id_PE
C44: point d'éclair inférieur ou égal à 21°C | D44: 01
C45: point d'éclair supérieur à 21°C mais ne dépasse pas 55°C | D45: 02
C46: point d'éclair supérieur à 55°C mais ne dépasse pas 100°C | D46: 03
C47: Pas d'application | D47: 04
C49: Code H | D49: Id_H | E49: CMR ?
C50: H200 : Explosif instable | D50: 01
C51: H201 : Explosif ; danger d’explosion en masse | D51: 02
C52: H202 : Explosif ; danger sérieux de projection | D52: 03
C53: H203 : Explosif ; danger d’incendie, d’effet de souffle ou de projection | D53: 04
C54: H204 : Danger d’incendie ou de projection | D54: 05
C55: H205 : Danger d’explosion en masse en cas d’incendie | D55: 06
C56: H220 : Gaz extrêmement inflammable | D56: 07
C57: H221 : Gaz inflammable | D57: 08
C58: H222 : Aérosol extrêmement inflammable | D58: 09
C59: H223 : Aérosol inflammable | D59: 10
C60: H224 : Liquide et vapeurs extrêmement inflammables | D60: 11
C61: H225 : Liquide et vapeurs très inflammables | D61: 12
... C82: H301 : Toxique en cas d’ingestion | D82: 33
C83: H302 : Nocif en cas d’ingestion | D83: 34 | E83: x
C84: H304 : Peut être mortel en cas d’ingestion et de pénétration dans les voies respiratoires | D84: 35 | E84: x
C85: H310 : Mortel par contact cutané | D85: 36
C86: H311 : Toxique par contact cutané | D86: 37
C87: H312 : Nocif par contact cutané | D87: 38 | E87: x
C88: H314 : Provoque des brûlures de la peau et des lésions oculaires graves | D88: 39
C89: H315 : Provoque une irritation cutanée | D89: 40 | E89: x
C90: H317 : Peut provoquer une allergie cutanée | D90: 41 | E90: x
C91: H318 : Provoque des lésions oculaires graves | D91: 42 | E91: x
C92: H319 : Provoque une sévère irritation des yeux | D92: 43 | E92: x
C93: H330 : Mortel par inhalation | D93: 44
C94: H331 : Toxique par inhalation | D94: 45
C95: H332 : Nocif par inhalation | D95: 46 | E95: x
C96: H334 : Peut provoquer des symptômes allergiques ou d’asthme ou des difficultés respiratoires par inhalation | D96: 47 | E96: x
C97: H335 : Peut irriter les voies respiratoires | D97: 48 | E97: x
C98: H336 : Peut provoquer somnolence ou vertiges | D98: 49
C99: H340 : Peut induire des anomalies génétiques | D99: 50
C100: H341 : Susceptible d’induire des anomalies génétiques | D100: 51
C101: H350 : Peut provoquer le cancer | D101: 52
C102: H351 : Susceptible de provoquer le cancer | D102: 53 | E102: x
C103: H360 : Peut nuire à la fertilité ou au foetus | D103: 54
C104: H361 : Susceptible de nuire à la fertilité ou au fœtus | D104: 55 | E104: x
C105: H362 : Peut être nocif pour les bébés nourris au lait maternel | D105: 56
C106: H370 : Risque avéré d’effets graves pour les organes | D106: 57
C107: H371 : Risque présumé d’effets graves pour les organes | D107: 58 | E107: x
C108: H372 : Risque avéré d’effets graves pour les organes à la suite d’expositions répétées ou d’une exposition prolongée | D108: 59
C109: H373 : Risque présumé d’effets graves pour les organes à la suite d’expositions répétées ou d’une exposition prolongée | D109: 60
C110: H400 : Très toxique pour les organismes aquatiques | D110: 61
C111: H410 : Très toxique pour les organismes aquatiques, entraîne des effets néfastes à long terme | D111: 62
C112: H411 : Toxique pour les organismes aquatiques, entraîne des effets néfastes à long terme | D112: 63
C113: H412 : Nocif pour les organismes aquatiques, entraîne des effets néfastes à long terme | D113: 64
C114: H413 : Peut être nocif à long terme pour les organismes aquatiques | D114: 65
C115: H420 : Nuit à la santé publique et à l’environnement en détruisant l’ozone dans la haute atmosphère | D115: 66
C116: Produit dangereux non soumis à fiche de données de sécurité | D116: 67
B119: C_01 | C119: Pas d'application
B120: C_02 | C120: Pas d'application
B121: C_03 | C121: Pas d'application
B122: C_04 | C122: 01
B123: C_05 | C123: 01
B124: C_06 | C124: 01 | D124: 2 | E124: 3
B125: C_07 | C125: 01 | D125: 2 | E125: 3
B126: C_08 | C126: 3
B127: C_09 | C127: 3
B128: C_10 | C128: Pas d'application
B129: C_11 | C129: Pas d'application
B130: C_12 | C130: Pas d'application
B131: C_13 | C131: Pas d'application
B132: C_14 | C132: Pas d'application
